Workbook
Name Adjusted_regulated_tax_liability: 'R8 - Tax'!$E$36:$I$36
Name Adjusted_regulated_tax_liability__Reporting_Year: 'R8 - Tax'!$E$36:$I$36
Name ARCMt: #REF!
Name ARtDR5: #REF!
Name AUM: #REF!
Name BMt_2: #REF!
Name BPC: #REF!
Name Business_Plan_Incentive: 'R1 - RoRE'!$D$71:$H$71
Name calendar_year: Data!$F$33:$L$33
Name CAS: #REF!
Name CGSPM: #REF!
Name CGSRA: #REF!
Name CIA: #REF!
Name CIB: #REF!
Name CIBt_2: #REF!
Name CIBt_3: #REF!
Name CIBt_4: #REF!
Name CIC: #REF!
Name CID: #REF!
Name CIE: #REF!
Name CIM: #REF!
Name CMLA: #REF!
Name CMLB: #REF!
Name CMLBt_2: #REF!
Name CMLBt_3: #REF!
Name CMLBt_4: #REF!
Name CMLC: #REF!
Name CMLD: #REF!
Name CMLE: #REF!
Name Combined_real_to_nominal_prices_conversion_factor__financial_year_end: Data!$F$36:$L$36
Name Corporate_Tax: Data!$C$13:$N$13
Name Cost_of_Equity: Data!$C$6
Name CPIRt: #REF!
Name CRC5B: #REF!
Name CRC5C: #REF!
Name CRC5E: #REF!
Name CRIRt: #REF!
Name CSADt: #REF!
Name CSAUt: #REF!
Name CSBDt: #REF!
Name CSBUt: #REF!
Name CSCDt: #REF!
Name CSCUt: #REF!
Name CT: #REF!
Name Debt_performance___at_notional_gearing: 'R1 - RoRE'!$D$90:$H$90
Name Debt_performance___impact_of_actual_gearing: 'R1 - RoRE'!$D$91:$H$91
Name DecimalPlaces: #REF!
Name DLGT: #REF!
Name DNOName: #REF!
Name DR5Q: #REF!
Name ENIA: #REF!
Name Equity_RAV_based_on_actual_gearing: 'R1 - RoRE'!$D$97:$H$97
Name Equity_Return_on_the_RAV: 'R1 - RoRE'!$D$69:$H$69
Name ESTR: #REF!
Name FPPR: #REF!
Name GAS: #REF!
Name GIM: #REF!
Name GPIRt: #REF!
Name GRIRt: #REF!
Name GTA: #REF!

Sheet RFPR cover
A2: Regulatory Financial Performance Report
A3: =Licensee -> NGET (TO)
B6: RIIO-2 start date (enter 2022 for 2021-22) | C6: {=INDEX(Data!$E$63:'Data'!$E$91,MATCH(Licensee,Data!$B$63:$B$91,0),0)} -> 2022
B7: Licensee | C7: NGET (TO) | G7: Input cells
B8: Sector | C8: =INDEX(Data!$A$63:$A$91,MATCH($C$7,Data!$B$63:$B$91,0),0)&"2" -> ET2 | G8: Totals cells (of formula within worksheet)
B9: Reporting Year: (e.g. enter 2022 for 2021-22) | C9: 2026 | G9: Linked cells
B10: Version (Number) | G10: Referencing to other workbooks (Eg. PCFM/ RRP)
B11: Submitted Date: | G11: Check cells
G12: No Input
G13: Descriptions and pack data

Sheet Data
A1: Network Operator Data
A2: =Licensee -> NGET (TO)
A3: =Reporting_Year -> 2026
B6: Cost of Equity | C6: =INDEX(O63:U91,MATCH(Licensee,Data!B63:B91,0),MATCH(Reporting_Year,Data!O62:U62,0)) -> 0.050933685 | F6: check £m | H6: ED | I6: £m 20/21
B7: Sharing Factor | C7: =SUMIF(Data!$B$62:$B$91,'RFPR cover'!C7,Data!$C$62:$C$91) -> 0.67 | F7: 0.1 | H7: ET | I7: £m 18/19
B8: Notional Gearing | C8: =SUMIF(Data!$B$62:$B$91,'RFPR cover'!C7,Data!$D$62:$D$91) -> 0.55 | H8: GD | I8: £m 18/19
B9: Price basis | C9: =INDEX(Data!$F$63:$F$91,MATCH('RFPR cover'!$C$7,Data!$B$63:$B$91,0),0) -> £m 18/19 | H9: GT | I9: £m 18/19
B10: Deadband threshold for materiality checks for use in R8a (Rows 31-93) | C10: 20.174788 | H10: ESO | I10: £m 18/19
B11: Deadband threshold for use in R8a (Row 95) | C11: 6.7249294
B13: Corporate Tax | C13: 0.19 | D13: 0.19 | E13: 0.19 | F13: 0.19 | G13: 0.19 | H13: 0.25 | I13: 0.25 | J13: 0.25 | K13: 0.25 | L13: 0.25 | M13: 0.25 | N13: 0.25
A15: GD&T | B15: Price indices*
B16: Actual / Forecast index | C16: =IF(VALUE(C18)<=Reporting_Year,"Actual","Forecast") -> Actual | D16: =IF(VALUE(D18)<=Reporting_Year,"Actual","Forecast") -> Actual | E16: =IF(VALUE(E18)<=Reporting_Year,"Actual","Forecast") -> Actual | F16: =IF(VALUE(F18)<=Reporting_Year,"Actual","Forecast") -> Actual | G16: =IF(VALUE(G18)<=Reporting_Year,"Actual","Forecast") -> Actual | H16: =IF(VALUE(H18)<=Reporting_Year,"Actual","Forecast") -> Actual | I16: =IF(VALUE(I18)<=Reporting_Year,"Actual","Forecast") -> Actual | J16: =IF(VALUE(J18)<=Reporting_Year,"Actual","Forecast") -> Actual | ... N16: =IF(VALUE(N18)<=Reporting_Year,"Actual","Forecast") -> Forecast
B17: Year end | C17: 43555 | D17: 43921 | E17: 44286 | F17: 44651 | G17: 45016 | H17: 45382 | I17: 45747 | J17: 46112 | K17: 46477 | L17: 46843 | M17: 47208 | N17: 47573
B18: Reporting Year | C18: 2019 | D18: 2020 | E18: 2021 | F18: 2022 | G18: 2023 | H18: 2024 | I18: 2025 | J18: 2026 | K18: 2027 | L18: 2028 | M18: 2029 | N18: 2030
B19: Financial Year Average RPI - CPIH (PIt) | C19: 283.30833 | D19: 290.64167 | E19: 294.16667 | F19: 307.32821 | G19: 334.29358 | H19: 352.83652 | I19: 364.17963 | J19: 377.96797 | K19: =J19*(1+K$22) -> 385.52733 | L19: =K19*(1+L$22) -> 393.23787 | M19: =L19*(1+M$22) -> 401.10263 | N19: =M19*(1+N$22) -> 409.12468
B20: Combined RPI-CPIH price index (financial year end) | C20: 286.65 | D20: 292.6 | E20: 298.42363 | F20: 319.91658 | G20: 346.54233 | H20: 358.36091 | I20: 371.94548 | J20: 383.8999 | K20: =J20*(1+K$22) -> 391.57789 | L20: =K20*(1+L$22) -> 399.40945 | M20: =L20*(1+M$22) -> 407.39764 | N20: =M20*(1+N$22) -> 415.54559
B21: Consumer Prices Index incl. housing costs (financial year average) | C21: 106.43333 | D21: 108.24167 | E21: 109.10833 | F21: 113.11667 | G21: 123.04167 | H21: 129.86667 | I21: 134.04167 | J21: 139.11667 | K21: =J21*(1+K$22) -> 141.899 | L21: =K21*(1+L$22) -> 144.73698 | M21: =L21*(1+M$22) -> 147.63172 | N21: =M21*(1+N$22) -> 150.58435
B22: Long term CPIH inflation forecast | K22: 0.02 | L22: 0.02 | M22: 0.02 | N22: 0.02 | O22: LTCPIHt
A24: ED2 | B24: Price Indices*
B25: Actual / Forecast index | C25: =IF(VALUE(C27)<=Reporting_Year,"Actual","Forecast") -> Actual | D25: =IF(VALUE(D27)<=Reporting_Year,"Actual","Forecast") -> Actual | E25: =IF(VALUE(E27)<=Reporting_Year,"Actual","Forecast") -> Actual | F25: =IF(VALUE(F27)<=Reporting_Year,"Actual","Forecast") -> Actual | G25: =IF(VALUE(G27)<=Reporting_Year,"Actual","Forecast") -> Actual | H25: =IF(VALUE(H27)<=Reporting_Year,"Actual","Forecast") -> Actual | I25: =IF(VALUE(I27)<=Reporting_Year,"Actual","Forecast") -> Actual | J25: =IF(VALUE(J27)<=Reporting_Year,"Actual","Forecast") -> Actual | ... N25: =IF(VALUE(N27)<=Reporting_Year,"Actual","Forecast") -> Forecast
B26: Year end | C26: 43555 | D26: 43921 | E26: 44286 | F26: 44651 | G26: 45016 | H26: 45382 | I26: 45747 | J26: 46112 | K26: 46477 | L26: 46843 | M26: 47208 | N26: 47573
B27: Reporting Year | C27: 2019 | D27: 2020 | E27: 2021 | F27: 2022 | G27: 2023 | H27: 2024 | I27: 2025 | J27: 2026 | K27: 2027 | L27: 2028 | M27: 2029 | N27: 2030
B28: Financial Year Average RPI - CPIH (PIt) | C28: 283.30833 | D28: 290.64167 | E28: 294.16667 | F28: 311.15833 | G28: 351.21667 | H28: 376.7165 | I28: 388.82732 | J28: 400.25 | K28: 408.5665 | L28: 416.71585 | M28: =L28*(1+M$22) -> 425.05017 | N28: =M28*(1+N$22) -> 433.55117
B29: Combined RPI-CPIH price index (financial year end) | C29: 286.65 | D29: 292.6 | E29: 299 | F29: 329.05 | G29: 369.68596 | H29: 382.61478 | I29: 395.31903 | J29: 404.48527 | K29: 412.61137 | L29: 420.50827 | M29: =L29*(1+M$22) -> 428.91844 | N29: =M29*(1+N$22) -> 437.49681
B31: Price Conversion Factors*
E32: =IF(E33<='RFPR cover'!$C$9,"Actuals","Forecast") -> Actuals | F32: =IF(F33<='RFPR cover'!$C$9,"Actuals","Forecast") -> Actuals | G32: =IF(G33<='RFPR cover'!$C$9,"Actuals","Forecast") -> Actuals | H32: =IF(H33<='RFPR cover'!$C$9,"Actuals","Forecast") -> Actuals | I32: =IF(I33<='RFPR cover'!$C$9,"Actuals","Forecast") -> Actuals | J32: =IF(J33<='RFPR cover'!$C$9,"Actuals","Forecast") -> Actuals | K32: =IF(K33<='RFPR cover'!$C$9,"Actuals","Forecast") -> Forecast | L32: =IF(L33<='RFPR cover'!$C$9,"Actuals","Forecast") -> Forecast
E33: 2021 | F33: =E33+1 -> 2022 | G33: =F33+1 -> 2023 | H33: =G33+1 -> 2024 | I33: =H33+1 -> 2025 | J33: =I33+1 -> 2026 | K33: =J33+1 -> 2027 | L33: =K33+1 -> 2028
D34: RPI-CPIH real to nominal prices CF | E34: =IF(SectorCov="ED2",E28/INDEX($C$28:$N$28,MATCH($E$27,$C$27:$N$27,0)),E19/INDEX($C$19:$N$19,MATCH($C$18,$C$18:$N$18,0))) -> 1.0383269 | F34: =IF(SectorCov="ED2",F28/INDEX($C$28:$N$28,MATCH($E$27,$C$27:$N$27,0)),F19/INDEX($C$19:$N$19,MATCH($C$18,$C$18:$N$18,0))) -> 1.0847835 | G34: =IF(SectorCov="ED2",G28/INDEX($C$28:$N$28,MATCH($E$27,$C$27:$N$27,0)),G19/INDEX($C$19:$N$19,MATCH($C$18,$C$18:$N$18,0))) -> 1.1799638 | H34: =IF(SectorCov="ED2",H28/INDEX($C$28:$N$28,MATCH($E$27,$C$27:$N$27,0)),H19/INDEX($C$19:$N$19,MATCH($C$18,$C$18:$N$18,0))) -> 1.2454152 | I34: =IF(SectorCov="ED2",I28/INDEX($C$28:$N$28,MATCH($E$27,$C$27:$N$27,0)),I19/INDEX($C$19:$N$19,MATCH($C$18,$C$18:$N$18,0))) -> 1.2854533 | J34: =IF(SectorCov="ED2",J28/INDEX($C$28:$N$28,MATCH($E$27,$C$27:$N$27,0)),J19/INDEX($C$19:$N$19,MATCH($C$18,$C$18:$N$18,0))) -> 1.3341223 | K34: =IF(SectorCov="ED2",K28/INDEX($C$28:$N$28,MATCH($E$27,$C$27:$N$27,0)),K19/INDEX($C$19:$N$19,MATCH($C$18,$C$18:$N$18,0))) -> 1.3608048 | L34: =IF(SectorCov="ED2",L28/INDEX($C$28:$N$28,MATCH($E$27,$C$27:$N$27,0)),L19/INDEX($C$19:$N$19,MATCH($C$18,$C$18:$N$18,0))) -> 1.3880209
D35: 1 year change in Fin Year Average RPI-CPIH | E35: =IF(Sector="ED2",INDEX(Data!$C$28:$N$28,MATCH(E$33,Data!$C$27:$N$27,0))/INDEX(Data!$C$28:$N$28,MATCH(E$33-1,Data!$C$27:$N$27,0)),INDEX(Data!$C$19:$N$19,MATCH(E$33,Data!$C$18:$N$18,0))/INDEX(Data!$C$19:$N$19,MATCH(E$33-1,Data!$C$18:$N$18,0))) -> 1.0121283 | F35: =IF(Sector="ED2",INDEX(Data!$C$28:$N$28,MATCH(F$33,Data!$C$27:$N$27,0))/INDEX(Data!$C$28:$N$28,MATCH(F$33-1,Data!$C$27:$N$27,0)),INDEX(Data!$C$19:$N$19,MATCH(F$33,Data!$C$18:$N$18,0))/INDEX(Data!$C$19:$N$19,MATCH(F$33-1,Data!$C$18:$N$18,0))) -> 1.0447418 | G35: =IF(Sector="ED2",INDEX(Data!$C$28:$N$28,MATCH(G$33,Data!$C$27:$N$27,0))/INDEX(Data!$C$28:$N$28,MATCH(G$33-1,Data!$C$27:$N$27,0)),INDEX(Data!$C$19:$N$19,MATCH(G$33,Data!$C$18:$N$18,0))/INDEX(Data!$C$19:$N$19,MATCH(G$33-1,Data!$C$18:$N$18,0))) -> 1.0877413 | H35: =IF(Sector="ED2",INDEX(Data!$C$28:$N$28,MATCH(H$33,Data!$C$27:$N$27,0))/INDEX(Data!$C$28:$N$28,MATCH(H$33-1,Data!$C$27:$N$27,0)),INDEX(Data!$C$19:$N$19,MATCH(H$33,Data!$C$18:$N$18,0))/INDEX(Data!$C$19:$N$19,MATCH(H$33-1,Data!$C$18:$N$18,0))) -> 1.055469 | I35: =IF(Sector="ED2",INDEX(Data!$C$28:$N$28,MATCH(I$33,Data!$C$27:$N$27,0))/INDEX(Data!$C$28:$N$28,MATCH(I$33-1,Data!$C$27:$N$27,0)),INDEX(Data!$C$19:$N$19,MATCH(I$33,Data!$C$18:$N$18,0))/INDEX(Data!$C$19:$N$19,MATCH(I$33-1,Data!$C$18:$N$18,0))) -> 1.0321484 | J35: =IF(Sector="ED2",INDEX(Data!$C$28:$N$28,MATCH(J$33,Data!$C$27:$N$27,0))/INDEX(Data!$C$28:$N$28,MATCH(J$33-1,Data!$C$27:$N$27,0)),INDEX(Data!$C$19:$N$19,MATCH(J$33,Data!$C$18:$N$18,0))/INDEX(Data!$C$19:$N$19,MATCH(J$33-1,Data!$C$18:$N$18,0))) -> 1.0378614 | K35: =IF(Sector="ED2",INDEX(Data!$C$28:$N$28,MATCH(K$33,Data!$C$27:$N$27,0))/INDEX(Data!$C$28:$N$28,MATCH(K$33-1,Data!$C$27:$N$27,0)),INDEX(Data!$C$19:$N$19,MATCH(K$33,Data!$C$18:$N$18,0))/INDEX(Data!$C$19:$N$19,MATCH(K$33-1,Data!$C$18:$N$18,0))) -> 1.02 | L35: =IF(Sector="ED2",INDEX(Data!$C$28:$N$28,MATCH(L$33,Data!$C$27:$N$27,0))/INDEX(Data!$C$28:$N$28,MATCH(L$33-1,Data!$C$27:$N$27,0)),INDEX(Data!$C$19:$N$19,MATCH(L$33,Data!$C$18:$N$18,0))/INDEX(Data!$C$19:$N$19,MATCH(L$33-1,Data!$C$18:$N$18,0))) -> 1.02
D36: Combined real to nominal prices conversion factor (financial year end) | E36: =IF(SectorCov="ED2",INDEX(Data!$C$29:$N$29,MATCH(E$33,Data!$C$27:$N$27,0))/Data!$E$28,INDEX(Data!$C$20:$N$20,MATCH(E$33,Data!$C$18:$N$18,0))/Data!$C$19) -> 1.0533528 | F36: =IF(SectorCov="ED2",INDEX(Data!$C$29:$N$29,MATCH(F$33,Data!$C$27:$N$27,0))/Data!$E$28,INDEX(Data!$C$20:$N$20,MATCH(F$33,Data!$C$18:$N$18,0))/Data!$C$19) -> 1.129217 | G36: =IF(SectorCov="ED2",INDEX(Data!$C$29:$N$29,MATCH(G$33,Data!$C$27:$N$27,0))/Data!$E$28,INDEX(Data!$C$20:$N$20,MATCH(G$33,Data!$C$18:$N$18,0))/Data!$C$19) -> 1.2231985 | H36: =IF(SectorCov="ED2",INDEX(Data!$C$29:$N$29,MATCH(H$33,Data!$C$27:$N$27,0))/Data!$E$28,INDEX(Data!$C$20:$N$20,MATCH(H$33,Data!$C$18:$N$18,0))/Data!$C$19) -> 1.2649148 | I36: =IF(SectorCov="ED2",INDEX(Data!$C$29:$N$29,MATCH(I$33,Data!$C$27:$N$27,0))/Data!$E$28,INDEX(Data!$C$20:$N$20,MATCH(I$33,Data!$C$18:$N$18,0))/Data!$C$19) -> 1.3128646 | J36: =IF(SectorCov="ED2",INDEX(Data!$C$29:$N$29,MATCH(J$33,Data!$C$27:$N$27,0))/Data!$E$28,INDEX(Data!$C$20:$N$20,MATCH(J$33,Data!$C$18:$N$18,0))/Data!$C$19) -> 1.3550604 | K36: =IF(SectorCov="ED2",INDEX(Data!$C$29:$N$29,MATCH(K$33,Data!$C$27:$N$27,0))/Data!$E$28,INDEX(Data!$C$20:$N$20,MATCH(K$33,Data!$C$18:$N$18,0))/Data!$C$19) -> 1.3821616 | L36: =IF(SectorCov="ED2",INDEX(Data!$C$29:$N$29,MATCH(L$33,Data!$C$27:$N$27,0))/Data!$E$28,INDEX(Data!$C$20:$N$20,MATCH(L$33,Data!$C$18:$N$18,0))/Data!$C$19) -> 1.4098048
B37: *Note: The price conversion factors are derived from price indices in line with the inflation methodology in the PCFM to reflect actuals through June sourced from Office of National Statistics i.e. ONS (Historical data - https://www.ons.gov.uk/economy/inflationandpriceindices/timeseries/l522/mm23) and the forecast from the Office of Budget Responsibility i.e. OBR (https://obr.uk/data). Please refer to chapter 2 of the Price Control Financial Handbook for more information.
B40: Allowed cost of debt %
C41: 2022 | D41: =C41+1 -> 2023 | E41: =D41+1 -> 2024 | F41: =E41+1 -> 2025 | G41: =F41+1 -> 2026 | H41: =G41+1 -> 2027 | I41: =H41+1 -> 2028
B42: SSES | E42: 0.0304 | F42: 0.0311 | G42: 0.0313 | H42: 0.0313 | I42: 0.0314
B43: NGED-EMID | E43: 0.0304 | F43: 0.0311 | G43: 0.0313 | H43: 0.0313 | I43: 0.0314
B44: UKPN-EPN | E44: 0.0304 | F44: 0.0311 | G44: 0.0313 | H44: 0.0313 | I44: 0.0314
B45: ED - excluding SSES,NGED-EMID,UKPN-EPN | E45: 0.031 | F45: 0.0317 | G45: 0.0319 | H45: 0.0319 | I45: 0.0319
B46: SHET | C46: 0.018184708 | D46: 0.015816904 | E46: 0.018016 | F46: 0.023111514 | G46: 0.02662107
B47: ET - excluding SHET | C47: 0.0205 | D47: 0.019 | E47: 0.0192 | F47: 0.0211 | G47: 0.0226
B48: GD | C48: 0.0205 | D48: 0.019 | E48: 0.0192 | F48: 0.0211 | G48: 0.0226
B49: GD with Uplift | C49: 0.0211 | D49: 0.0196 | E49: 0.0198 | F49: 0.0217 | G49: 0.0232
B50: GT | C50: 0.0205 | D50: 0.019 | E50: 0.0192 | F50: 0.0211 | G50: 0.0226
B51: ESO | C51: -0.0006 | D51: 0.0212 | E51: 0.0501 | F51: 0.0473 | G51: 0.0419
B53: Allowed cost of equity %
A54: Sector | C54: 2022 | D54: =C54+1 -> 2023 | E54: =D54+1 -> 2024 | F54: =E54+1 -> 2025 | G54: =F54+1 -> 2026 | H54: =G54+1 -> 2027 | I54: =H54+1 -> 2028
A55: ED2 | B55: ED | E55: 0.052833944 | F55: 0.055875458 | G55: 0.054475396 | H55: 0.054934037 | I55: 0.055127149
A56: ET2 | B56: ET | C56: 0.04243945 | D56: 0.042616093 | E56: 0.049096839 | F56: 0.052011518 | G56: 0.050933685
A57: GD2 | B57: GD | C57: 0.045181881 | D57: 0.045568105 | E57: 0.052833944 | F57: 0.055875458 | G57: 0.054475396
A58: GT2 | B58: GT | C58: 0.045181881 | D58: 0.045568105 | E58: 0.052833944 | F58: 0.055875458 | G58: 0.054475396
A59: ESO2 | B59: ESO | C59: 0.075718976 | D59: 0.07551008 | E59: 0.071580224 | F59: 0.069935168 | G59: 0.070313792
C61: Funding Adjustment Rate (Sharing Factor) | D61: Gearing | E61: RIIO2 Start FY | F61: Price Basis | G61: CoD Category | H61: Allowed cost of debt | O61: Allowed cost of equity
A62: Sector | B62: Default | H62: 2022 | I62: =H62+1 -> 2023 | J62: =I62+1 -> 2024 | K62: =J62+1 -> 2025 | L62: =K62+1 -> 2026 | M62: =L62+1 -> 2027 | N62: =M62+1 -> 2028 | O62: 2022 | P62: =O62+1 -> 2023 | Q62: =P62+1 -> 2024 | R62: =Q62+1 -> 2025 | S62: =R62+1 -> 2026 | T62: =S62+1 -> 2027 | U62: =T62+1 -> 2028
A63: ED | B63: ENWL | C63: 0.506 | D63: 0.6 | E63: 2024 | F63: =VLOOKUP($A63,$H$6:$I$10,2,FALSE) -> £m 20/21 | G63: ED - excluding SSES,NGED-EMID,UKPN-EPN | J63: =INDEX($C$42:$I$51,MATCH($G63,$B$42:$B$51,0),MATCH(J$62,$C$41:$I$41)) -> 0.031 | K63: =INDEX($C$42:$I$51,MATCH($G63,$B$42:$B$51,0),MATCH(K$62,$C$41:$I$41)) -> 0.0317 | L63: =INDEX($C$42:$I$51,MATCH($G63,$B$42:$B$51,0),MATCH(L$62,$C$41:$I$41)) -> 0.0319 | M63: =INDEX($C$42:$I$51,MATCH($G63,$B$42:$B$51,0),MATCH(M$62,$C$41:$I$41)) -> 0.0319 | N63: =INDEX($C$42:$I$51,MATCH($G63,$B$42:$B$51,0),MATCH(N$62,$C$41:$I$41)) -> 0.0319 | Q63: =INDEX($C$55:$I$59,MATCH($A63,$B$55:$B$59,0),MATCH(Q$62,$C$54:$I$54)) -> 0.052833944 | R63: =INDEX($C$55:$I$59,MATCH($A63,$B$55:$B$59,0),MATCH(R$62,$C$54:$I$54)) -> 0.055875458 | S63: =INDEX($C$55:$I$59,MATCH($A63,$B$55:$B$59,0),MATCH(S$62,$C$54:$I$54)) -> 0.054475396 | T63: =INDEX($C$55:$I$59,MATCH($A63,$B$55:$B$59,0),MATCH(T$62,$C$54:$I$54)) -> 0.054934037 | U63: =INDEX($C$55:$I$59,MATCH($A63,$B$55:$B$59,0),MATCH(U$62,$C$54:$I$54)) -> 0.055127149
A64: ED | B64: NPgN | C64: 0.501 | D64: 0.6 | E64: 2024 | F64: =VLOOKUP($A64,$H$6:$I$10,2,FALSE) -> £m 20/21 | G64: ED - excluding SSES,NGED-EMID,UKPN-EPN | J64: =INDEX($C$42:$I$51,MATCH($G64,$B$42:$B$51,0),MATCH(J$62,$C$41:$I$41)) -> 0.031 | K64: =INDEX($C$42:$I$51,MATCH($G64,$B$42:$B$51,0),MATCH(K$62,$C$41:$I$41)) -> 0.0317 | L64: =INDEX($C$42:$I$51,MATCH($G64,$B$42:$B$51,0),MATCH(L$62,$C$41:$I$41)) -> 0.0319 | M64: =INDEX($C$42:$I$51,MATCH($G64,$B$42:$B$51,0),MATCH(M$62,$C$41:$I$41)) -> 0.0319 | N64: =INDEX($C$42:$I$51,MATCH($G64,$B$42:$B$51,0),MATCH(N$62,$C$41:$I$41)) -> 0.0319 | Q64: =INDEX($C$55:$I$59,MATCH($A64,$B$55:$B$59,0),MATCH(Q$62,$C$54:$I$54)) -> 0.052833944 | R64: =INDEX($C$55:$I$59,MATCH($A64,$B$55:$B$59,0),MATCH(R$62,$C$54:$I$54)) -> 0.055875458 | S64: =INDEX($C$55:$I$59,MATCH($A64,$B$55:$B$59,0),MATCH(S$62,$C$54:$I$54)) -> 0.054475396 | T64: =INDEX($C$55:$I$59,MATCH($A64,$B$55:$B$59,0),MATCH(T$62,$C$54:$I$54)) -> 0.054934037 | U64: =INDEX($C$55:$I$59,MATCH($A64,$B$55:$B$59,0),MATCH(U$62,$C$54:$I$54)) -> 0.055127149
A65: ED | B65: NPgY | C65: 0.501 | D65: 0.6 | E65: 2024 | F65: =VLOOKUP($A65,$H$6:$I$10,2,FALSE) -> £m 20/21 | G65: ED - excluding SSES,NGED-EMID,UKPN-EPN | J65: =INDEX($C$42:$I$51,MATCH($G65,$B$42:$B$51,0),MATCH(J$62,$C$41:$I$41)) -> 0.031 | K65: =INDEX($C$42:$I$51,MATCH($G65,$B$42:$B$51,0),MATCH(K$62,$C$41:$I$41)) -> 0.0317 | L65: =INDEX($C$42:$I$51,MATCH($G65,$B$42:$B$51,0),MATCH(L$62,$C$41:$I$41)) -> 0.0319 | M65: =INDEX($C$42:$I$51,MATCH($G65,$B$42:$B$51,0),MATCH(M$62,$C$41:$I$41)) -> 0.0319 | N65: =INDEX($C$42:$I$51,MATCH($G65,$B$42:$B$51,0),MATCH(N$62,$C$41:$I$41)) -> 0.0319 | Q65: =INDEX($C$55:$I$59,MATCH($A65,$B$55:$B$59,0),MATCH(Q$62,$C$54:$I$54)) -> 0.052833944 | R65: =INDEX($C$55:$I$59,MATCH($A65,$B$55:$B$59,0),MATCH(R$62,$C$54:$I$54)) -> 0.055875458 | S65: =INDEX($C$55:$I$59,MATCH($A65,$B$55:$B$59,0),MATCH(S$62,$C$54:$I$54)) -> 0.054475396 | T65: =INDEX($C$55:$I$59,MATCH($A65,$B$55:$B$59,0),MATCH(T$62,$C$54:$I$54)) -> 0.054934037 | U65: =INDEX($C$55:$I$59,MATCH($A65,$B$55:$B$59,0),MATCH(U$62,$C$54:$I$54)) -> 0.055127149
A66: ED | B66: UKPN-EPN | C66: 0.5 | D66: 0.6 | E66: 2024 | F66: =VLOOKUP($A66,$H$6:$I$10,2,FALSE) -> £m 20/21 | G66: UKPN-EPN | J66: =INDEX($C$42:$I$51,MATCH($G66,$B$42:$B$51,0),MATCH(J$62,$C$41:$I$41)) -> 0.0304 | K66: =INDEX($C$42:$I$51,MATCH($G66,$B$42:$B$51,0),MATCH(K$62,$C$41:$I$41)) -> 0.0311 | L66: =INDEX($C$42:$I$51,MATCH($G66,$B$42:$B$51,0),MATCH(L$62,$C$41:$I$41)) -> 0.0313 | M66: =INDEX($C$42:$I$51,MATCH($G66,$B$42:$B$51,0),MATCH(M$62,$C$41:$I$41)) -> 0.0313 | N66: =INDEX($C$42:$I$51,MATCH($G66,$B$42:$B$51,0),MATCH(N$62,$C$41:$I$41)) -> 0.0314 | Q66: =INDEX($C$55:$I$59,MATCH($A66,$B$55:$B$59,0),MATCH(Q$62,$C$54:$I$54)) -> 0.052833944 | R66: =INDEX($C$55:$I$59,MATCH($A66,$B$55:$B$59,0),MATCH(R$62,$C$54:$I$54)) -> 0.055875458 | S66: =INDEX($C$55:$I$59,MATCH($A66,$B$55:$B$59,0),MATCH(S$62,$C$54:$I$54)) -> 0.054475396 | T66: =INDEX($C$55:$I$59,MATCH($A66,$B$55:$B$59,0),MATCH(T$62,$C$54:$I$54)) -> 0.054934037 | U66: =INDEX($C$55:$I$59,MATCH($A66,$B$55:$B$59,0),MATCH(U$62,$C$54:$I$54)) -> 0.055127149
A67: ED | B67: UKPN-LPN | C67: 0.5 | D67: 0.6 | E67: 2024 | F67: =VLOOKUP($A67,$H$6:$I$10,2,FALSE) -> £m 20/21 | G67: ED - excluding SSES,NGED-EMID,UKPN-EPN | J67: =INDEX($C$42:$I$51,MATCH($G67,$B$42:$B$51,0),MATCH(J$62,$C$41:$I$41)) -> 0.031 | K67: =INDEX($C$42:$I$51,MATCH($G67,$B$42:$B$51,0),MATCH(K$62,$C$41:$I$41)) -> 0.0317 | L67: =INDEX($C$42:$I$51,MATCH($G67,$B$42:$B$51,0),MATCH(L$62,$C$41:$I$41)) -> 0.0319 | M67: =INDEX($C$42:$I$51,MATCH($G67,$B$42:$B$51,0),MATCH(M$62,$C$41:$I$41)) -> 0.0319 | N67: =INDEX($C$42:$I$51,MATCH($G67,$B$42:$B$51,0),MATCH(N$62,$C$41:$I$41)) -> 0.0319 | Q67: =INDEX($C$55:$I$59,MATCH($A67,$B$55:$B$59,0),MATCH(Q$62,$C$54:$I$54)) -> 0.052833944 | R67: =INDEX($C$55:$I$59,MATCH($A67,$B$55:$B$59,0),MATCH(R$62,$C$54:$I$54)) -> 0.055875458 | S67: =INDEX($C$55:$I$59,MATCH($A67,$B$55:$B$59,0),MATCH(S$62,$C$54:$I$54)) -> 0.054475396 | T67: =INDEX($C$55:$I$59,MATCH($A67,$B$55:$B$59,0),MATCH(T$62,$C$54:$I$54)) -> 0.054934037 | U67: =INDEX($C$55:$I$59,MATCH($A67,$B$55:$B$59,0),MATCH(U$62,$C$54:$I$54)) -> 0.055127149
A68: ED | B68: UKPN-SPN | C68: 0.5 | D68: 0.6 | E68: 2024 | F68: =VLOOKUP($A68,$H$6:$I$10,2,FALSE) -> £m 20/21 | G68: ED - excluding SSES,NGED-EMID,UKPN-EPN | J68: =INDEX($C$42:$I$51,MATCH($G68,$B$42:$B$51,0),MATCH(J$62,$C$41:$I$41)) -> 0.031 | K68: =INDEX($C$42:$I$51,MATCH($G68,$B$42:$B$51,0),MATCH(K$62,$C$41:$I$41)) -> 0.0317 | L68: =INDEX($C$42:$I$51,MATCH($G68,$B$42:$B$51,0),MATCH(L$62,$C$41:$I$41)) -> 0.0319 | M68: =INDEX($C$42:$I$51,MATCH($G68,$B$42:$B$51,0),MATCH(M$62,$C$41:$I$41)) -> 0.0319 | N68: =INDEX($C$42:$I$51,MATCH($G68,$B$42:$B$51,0),MATCH(N$62,$C$41:$I$41)) -> 0.0319 | Q68: =INDEX($C$55:$I$59,MATCH($A68,$B$55:$B$59,0),MATCH(Q$62,$C$54:$I$54)) -> 0.052833944 | R68: =INDEX($C$55:$I$59,MATCH($A68,$B$55:$B$59,0),MATCH(R$62,$C$54:$I$54)) -> 0.055875458 | S68: =INDEX($C$55:$I$59,MATCH($A68,$B$55:$B$59,0),MATCH(S$62,$C$54:$I$54)) -> 0.054475396 | T68: =INDEX($C$55:$I$59,MATCH($A68,$B$55:$B$59,0),MATCH(T$62,$C$54:$I$54)) -> 0.054934037 | U68: =INDEX($C$55:$I$59,MATCH($A68,$B$55:$B$59,0),MATCH(U$62,$C$54:$I$54)) -> 0.055127149
A69: ED | B69: SPD | C69: 0.5 | D69: 0.6 | E69: 2024 | F69: =VLOOKUP($A69,$H$6:$I$10,2,FALSE) -> £m 20/21 | G69: ED - excluding SSES,NGED-EMID,UKPN-EPN | J69: =INDEX($C$42:$I$51,MATCH($G69,$B$42:$B$51,0),MATCH(J$62,$C$41:$I$41)) -> 0.031 | K69: =INDEX($C$42:$I$51,MATCH($G69,$B$42:$B$51,0),MATCH(K$62,$C$41:$I$41)) -> 0.0317 | L69: =INDEX($C$42:$I$51,MATCH($G69,$B$42:$B$51,0),MATCH(L$62,$C$41:$I$41)) -> 0.0319 | M69: =INDEX($C$42:$I$51,MATCH($G69,$B$42:$B$51,0),MATCH(M$62,$C$41:$I$41)) -> 0.0319 | N69: =INDEX($C$42:$I$51,MATCH($G69,$B$42:$B$51,0),MATCH(N$62,$C$41:$I$41)) -> 0.0319 | Q69: =INDEX($C$55:$I$59,MATCH($A69,$B$55:$B$59,0),MATCH(Q$62,$C$54:$I$54)) -> 0.052833944 | R69: =INDEX($C$55:$I$59,MATCH($A69,$B$55:$B$59,0),MATCH(R$62,$C$54:$I$54)) -> 0.055875458 | S69: =INDEX($C$55:$I$59,MATCH($A69,$B$55:$B$59,0),MATCH(S$62,$C$54:$I$54)) -> 0.054475396 | T69: =INDEX($C$55:$I$59,MATCH($A69,$B$55:$B$59,0),MATCH(T$62,$C$54:$I$54)) -> 0.054934037 | U69: =INDEX($C$55:$I$59,MATCH($A69,$B$55:$B$59,0),MATCH(U$62,$C$54:$I$54)) -> 0.055127149
A70: ED | B70: SPMW | C70: 0.5 | D70: 0.6 | E70: 2024 | F70: =VLOOKUP($A70,$H$6:$I$10,2,FALSE) -> £m 20/21 | G70: ED - excluding SSES,NGED-EMID,UKPN-EPN | J70: =INDEX($C$42:$I$51,MATCH($G70,$B$42:$B$51,0),MATCH(J$62,$C$41:$I$41)) -> 0.031 | K70: =INDEX($C$42:$I$51,MATCH($G70,$B$42:$B$51,0),MATCH(K$62,$C$41:$I$41)) -> 0.0317 | L70: =INDEX($C$42:$I$51,MATCH($G70,$B$42:$B$51,0),MATCH(L$62,$C$41:$I$41)) -> 0.0319 | M70: =INDEX($C$42:$I$51,MATCH($G70,$B$42:$B$51,0),MATCH(M$62,$C$41:$I$41)) -> 0.0319 | N70: =INDEX($C$42:$I$51,MATCH($G70,$B$42:$B$51,0),MATCH(N$62,$C$41:$I$41)) -> 0.0319 | Q70: =INDEX($C$55:$I$59,MATCH($A70,$B$55:$B$59,0),MATCH(Q$62,$C$54:$I$54)) -> 0.052833944 | R70: =INDEX($C$55:$I$59,MATCH($A70,$B$55:$B$59,0),MATCH(R$62,$C$54:$I$54)) -> 0.055875458 | S70: =INDEX($C$55:$I$59,MATCH($A70,$B$55:$B$59,0),MATCH(S$62,$C$54:$I$54)) -> 0.054475396 | T70: =INDEX($C$55:$I$59,MATCH($A70,$B$55:$B$59,0),MATCH(T$62,$C$54:$I$54)) -> 0.054934037 | U70: =INDEX($C$55:$I$59,MATCH($A70,$B$55:$B$59,0),MATCH(U$62,$C$54:$I$54)) -> 0.055127149
A71: ED | B71: SSEH | C71: 0.507 | D71: 0.6 | E71: 2024 | F71: =VLOOKUP($A71,$H$6:$I$10,2,FALSE) -> £m 20/21 | G71: ED - excluding SSES,NGED-EMID,UKPN-EPN | J71: =INDEX($C$42:$I$51,MATCH($G71,$B$42:$B$51,0),MATCH(J$62,$C$41:$I$41)) -> 0.031 | K71: =INDEX($C$42:$I$51,MATCH($G71,$B$42:$B$51,0),MATCH(K$62,$C$41:$I$41)) -> 0.0317 | L71: =INDEX($C$42:$I$51,MATCH($G71,$B$42:$B$51,0),MATCH(L$62,$C$41:$I$41)) -> 0.0319 | M71: =INDEX($C$42:$I$51,MATCH($G71,$B$42:$B$51,0),MATCH(M$62,$C$41:$I$41)) -> 0.0319 | N71: =INDEX($C$42:$I$51,MATCH($G71,$B$42:$B$51,0),MATCH(N$62,$C$41:$I$41)) -> 0.0319 | Q71: =INDEX($C$55:$I$59,MATCH($A71,$B$55:$B$59,0),MATCH(Q$62,$C$54:$I$54)) -> 0.052833944 | R71: =INDEX($C$55:$I$59,MATCH($A71,$B$55:$B$59,0),MATCH(R$62,$C$54:$I$54)) -> 0.055875458 | S71: =INDEX($C$55:$I$59,MATCH($A71,$B$55:$B$59,0),MATCH(S$62,$C$54:$I$54)) -> 0.054475396 | T71: =INDEX($C$55:$I$59,MATCH($A71,$B$55:$B$59,0),MATCH(T$62,$C$54:$I$54)) -> 0.054934037 | U71: =INDEX($C$55:$I$59,MATCH($A71,$B$55:$B$59,0),MATCH(U$62,$C$54:$I$54)) -> 0.055127149
A72: ED | B72: SSES | C72: 0.507 | D72: 0.6 | E72: 2024 | F72: =VLOOKUP($A72,$H$6:$I$10,2,FALSE) -> £m 20/21 | G72: SSES | J72: =INDEX($C$42:$I$51,MATCH($G72,$B$42:$B$51,0),MATCH(J$62,$C$41:$I$41)) -> 0.0304 | K72: =INDEX($C$42:$I$51,MATCH($G72,$B$42:$B$51,0),MATCH(K$62,$C$41:$I$41)) -> 0.0311 | L72: =INDEX($C$42:$I$51,MATCH($G72,$B$42:$B$51,0),MATCH(L$62,$C$41:$I$41)) -> 0.0313 | M72: =INDEX($C$42:$I$51,MATCH($G72,$B$42:$B$51,0),MATCH(M$62,$C$41:$I$41)) -> 0.0313 | N72: =INDEX($C$42:$I$51,MATCH($G72,$B$42:$B$51,0),MATCH(N$62,$C$41:$I$41)) -> 0.0314 | Q72: =INDEX($C$55:$I$59,MATCH($A72,$B$55:$B$59,0),MATCH(Q$62,$C$54:$I$54)) -> 0.052833944 | R72: =INDEX($C$55:$I$59,MATCH($A72,$B$55:$B$59,0),MATCH(R$62,$C$54:$I$54)) -> 0.055875458 | S72: =INDEX($C$55:$I$59,MATCH($A72,$B$55:$B$59,0),MATCH(S$62,$C$54:$I$54)) -> 0.054475396 | T72: =INDEX($C$55:$I$59,MATCH($A72,$B$55:$B$59,0),MATCH(T$62,$C$54:$I$54)) -> 0.054934037 | U72: =INDEX($C$55:$I$59,MATCH($A72,$B$55:$B$59,0),MATCH(U$62,$C$54:$I$54)) -> 0.055127149
A73: ED | B73: NGED-EMID | C73: 0.5 | D73: 0.6 | E73: 2024 | F73: =VLOOKUP($A73,$H$6:$I$10,2,FALSE) -> £m 20/21 | G73: NGED-EMID | J73: =INDEX($C$42:$I$51,MATCH($G73,$B$42:$B$51,0),MATCH(J$62,$C$41:$I$41)) -> 0.0304 | K73: =INDEX($C$42:$I$51,MATCH($G73,$B$42:$B$51,0),MATCH(K$62,$C$41:$I$41)) -> 0.0311 | L73: =INDEX($C$42:$I$51,MATCH($G73,$B$42:$B$51,0),MATCH(L$62,$C$41:$I$41)) -> 0.0313 | M73: =INDEX($C$42:$I$51,MATCH($G73,$B$42:$B$51,0),MATCH(M$62,$C$41:$I$41)) -> 0.0313 | N73: =INDEX($C$42:$I$51,MATCH($G73,$B$42:$B$51,0),MATCH(N$62,$C$41:$I$41)) -> 0.0314 | Q73: =INDEX($C$55:$I$59,MATCH($A73,$B$55:$B$59,0),MATCH(Q$62,$C$54:$I$54)) -> 0.052833944 | R73: =INDEX($C$55:$I$59,MATCH($A73,$B$55:$B$59,0),MATCH(R$62,$C$54:$I$54)) -> 0.055875458 | S73: =INDEX($C$55:$I$59,MATCH($A73,$B$55:$B$59,0),MATCH(S$62,$C$54:$I$54)) -> 0.054475396 | T73: =INDEX($C$55:$I$59,MATCH($A73,$B$55:$B$59,0),MATCH(T$62,$C$54:$I$54)) -> 0.054934037 | U73: =INDEX($C$55:$I$59,MATCH($A73,$B$55:$B$59,0),MATCH(U$62,$C$54:$I$54)) -> 0.055127149
A74: ED | B74: NGED-WMID | C74: 0.5 | D74: 0.6 | E74: 2024 | F74: =VLOOKUP($A74,$H$6:$I$10,2,FALSE) -> £m 20/21 | G74: ED - excluding SSES,NGED-EMID,UKPN-EPN | J74: =INDEX($C$42:$I$51,MATCH($G74,$B$42:$B$51,0),MATCH(J$62,$C$41:$I$41)) -> 0.031 | K74: =INDEX($C$42:$I$51,MATCH($G74,$B$42:$B$51,0),MATCH(K$62,$C$41:$I$41)) -> 0.0317 | L74: =INDEX($C$42:$I$51,MATCH($G74,$B$42:$B$51,0),MATCH(L$62,$C$41:$I$41)) -> 0.0319 | M74: =INDEX($C$42:$I$51,MATCH($G74,$B$42:$B$51,0),MATCH(M$62,$C$41:$I$41)) -> 0.0319 | N74: =INDEX($C$42:$I$51,MATCH($G74,$B$42:$B$51,0),MATCH(N$62,$C$41:$I$41)) -> 0.0319 | Q74: =INDEX($C$55:$I$59,MATCH($A74,$B$55:$B$59,0),MATCH(Q$62,$C$54:$I$54)) -> 0.052833944 | R74: =INDEX($C$55:$I$59,MATCH($A74,$B$55:$B$59,0),MATCH(R$62,$C$54:$I$54)) -> 0.055875458 | S74: =INDEX($C$55:$I$59,MATCH($A74,$B$55:$B$59,0),MATCH(S$62,$C$54:$I$54)) -> 0.054475396 | T74: =INDEX($C$55:$I$59,MATCH($A74,$B$55:$B$59,0),MATCH(T$62,$C$54:$I$54)) -> 0.054934037 | U74: =INDEX($C$55:$I$59,MATCH($A74,$B$55:$B$59,0),MATCH(U$62,$C$54:$I$54)) -> 0.055127149
... A76: ED | B76: NGED-SWEST | C76: 0.5 | D76: 0.6 | E76: 2024 | F76: =VLOOKUP($A76,$H$6:$I$10,2,FALSE) -> £m 20/21 | G76: ED - excluding SSES,NGED-EMID,UKPN-EPN | J76: =INDEX($C$42:$I$51,MATCH($G76,$B$42:$B$51,0),MATCH(J$62,$C$41:$I$41)) -> 0.031 | K76: =INDEX($C$42:$I$51,MATCH($G76,$B$42:$B$51,0),MATCH(K$62,$C$41:$I$41)) -> 0.0317 | L76: =INDEX($C$42:$I$51,MATCH($G76,$B$42:$B$51,0),MATCH(L$62,$C$41:$I$41)) -> 0.0319 | M76: =INDEX($C$42:$I$51,MATCH($G76,$B$42:$B$51,0),MATCH(M$62,$C$41:$I$41)) -> 0.0319 | N76: =INDEX($C$42:$I$51,MATCH($G76,$B$42:$B$51,0),MATCH(N$62,$C$41:$I$41)) -> 0.0319 | Q76: =INDEX($C$55:$I$59,MATCH($A76,$B$55:$B$59,0),MATCH(Q$62,$C$54:$I$54)) -> 0.052833944 | R76: =INDEX($C$55:$I$59,MATCH($A76,$B$55:$B$59,0),MATCH(R$62,$C$54:$I$54)) -> 0.055875458 | S76: =INDEX($C$55:$I$59,MATCH($A76,$B$55:$B$59,0),MATCH(S$62,$C$54:$I$54)) -> 0.054475396 | T76: =INDEX($C$55:$I$59,MATCH($A76,$B$55:$B$59,0),MATCH(T$62,$C$54:$I$54)) -> 0.054934037 | U76: =INDEX($C$55:$I$59,MATCH($A76,$B$55:$B$59,0),MATCH(U$62,$C$54:$I$54)) -> 0.055127149
A77: GD | B77: Cadent-EOE | C77: 0.5 | D77: 0.6 | E77: 2022 | F77: =VLOOKUP($A77,$H$6:$I$10,2,FALSE) -> £m 18/19 | G77: GD | H77: =INDEX($C$42:$I$51,MATCH($G77,$B$42:$B$51,0),MATCH(H$62,$C$41:$I$41)) -> 0.0205 | I77: =INDEX($C$42:$I$51,MATCH($G77,$B$42:$B$51,0),MATCH(I$62,$C$41:$I$41)) -> 0.019 | J77: =INDEX($C$42:$I$51,MATCH($G77,$B$42:$B$51,0),MATCH(J$62,$C$41:$I$41)) -> 0.0192 | K77: =INDEX($C$42:$I$51,MATCH($G77,$B$42:$B$51,0),MATCH(K$62,$C$41:$I$41)) -> 0.0211 | L77: =INDEX($C$42:$I$51,MATCH($G77,$B$42:$B$51,0),MATCH(L$62,$C$41:$I$41)) -> 0.0226 | O77: =INDEX($C$55:$I$59,MATCH($A77,$B$55:$B$59,0),MATCH(O$62,$C$54:$I$54)) -> 0.045181881 | P77: =INDEX($C$55:$I$59,MATCH($A77,$B$55:$B$59,0),MATCH(P$62,$C$54:$I$54)) -> 0.045568105 | Q77: =INDEX($C$55:$I$59,MATCH($A77,$B$55:$B$59,0),MATCH(Q$62,$C$54:$I$54)) -> 0.052833944 | R77: =INDEX($C$55:$I$59,MATCH($A77,$B$55:$B$59,0),MATCH(R$62,$C$54:$I$54)) -> 0.055875458 | S77: =INDEX($C$55:$I$59,MATCH($A77,$B$55:$B$59,0),MATCH(S$62,$C$54:$I$54)) -> 0.054475396
A78: GD | B78: Cadent-London | C78: 0.5 | D78: 0.6 | E78: 2022 | F78: =VLOOKUP($A78,$H$6:$I$10,2,FALSE) -> £m 18/19 | G78: GD | H78: =INDEX($C$42:$I$51,MATCH($G78,$B$42:$B$51,0),MATCH(H$62,$C$41:$I$41)) -> 0.0205 | I78: =INDEX($C$42:$I$51,MATCH($G78,$B$42:$B$51,0),MATCH(I$62,$C$41:$I$41)) -> 0.019 | J78: =INDEX($C$42:$I$51,MATCH($G78,$B$42:$B$51,0),MATCH(J$62,$C$41:$I$41)) -> 0.0192 | K78: =INDEX($C$42:$I$51,MATCH($G78,$B$42:$B$51,0),MATCH(K$62,$C$41:$I$41)) -> 0.0211 | L78: =INDEX($C$42:$I$51,MATCH($G78,$B$42:$B$51,0),MATCH(L$62,$C$41:$I$41)) -> 0.0226 | O78: =INDEX($C$55:$I$59,MATCH($A78,$B$55:$B$59,0),MATCH(O$62,$C$54:$I$54)) -> 0.045181881 | P78: =INDEX($C$55:$I$59,MATCH($A78,$B$55:$B$59,0),MATCH(P$62,$C$54:$I$54)) -> 0.045568105 | Q78: =INDEX($C$55:$I$59,MATCH($A78,$B$55:$B$59,0),MATCH(Q$62,$C$54:$I$54)) -> 0.052833944 | R78: =INDEX($C$55:$I$59,MATCH($A78,$B$55:$B$59,0),MATCH(R$62,$C$54:$I$54)) -> 0.055875458 | S78: =INDEX($C$55:$I$59,MATCH($A78,$B$55:$B$59,0),MATCH(S$62,$C$54:$I$54)) -> 0.054475396
A79: GD | B79: Cadent-WM | C79: 0.5 | D79: 0.6 | E79: 2022 | F79: =VLOOKUP($A79,$H$6:$I$10,2,FALSE) -> £m 18/19 | G79: GD | H79: =INDEX($C$42:$I$51,MATCH($G79,$B$42:$B$51,0),MATCH(H$62,$C$41:$I$41)) -> 0.0205 | I79: =INDEX($C$42:$I$51,MATCH($G79,$B$42:$B$51,0),MATCH(I$62,$C$41:$I$41)) -> 0.019 | J79: =INDEX($C$42:$I$51,MATCH($G79,$B$42:$B$51,0),MATCH(J$62,$C$41:$I$41)) -> 0.0192 | K79: =INDEX($C$42:$I$51,MATCH($G79,$B$42:$B$51,0),MATCH(K$62,$C$41:$I$41)) -> 0.0211 | L79: =INDEX($C$42:$I$51,MATCH($G79,$B$42:$B$51,0),MATCH(L$62,$C$41:$I$41)) -> 0.0226 | O79: =INDEX($C$55:$I$59,MATCH($A79,$B$55:$B$59,0),MATCH(O$62,$C$54:$I$54)) -> 0.045181881 | P79: =INDEX($C$55:$I$59,MATCH($A79,$B$55:$B$59,0),MATCH(P$62,$C$54:$I$54)) -> 0.045568105 | Q79: =INDEX($C$55:$I$59,MATCH($A79,$B$55:$B$59,0),MATCH(Q$62,$C$54:$I$54)) -> 0.052833944 | R79: =INDEX($C$55:$I$59,MATCH($A79,$B$55:$B$59,0),MATCH(R$62,$C$54:$I$54)) -> 0.055875458 | S79: =INDEX($C$55:$I$59,MATCH($A79,$B$55:$B$59,0),MATCH(S$62,$C$54:$I$54)) -> 0.054475396
A80: GD | B80: Cadent-NW | C80: 0.5 | D80: 0.6 | E80: 2022 | F80: =VLOOKUP($A80,$H$6:$I$10,2,FALSE) -> £m 18/19 | G80: GD | H80: =INDEX($C$42:$I$51,MATCH($G80,$B$42:$B$51,0),MATCH(H$62,$C$41:$I$41)) -> 0.0205 | I80: =INDEX($C$42:$I$51,MATCH($G80,$B$42:$B$51,0),MATCH(I$62,$C$41:$I$41)) -> 0.019 | J80: =INDEX($C$42:$I$51,MATCH($G80,$B$42:$B$51,0),MATCH(J$62,$C$41:$I$41)) -> 0.0192 | K80: =INDEX($C$42:$I$51,MATCH($G80,$B$42:$B$51,0),MATCH(K$62,$C$41:$I$41)) -> 0.0211 | L80: =INDEX($C$42:$I$51,MATCH($G80,$B$42:$B$51,0),MATCH(L$62,$C$41:$I$41)) -> 0.0226 | O80: =INDEX($C$55:$I$59,MATCH($A80,$B$55:$B$59,0),MATCH(O$62,$C$54:$I$54)) -> 0.045181881 | P80: =INDEX($C$55:$I$59,MATCH($A80,$B$55:$B$59,0),MATCH(P$62,$C$54:$I$54)) -> 0.045568105 | Q80: =INDEX($C$55:$I$59,MATCH($A80,$B$55:$B$59,0),MATCH(Q$62,$C$54:$I$54)) -> 0.052833944 | R80: =INDEX($C$55:$I$59,MATCH($A80,$B$55:$B$59,0),MATCH(R$62,$C$54:$I$54)) -> 0.055875458 | S80: =INDEX($C$55:$I$59,MATCH($A80,$B$55:$B$59,0),MATCH(S$62,$C$54:$I$54)) -> 0.054475396
A81: GD | B81: NGN | C81: 0.51 | D81: 0.6 | E81: 2022 | F81: =VLOOKUP($A81,$H$6:$I$10,2,FALSE) -> £m 18/19 | G81: GD with Uplift | H81: =INDEX($C$42:$I$51,MATCH($G81,$B$42:$B$51,0),MATCH(H$62,$C$41:$I$41)) -> 0.0211 | I81: =INDEX($C$42:$I$51,MATCH($G81,$B$42:$B$51,0),MATCH(I$62,$C$41:$I$41)) -> 0.0196 | J81: =INDEX($C$42:$I$51,MATCH($G81,$B$42:$B$51,0),MATCH(J$62,$C$41:$I$41)) -> 0.0198 | K81: =INDEX($C$42:$I$51,MATCH($G81,$B$42:$B$51,0),MATCH(K$62,$C$41:$I$41)) -> 0.0217 | L81: =INDEX($C$42:$I$51,MATCH($G81,$B$42:$B$51,0),MATCH(L$62,$C$41:$I$41)) -> 0.0232 | O81: =INDEX($C$55:$I$59,MATCH($A81,$B$55:$B$59,0),MATCH(O$62,$C$54:$I$54)) -> 0.045181881 | P81: =INDEX($C$55:$I$59,MATCH($A81,$B$55:$B$59,0),MATCH(P$62,$C$54:$I$54)) -> 0.045568105 | Q81: =INDEX($C$55:$I$59,MATCH($A81,$B$55:$B$59,0),MATCH(Q$62,$C$54:$I$54)) -> 0.052833944 | R81: =INDEX($C$55:$I$59,MATCH($A81,$B$55:$B$59,0),MATCH(R$62,$C$54:$I$54)) -> 0.055875458 | S81: =INDEX($C$55:$I$59,MATCH($A81,$B$55:$B$59,0),MATCH(S$62,$C$54:$I$54)) -> 0.054475396
A82: GD | B82: SGN - Scotland | C82: 0.51 | D82: 0.6 | E82: 2022 | F82: =VLOOKUP($A82,$H$6:$I$10,2,FALSE) -> £m 18/19 | G82: GD with Uplift | H82: =INDEX($C$42:$I$51,MATCH($G82,$B$42:$B$51,0),MATCH(H$62,$C$41:$I$41)) -> 0.0211 | I82: =INDEX($C$42:$I$51,MATCH($G82,$B$42:$B$51,0),MATCH(I$62,$C$41:$I$41)) -> 0.0196 | J82: =INDEX($C$42:$I$51,MATCH($G82,$B$42:$B$51,0),MATCH(J$62,$C$41:$I$41)) -> 0.0198 | K82: =INDEX($C$42:$I$51,MATCH($G82,$B$42:$B$51,0),MATCH(K$62,$C$41:$I$41)) -> 0.0217 | L82: =INDEX($C$42:$I$51,MATCH($G82,$B$42:$B$51,0),MATCH(L$62,$C$41:$I$41)) -> 0.0232 | O82: =INDEX($C$55:$I$59,MATCH($A82,$B$55:$B$59,0),MATCH(O$62,$C$54:$I$54)) -> 0.045181881 | P82: =INDEX($C$55:$I$59,MATCH($A82,$B$55:$B$59,0),MATCH(P$62,$C$54:$I$54)) -> 0.045568105 | Q82: =INDEX($C$55:$I$59,MATCH($A82,$B$55:$B$59,0),MATCH(Q$62,$C$54:$I$54)) -> 0.052833944 | R82: =INDEX($C$55:$I$59,MATCH($A82,$B$55:$B$59,0),MATCH(R$62,$C$54:$I$54)) -> 0.055875458 | S82: =INDEX($C$55:$I$59,MATCH($A82,$B$55:$B$59,0),MATCH(S$62,$C$54:$I$54)) -> 0.054475396
A83: GD | B83: SGN - Southern | C83: 0.5 | D83: 0.6 | E83: 2022 | F83: =VLOOKUP($A83,$H$6:$I$10,2,FALSE) -> £m 18/19 | G83: GD | H83: =INDEX($C$42:$I$51,MATCH($G83,$B$42:$B$51,0),MATCH(H$62,$C$41:$I$41)) -> 0.0205 | I83: =INDEX($C$42:$I$51,MATCH($G83,$B$42:$B$51,0),MATCH(I$62,$C$41:$I$41)) -> 0.019 | J83: =INDEX($C$42:$I$51,MATCH($G83,$B$42:$B$51,0),MATCH(J$62,$C$41:$I$41)) -> 0.0192 | K83: =INDEX($C$42:$I$51,MATCH($G83,$B$42:$B$51,0),MATCH(K$62,$C$41:$I$41)) -> 0.0211 | L83: =INDEX($C$42:$I$51,MATCH($G83,$B$42:$B$51,0),MATCH(L$62,$C$41:$I$41)) -> 0.0226 | O83: =INDEX($C$55:$I$59,MATCH($A83,$B$55:$B$59,0),MATCH(O$62,$C$54:$I$54)) -> 0.045181881 | P83: =INDEX($C$55:$I$59,MATCH($A83,$B$55:$B$59,0),MATCH(P$62,$C$54:$I$54)) -> 0.045568105 | Q83: =INDEX($C$55:$I$59,MATCH($A83,$B$55:$B$59,0),MATCH(Q$62,$C$54:$I$54)) -> 0.052833944 | R83: =INDEX($C$55:$I$59,MATCH($A83,$B$55:$B$59,0),MATCH(R$62,$C$54:$I$54)) -> 0.055875458 | S83: =INDEX($C$55:$I$59,MATCH($A83,$B$55:$B$59,0),MATCH(S$62,$C$54:$I$54)) -> 0.054475396
A84: GD | B84: WWU | C84: 0.5 | D84: 0.6 | E84: 2022 | F84: =VLOOKUP($A84,$H$6:$I$10,2,FALSE) -> £m 18/19 | G84: GD with Uplift | H84: =INDEX($C$42:$I$51,MATCH($G84,$B$42:$B$51,0),MATCH(H$62,$C$41:$I$41)) -> 0.0211 | I84: =INDEX($C$42:$I$51,MATCH($G84,$B$42:$B$51,0),MATCH(I$62,$C$41:$I$41)) -> 0.0196 | J84: =INDEX($C$42:$I$51,MATCH($G84,$B$42:$B$51,0),MATCH(J$62,$C$41:$I$41)) -> 0.0198 | K84: =INDEX($C$42:$I$51,MATCH($G84,$B$42:$B$51,0),MATCH(K$62,$C$41:$I$41)) -> 0.0217 | L84: =INDEX($C$42:$I$51,MATCH($G84,$B$42:$B$51,0),MATCH(L$62,$C$41:$I$41)) -> 0.0232 | O84: =INDEX($C$55:$I$59,MATCH($A84,$B$55:$B$59,0),MATCH(O$62,$C$54:$I$54)) -> 0.045181881 | P84: =INDEX($C$55:$I$59,MATCH($A84,$B$55:$B$59,0),MATCH(P$62,$C$54:$I$54)) -> 0.045568105 | Q84: =INDEX($C$55:$I$59,MATCH($A84,$B$55:$B$59,0),MATCH(Q$62,$C$54:$I$54)) -> 0.052833944 | R84: =INDEX($C$55:$I$59,MATCH($A84,$B$55:$B$59,0),MATCH(R$62,$C$54:$I$54)) -> 0.055875458 | S84: =INDEX($C$55:$I$59,MATCH($A84,$B$55:$B$59,0),MATCH(S$62,$C$54:$I$54)) -> 0.054475396
A85: GT | B85: NGGT (TO) | C85: 0.61 | D85: 0.6 | E85: 2022 | F85: =VLOOKUP($A85,$H$6:$I$10,2,FALSE) -> £m 18/19 | G85: GT | H85: =INDEX($C$42:$I$51,MATCH($G85,$B$42:$B$51,0),MATCH(H$62,$C$41:$I$41)) -> 0.0205 | I85: =INDEX($C$42:$I$51,MATCH($G85,$B$42:$B$51,0),MATCH(I$62,$C$41:$I$41)) -> 0.019 | J85: =INDEX($C$42:$I$51,MATCH($G85,$B$42:$B$51,0),MATCH(J$62,$C$41:$I$41)) -> 0.0192 | K85: =INDEX($C$42:$I$51,MATCH($G85,$B$42:$B$51,0),MATCH(K$62,$C$41:$I$41)) -> 0.0211 | L85: =INDEX($C$42:$I$51,MATCH($G85,$B$42:$B$51,0),MATCH(L$62,$C$41:$I$41)) -> 0.0226 | O85: =INDEX($C$55:$I$59,MATCH($A85,$B$55:$B$59,0),MATCH(O$62,$C$54:$I$54)) -> 0.045181881 | P85: =INDEX($C$55:$I$59,MATCH($A85,$B$55:$B$59,0),MATCH(P$62,$C$54:$I$54)) -> 0.045568105 | Q85: =INDEX($C$55:$I$59,MATCH($A85,$B$55:$B$59,0),MATCH(Q$62,$C$54:$I$54)) -> 0.052833944 | R85: =INDEX($C$55:$I$59,MATCH($A85,$B$55:$B$59,0),MATCH(R$62,$C$54:$I$54)) -> 0.055875458 | S85: =INDEX($C$55:$I$59,MATCH($A85,$B$55:$B$59,0),MATCH(S$62,$C$54:$I$54)) -> 0.054475396
A86: GT | B86: NGGT (SO) | C86: 0.61 | D86: 0.6 | E86: 2022 | F86: =VLOOKUP($A86,$H$6:$I$10,2,FALSE) -> £m 18/19 | G86: GT | H86: =INDEX($C$42:$I$51,MATCH($G86,$B$42:$B$51,0),MATCH(H$62,$C$41:$I$41)) -> 0.0205 | I86: =INDEX($C$42:$I$51,MATCH($G86,$B$42:$B$51,0),MATCH(I$62,$C$41:$I$41)) -> 0.019 | J86: =INDEX($C$42:$I$51,MATCH($G86,$B$42:$B$51,0),MATCH(J$62,$C$41:$I$41)) -> 0.0192 | K86: =INDEX($C$42:$I$51,MATCH($G86,$B$42:$B$51,0),MATCH(K$62,$C$41:$I$41)) -> 0.0211 | L86: =INDEX($C$42:$I$51,MATCH($G86,$B$42:$B$51,0),MATCH(L$62,$C$41:$I$41)) -> 0.0226 | O86: =INDEX($C$55:$I$59,MATCH($A86,$B$55:$B$59,0),MATCH(O$62,$C$54:$I$54)) -> 0.045181881 | P86: =INDEX($C$55:$I$59,MATCH($A86,$B$55:$B$59,0),MATCH(P$62,$C$54:$I$54)) -> 0.045568105 | Q86: =INDEX($C$55:$I$59,MATCH($A86,$B$55:$B$59,0),MATCH(Q$62,$C$54:$I$54)) -> 0.052833944 | R86: =INDEX($C$55:$I$59,MATCH($A86,$B$55:$B$59,0),MATCH(R$62,$C$54:$I$54)) -> 0.055875458 | S86: =INDEX($C$55:$I$59,MATCH($A86,$B$55:$B$59,0),MATCH(S$62,$C$54:$I$54)) -> 0.054475396
A87: GT | B87: NGGT (TO+SO) | C87: 0.61 | D87: 0.6 | E87: 2022 | F87: =VLOOKUP($A87,$H$6:$I$10,2,FALSE) -> £m 18/19 | G87: GT | H87: =INDEX($C$42:$I$51,MATCH($G87,$B$42:$B$51,0),MATCH(H$62,$C$41:$I$41)) -> 0.0205 | I87: =INDEX($C$42:$I$51,MATCH($G87,$B$42:$B$51,0),MATCH(I$62,$C$41:$I$41)) -> 0.019 | J87: =INDEX($C$42:$I$51,MATCH($G87,$B$42:$B$51,0),MATCH(J$62,$C$41:$I$41)) -> 0.0192 | K87: =INDEX($C$42:$I$51,MATCH($G87,$B$42:$B$51,0),MATCH(K$62,$C$41:$I$41)) -> 0.0211 | L87: =INDEX($C$42:$I$51,MATCH($G87,$B$42:$B$51,0),MATCH(L$62,$C$41:$I$41)) -> 0.0226 | O87: =INDEX($C$55:$I$59,MATCH($A87,$B$55:$B$59,0),MATCH(O$62,$C$54:$I$54)) -> 0.045181881 | P87: =INDEX($C$55:$I$59,MATCH($A87,$B$55:$B$59,0),MATCH(P$62,$C$54:$I$54)) -> 0.045568105 | Q87: =INDEX($C$55:$I$59,MATCH($A87,$B$55:$B$59,0),MATCH(Q$62,$C$54:$I$54)) -> 0.052833944 | R87: =INDEX($C$55:$I$59,MATCH($A87,$B$55:$B$59,0),MATCH(R$62,$C$54:$I$54)) -> 0.055875458 | S87: =INDEX($C$55:$I$59,MATCH($A87,$B$55:$B$59,0),MATCH(S$62,$C$54:$I$54)) -> 0.054475396
A88: ET | B88: NGET (TO) | C88: 0.67 | D88: 0.55 | E88: 2022 | F88: =VLOOKUP($A88,$H$6:$I$10,2,FALSE) -> £m 18/19 | G88: ET - excluding SHET | H88: =INDEX($C$42:$I$51,MATCH($G88,$B$42:$B$51,0),MATCH(H$62,$C$41:$I$41)) -> 0.0205 | I88: =INDEX($C$42:$I$51,MATCH($G88,$B$42:$B$51,0),MATCH(I$62,$C$41:$I$41)) -> 0.019 | J88: =INDEX($C$42:$I$51,MATCH($G88,$B$42:$B$51,0),MATCH(J$62,$C$41:$I$41)) -> 0.0192 | K88: =INDEX($C$42:$I$51,MATCH($G88,$B$42:$B$51,0),MATCH(K$62,$C$41:$I$41)) -> 0.0211 | L88: =INDEX($C$42:$I$51,MATCH($G88,$B$42:$B$51,0),MATCH(L$62,$C$41:$I$41)) -> 0.0226 | O88: =INDEX($C$55:$I$59,MATCH($A88,$B$55:$B$59,0),MATCH(O$62,$C$54:$I$54)) -> 0.04243945 | P88: =INDEX($C$55:$I$59,MATCH($A88,$B$55:$B$59,0),MATCH(P$62,$C$54:$I$54)) -> 0.042616093 | Q88: =INDEX($C$55:$I$59,MATCH($A88,$B$55:$B$59,0),MATCH(Q$62,$C$54:$I$54)) -> 0.049096839 | R88: =INDEX($C$55:$I$59,MATCH($A88,$B$55:$B$59,0),MATCH(R$62,$C$54:$I$54)) -> 0.052011518 | S88: =INDEX($C$55:$I$59,MATCH($A88,$B$55:$B$59,0),MATCH(S$62,$C$54:$I$54)) -> 0.050933685
... A91: ET | B91: SHET | C91: 0.64 | D91: 0.55 | E91: 2022 | F91: =VLOOKUP($A91,$H$6:$I$10,2,FALSE) -> £m 18/19 | G91: SHET | H91: =INDEX($C$42:$I$51,MATCH($G91,$B$42:$B$51,0),MATCH(H$62,$C$41:$I$41)) -> 0.018184708 | I91: =INDEX($C$42:$I$51,MATCH($G91,$B$42:$B$51,0),MATCH(I$62,$C$41:$I$41)) -> 0.015816904 | J91: =INDEX($C$42:$I$51,MATCH($G91,$B$42:$B$51,0),MATCH(J$62,$C$41:$I$41)) -> 0.018016 | K91: =INDEX($C$42:$I$51,MATCH($G91,$B$42:$B$51,0),MATCH(K$62,$C$41:$I$41)) -> 0.023111514 | L91: =INDEX($C$42:$I$51,MATCH($G91,$B$42:$B$51,0),MATCH(L$62,$C$41:$I$41)) -> 0.02662107 | O91: =INDEX($C$55:$I$59,MATCH($A91,$B$55:$B$59,0),MATCH(O$62,$C$54:$I$54)) -> 0.04243945 | P91: =INDEX($C$55:$I$59,MATCH($A91,$B$55:$B$59,0),MATCH(P$62,$C$54:$I$54)) -> 0.042616093 | Q91: =INDEX($C$55:$I$59,MATCH($A91,$B$55:$B$59,0),MATCH(Q$62,$C$54:$I$54)) -> 0.049096839 | R91: =INDEX($C$55:$I$59,MATCH($A91,$B$55:$B$59,0),MATCH(R$62,$C$54:$I$54)) -> 0.052011518 | S91: =INDEX($C$55:$I$59,MATCH($A91,$B$55:$B$59,0),MATCH(S$62,$C$54:$I$54)) -> 0.050933685
B97: Business Plan Incentive (BPIt) | C97: 2022 | D97: =C97+1 -> 2023 | E97: =D97+1 -> 2024 | F97: =E97+1 -> 2025 | G97: =F97+1 -> 2026 | H97: =G97+1 -> 2027 | I97: =H97+1 -> 2028
B98: ENWL | E98: 0 | F98: 0 | G98: 0 | H98: 0 | I98: 0
B99: NPgN | E99: 0 | F99: 0 | G99: 0 | H99: 0 | I99: 0
B100: NPgY | E100: 0 | F100: 0 | G100: 0 | H100: 0 | I100: 0
B101: UKPN-EPN | E101: 0 | F101: 0 | G101: 0 | H101: 0 | I101: 0
B102: UKPN-LPN | E102: 0.95193543 | F102: 0.95193543 | G102: 0.95193543 | H102: 0.95193543 | I102: 0.95193543
B103: UKPN-SPN | E103: 4.1422259 | F103: 4.1422259 | G103: 4.1422259 | H103: 4.1422259 | I103: 4.1422259
B104: SPD | E104: 0 | F104: 0 | G104: 0 | H104: 0 | I104: 0
B105: SPMW | E105: 0 | F105: 0 | G105: 0 | H105: 0 | I105: 0
B106: SSEH | E106: 1.235 | F106: 0 | G106: 0 | H106: 0 | I106: 0
B107: SSES | E107: 2.305 | F107: 0 | G107: 0 | H107: 0 | I107: 0
B108: NGED-EMID | E108: 1.38 | F108: 0 | G108: 0 | H108: 0 | I108: 0
B109: NGED-WMID | E109: 1.38 | F109: 0 | G109: 0 | H109: 0 | I109: 0
... B111: NGED-SWEST | E111: 1.15 | F111: 0 | G111: 0 | H111: 0 | I111: 0
B112: Cadent-EOE | C112: 0.2394168 | D112: 0.2394168 | E112: 0.2394168 | F112: 0.2394168 | G112: 0.2394168
B113: Cadent-London | C113: -1.1368684e-15 | D113: -1.1368684e-15 | E113: -1.1368684e-15 | F113: -1.1368684e-15 | G113: -1.1368684e-15
B114: Cadent-WM | C114: -0.0070993073 | D114: -0.0070993073 | E114: -0.0070993073 | F114: -0.0070993073 | G114: -0.0070993073
B115: Cadent-NW | C115: -0.0072862332 | D115: -0.0072862332 | E115: -0.0072862332 | F115: -0.0072862332 | G115: -0.0072862332
B116: NGN | C116: 1.149006 | D116: 1.149006 | E116: 1.149006 | F116: 1.149006 | G116: 1.149006
B117: SGN - Scotland | C117: 0 | D117: 0 | E117: 0 | F117: 0 | G117: 0
B118: SGN - Southern | C118: 0 | D118: 0 | E118: 0 | F118: 0 | G118: 0
B119: WWU | C119: 0 | D119: 0 | E119: 0 | F119: 0 | G119: 0
...

Sheet Content & Version Control
A1: Version control
A2: =Licensee -> NGET (TO)
A3: =Reporting_Year -> 2026
B6: Version:
B8: Submission | C8: Date submitted | D8: Changes
B9: Submission 1
B10: Submission 2
B11: Submission 3
B12: Submission 4
B13: Submission 5
B14: Submission 6
B15: Submission 7
B16: Submission 8
B17: Submission 9
B18: Submission 10
B21: R1 - RoRE
B22: R2 - Rec to Revenue and Profit
... B39: I2 - Monthly Inflation

Sheet Change log
A1: Change log
A2: =Licensee -> NGET (TO)
A3: =Reporting_Year -> 2026
A5: Version | B5: Table Reference | C5: Changes made to RFPR template | D5: Raised By
A6: V2.0 | B6: R2 - row 24 (RRt) | C6: Changed the description to add "per latest PCFM" for more clarity. Guidance document has also been amended. | D6: Ofgem
A7: V2.0 | B7: R8 - Row 21 | C7: Corrected cell references in formula | D7: Ofgem
A8: V2.0 | B8: R3 - row 116, 121, 133, 142 | C8: Changed the description to '[Input description, add additional rows as required]' | D8: Ofgem
A9: V2.0 | B9: R3 - Rows 36 and 37 | C9: Copied and rolled-over D36:D37 formula into future years | D9: Ofgem
A10: V2.0 | B10: R1 - J22:K28 and J49:K55 | C10: Corrected cell references in formula for 'cumulative' and RIIO-2 period' | D10: Ofgem
A11: V2.0 | B11: R2 - Rec to Revenue and Profit | C11: Row 103 formula corrected (was sum now difference) | D11: ESO/NGGT(TO)/NGGT(SO)/NGET(TO)
A12: V2.0 | B12: R3 - Row 194 & 196 | C12: Added formula/ corrected cell references in formula | D12: ESO/NGGT(TO)/SPT/NGET
A13: V2.0 | B13: R1 row 76 | C13: Formula in J75:K75 dragged down to populate row 76 which was blank. | D13: NGGT(SO)
A14: V2.0 | B14: R8 Row 21 | C14: Included if function because top half R8 only completed for actuals on a T+1 basis; therefore if forecast, amount should be zero | D14: WWU
A15: V2.0 | B15: R3 | C15: Formula in row 198 amended to compare to row 196 not 194 | D15: WWU/SPT
A16: V2.0 | B16: R7 - RAV | C16: Formulas in row 5 amended to reflect show that RAV totals in AIP 2021 PCFM are not actuals, therefore flag should remain as forecast until the AIP after the Reg year has passed (as was the case in RIIO-1). For example RAV value in 21/22 AIP for 21/22 was not an actual and therefore the check in row 27 should not be activated until the next regulatory year. AIP 2022 will contain the actual 21/22 RAV value and therefore a check to ensure this matches can be incorporated from 22/23 onwards. | D16: SPT
... A43: V2.0 | B43: Data M339- M367 | C43: Incorporated a new table to change values to nominal that feed into materiality check in row 95 (tax charge) | D43: Ofgem
B44: Data tab - Cell C10 | C44: Added to lookup deadband threshold values from Table 2 (M04-S332) for materiality checks for use in R8a (Rows 44-93) | D44: Ofgem
B45: Data tab - Cell C11 | C45: Added to lookup deadband threshold values from Table 3 (M04-S332) for materiality checks for use in R8a - Tax charge (Row95) | D45: Ofgem
A46: V2.0 | B46: Data D273-D274 | C46: Added in Data tab “Swap pay leg – finco back to back” in D273, and “Swap receive leg – finco back to back” in D274. | D46: Ofgem
A47: V2.0 | B47: R8a | C47: Previous version of Col I and J deleted | D47: Ofgem
A48: V2.0 | B48: R8a | C48: Deleted materiality checks from row 31 and above as it's not mandatory for licensees to explain those differences | D48: Ofgem
A49: V2.0 | B49: R8a | C49: Corrected formula in col L to look up correct cell references | D49: SPEN, ESO, NGET
A50: V2.0 | B50: R8a | C50: Removed the word 'turnover' in cells A35, A38 and A41 | D50: ESO, NGET
A51: V2.0 | B51: R8 | C51: Changed the label in cell B11 and description in cell J11 | D51: SPEN, ESO
A52: V2.0 | B52: R3 | C52: Labels are now fomula driven in cells B11 and B45 to include "repex" term only referring to GD2 | D52: SPEN
A53: V2.0 | B53: R8 - Cell J11 | C53: Comment amended to - "R8 row 11 must match with worksheet R8a row 95 minus regulatory adjustments." | D53: SPEN
A54: V2.0 | B54: R4 | C54: Added formulae/ logic to generate cumulative values in col I and J | D54: Ofgem
A55: v2.0 | B55: R6 | C55: 15/06/2023: Added in new section for reconciliation to statutory accounts: R6 cell B21: row label changed from "Total Debt per Statutory Accounts" to "Total Modelled Debt" R6 add in thirteen new rows below row 46 ("Closing regulatory net debt including forecast new debt/refinancing". These rows are headed "Conversion from Regulatory (RIIO-2) Definition of Net Debt to Statutory Net Debt" | D55: Ofgem
A56: v2.0 | B56: R5a | C56: 15/06/2023: Added in additional overwrite lines for Debt Interest Expense R5a add in five new rows below row 53. This adds in five new "Other adjustment (Overwrite)" lines above "Sub Total: "Debt Interest Expense" R5a row 59 "Sub Total: "Debt Interest Expense" formula amended to incorporate the five new rows. In Column M, changed from "=SUM(M40:M53)" to "=SUM(M40:M58)" and pasted across the row. | D56: Ofgem
A57: v2.0 | B57: R1-R10, F3-F6, I1-I2 | C57: Non-input cells have been password protected to prevent any over-writing | D57: Ofgem
... A132: v5.0 | B132: F5 - Inflation Linked Debt - BZ11:CR610; LH11:LY610; MB11:MS610; NP11:OG610 | C132: Formula amended to look up to columns I:K in Monthly Inflation | D132: Cadent

Sheet R1 - RoRE
A1: R1 - Return on Regulatory Equity (RoRE)
A2: =Licensee -> NGET (TO)
A3: =Reporting_Year -> 2026 | B3: =IF(Licensee=Data!$B$86,"Only required to be completed to show Operational Performance","")
D5: =IF(D6<=Reporting_Year,"Actuals","Forecast") -> Actuals | E5: =IF(E6<=Reporting_Year,"Actuals","Forecast") -> Actuals | F5: =IF(F6<=Reporting_Year,"Actuals","Forecast") -> Actuals | G5: =IF(G6<=Reporting_Year,"Actuals","Forecast") -> Actuals | H5: =IF(H6<=Reporting_Year,"Actuals","Forecast") -> Actuals
D6: =RIIO_2_start_date -> 2022 | E6: =D6+1 -> 2023 | F6: =E6+1 -> 2024 | G6: =F6+1 -> 2025 | H6: =G6+1 -> 2026 | J6: ="Cumulative to "&'RFPR cover'!$C$9 -> Cumulative to 2026 | K6: RIIO-2 period
D7: =RIIO_2_start_date-1&"/"&RIGHT(RIIO_2_start_date,2) -> 2021/22 | E7: =RIIO_2_start_date&"/"&RIGHT(RIIO_2_start_date+1,2) -> 2022/23 | F7: =RIIO_2_start_date+1&"/"&RIGHT(RIIO_2_start_date+2,2) -> 2023/24 | G7: =RIIO_2_start_date+2&"/"&RIGHT(RIIO_2_start_date+3,2) -> 2024/25 | H7: =RIIO_2_start_date+3&"/"&RIGHT(RIIO_2_start_date+4,2) -> 2025/26
B9: RoRE based on Notional Gearing
B11: Allowed Equity Return | C11: % | D11: =IFERROR(Equity_Return_on_the_RAV/NPV_neutral_equity_element_of_RAV,0) -> 0.04243945 | E11: =IFERROR(Equity_Return_on_the_RAV/NPV_neutral_equity_element_of_RAV,0) -> 0.042616093 | F11: =IFERROR(Equity_Return_on_the_RAV/NPV_neutral_equity_element_of_RAV,0) -> 0.049096839 | G11: =IFERROR(Equity_Return_on_the_RAV/NPV_neutral_equity_element_of_RAV,0) -> 0.052011518 | H11: =IFERROR(Equity_Return_on_the_RAV/NPV_neutral_equity_element_of_RAV,0) -> 0.050933685 | J11: =IFERROR(AVERAGE(D69:INDEX(D69:H69,0,MATCH('RFPR cover'!$C$9,$D$6:$H$6,0)))/AVERAGE($D$96:INDEX($D$96:$H$96,0,MATCH('RFPR cover'!$C$9,$D$6:$H$6,0))),0) -> 0.047626459 | K11: =IFERROR(AVERAGE(D69:H69)/AVERAGE($D$96:$H$96),0) -> 0.047626459
B12: =B70 -> Totex outperformance | C12: % | D12: =IFERROR(Totex_outperformance/NPV_neutral_equity_element_of_RAV,0) -> 0.010918866 | E12: =IFERROR(Totex_outperformance/NPV_neutral_equity_element_of_RAV,0) -> 0.0116474 | F12: =IFERROR(Totex_outperformance/NPV_neutral_equity_element_of_RAV,0) -> 0.011439115 | G12: =IFERROR(Totex_outperformance/NPV_neutral_equity_element_of_RAV,0) -> 0.012219055 | H12: =IFERROR(Totex_outperformance/NPV_neutral_equity_element_of_RAV,0) -> 0.01167716 | J12: =IFERROR(AVERAGE(D70:INDEX(D70:H70,0,MATCH('RFPR cover'!$C$9,$D$6:$H$6,0)))/AVERAGE($D$96:INDEX($D$96:$H$96,0,MATCH('RFPR cover'!$C$9,$D$6:$H$6,0))),0) -> 0.011594398 | K12: =IFERROR(AVERAGE(D70:H70)/AVERAGE($D$96:$H$96),0) -> 0.011594398
A13: a | B13: =B71 -> Business Plan Incentive | C13: % | D13: =IFERROR(Business_Plan_Incentive/NPV_neutral_equity_element_of_RAV,0) -> -0.0020833007 | E13: =IFERROR(Business_Plan_Incentive/NPV_neutral_equity_element_of_RAV,0) -> -0.0020428439 | F13: =IFERROR(Business_Plan_Incentive/NPV_neutral_equity_element_of_RAV,0) -> -0.0019962783 | G13: =IFERROR(Business_Plan_Incentive/NPV_neutral_equity_element_of_RAV,0) -> -0.0019011225 | H13: =IFERROR(Business_Plan_Incentive/NPV_neutral_equity_element_of_RAV,0) -> -0.0017412665 | J13: =IFERROR(AVERAGE(D71:INDEX(D71:H71,0,MATCH('RFPR cover'!$C$9,$D$6:$H$6,0)))/AVERAGE($D$96:INDEX($D$96:$H$96,0,MATCH('RFPR cover'!$C$9,$D$6:$H$6,0))),0) -> -0.0019449554 | K13: =IFERROR(AVERAGE(D71:H71)/AVERAGE($D$96:$H$96),0) -> -0.0019449554
A14: b | B14: =B72 -> Energy not supplied ODI - (SpC 4.2) | C14: % | D14: =IFERROR(ODI_1/NPV_neutral_equity_element_of_RAV,0) -> 0.00013365121 | E14: =IFERROR(ODI_1/NPV_neutral_equity_element_of_RAV,0) -> 0.00015447802 | F14: =IFERROR(ODI_1/NPV_neutral_equity_element_of_RAV,0) -> 0.00015649257 | G14: =IFERROR(ODI_1/NPV_neutral_equity_element_of_RAV,0) -> -0.00021513486 | H14: =IFERROR(ODI_1/NPV_neutral_equity_element_of_RAV,0) -> 0.00010966561 | J14: =IFERROR(AVERAGE(D72:INDEX(D72:H72,0,MATCH('RFPR cover'!$C$9,$D$6:$H$6,0)))/AVERAGE($D$96:INDEX($D$96:$H$96,0,MATCH('RFPR cover'!$C$9,$D$6:$H$6,0))),0) -> 6.5343967e-05 | K14: =IFERROR(AVERAGE(D72:H72)/AVERAGE($D$96:$H$96),0) -> 6.5343967e-05
A15: c | B15: =B73 -> Insulation And Interruption Gas emissions ODI - (SpC 4.3) | C15: % | D15: =IFERROR(ODI_2/NPV_neutral_equity_element_of_RAV,0) -> 0.00023018119 | E15: =IFERROR(ODI_2/NPV_neutral_equity_element_of_RAV,0) -> 0.00017446894 | F15: =IFERROR(ODI_2/NPV_neutral_equity_element_of_RAV,0) -> -9.0557029e-05 | G15: =IFERROR(ODI_2/NPV_neutral_equity_element_of_RAV,0) -> 0.00015355565 | H15: =IFERROR(ODI_2/NPV_neutral_equity_element_of_RAV,0) -> 0.00023915714 | J15: =IFERROR(AVERAGE(D73:INDEX(D73:H73,0,MATCH('RFPR cover'!$C$9,$D$6:$H$6,0)))/AVERAGE($D$96:INDEX($D$96:$H$96,0,MATCH('RFPR cover'!$C$9,$D$6:$H$6,0))),0) -> 0.00014340095 | K15: =IFERROR(AVERAGE(D73:H73)/AVERAGE($D$96:$H$96),0) -> 0.00014340095
A16: d | B16: =B74 -> Timely Connections ODI - (SpC 4.4) | C16: % | D16: =IFERROR(ODI_3/NPV_neutral_equity_element_of_RAV,0) -> -4.2100035e-05 | E16: =IFERROR(ODI_3/NPV_neutral_equity_element_of_RAV,0) -> -2.7948971e-05 | F16: =IFERROR(ODI_3/NPV_neutral_equity_element_of_RAV,0) -> -2.7624025e-06 | G16: =IFERROR(ODI_3/NPV_neutral_equity_element_of_RAV,0) -> -1.5458338e-05 | H16: =IFERROR(ODI_3/NPV_neutral_equity_element_of_RAV,0) -> -1.2767223e-05 | J16: =IFERROR(AVERAGE(D74:INDEX(D74:H74,0,MATCH('RFPR cover'!$C$9,$D$6:$H$6,0)))/AVERAGE($D$96:INDEX($D$96:$H$96,0,MATCH('RFPR cover'!$C$9,$D$6:$H$6,0))),0) -> -1.9736172e-05 | K16: =IFERROR(AVERAGE(D74:H74)/AVERAGE($D$96:$H$96),0) -> -1.9736172e-05
A17: e | B17: =B75 -> Quality of connections satisfaction survey ODI - (SpC 4.5) | C17: % | D17: =IFERROR(ODI_4/NPV_neutral_equity_element_of_RAV,0) -> 3.7711916e-05 | E17: =IFERROR(ODI_4/NPV_neutral_equity_element_of_RAV,0) -> -0.00051387137 | F17: =IFERROR(ODI_4/NPV_neutral_equity_element_of_RAV,0) -> -0.00045868676 | G17: =IFERROR(ODI_4/NPV_neutral_equity_element_of_RAV,0) -> -0.0010775867 | H17: =IFERROR(ODI_4/NPV_neutral_equity_element_of_RAV,0) -> -0.0005532443 | J17: =IFERROR(AVERAGE(D75:INDEX(D75:H75,0,MATCH('RFPR cover'!$C$9,$D$6:$H$6,0)))/AVERAGE($D$96:INDEX($D$96:$H$96,0,MATCH('RFPR cover'!$C$9,$D$6:$H$6,0))),0) -> -0.00052426556 | K17: =IFERROR(AVERAGE(D75:H75)/AVERAGE($D$96:$H$96),0) -> -0.00052426556
A18: f | B18: =B76 -> SO-TO Optimisation ODI - (SpC 4.7) | C18: % | D18: =IFERROR(ODI_5/NPV_neutral_equity_element_of_RAV,0) -> 0.0008012695 | E18: =IFERROR(ODI_5/NPV_neutral_equity_element_of_RAV,0) -> 0.00078570917 | F18: =IFERROR(ODI_5/NPV_neutral_equity_element_of_RAV,0) -> 0.00089918961 | G18: =IFERROR(ODI_5/NPV_neutral_equity_element_of_RAV,0) -> 0.00061095838 | H18: =IFERROR(ODI_5/NPV_neutral_equity_element_of_RAV,0) -> 0.00039547068 | J18: =IFERROR(AVERAGE(D76:INDEX(D76:H76,0,MATCH('RFPR cover'!$C$9,$D$6:$H$6,0)))/AVERAGE($D$96:INDEX($D$96:$H$96,0,MATCH('RFPR cover'!$C$9,$D$6:$H$6,0))),0) -> 0.00068779366 | K18: =IFERROR(AVERAGE(D76:H76)/AVERAGE($D$96:$H$96),0) -> 0.00068779366
A19: g | B19: =B77 -> Environmental scorecard ODI - (SpC 4.6) | C19: % | D19: =IFERROR(ODI_6/NPV_neutral_equity_element_of_RAV,0) -> 8.2292884e-05 | E19: =IFERROR(ODI_6/NPV_neutral_equity_element_of_RAV,0) -> 0.00015713325 | F19: =IFERROR(ODI_6/NPV_neutral_equity_element_of_RAV,0) -> 0.00015042272 | G19: =IFERROR(ODI_6/NPV_neutral_equity_element_of_RAV,0) -> 0.00016380369 | H19: =IFERROR(ODI_6/NPV_neutral_equity_element_of_RAV,0) -> 0.0001439443 | J19: =IFERROR(AVERAGE(D77:INDEX(D77:H77,0,MATCH('RFPR cover'!$C$9,$D$6:$H$6,0)))/AVERAGE($D$96:INDEX($D$96:$H$96,0,MATCH('RFPR cover'!$C$9,$D$6:$H$6,0))),0) -> 0.00014027005 | K19: =IFERROR(AVERAGE(D77:H77)/AVERAGE($D$96:$H$96),0) -> 0.00014027005
A20: h | B20: =B78 | C20: % | D20: =IFERROR(ODI_7/NPV_neutral_equity_element_of_RAV,0) -> 0 | E20: =IFERROR(ODI_7/NPV_neutral_equity_element_of_RAV,0) -> 0 | F20: =IFERROR(ODI_7/NPV_neutral_equity_element_of_RAV,0) -> 0 | G20: =IFERROR(ODI_7/NPV_neutral_equity_element_of_RAV,0) -> 0 | H20: =IFERROR(ODI_7/NPV_neutral_equity_element_of_RAV,0) -> 0 | J20: =IFERROR(AVERAGE(D78:INDEX(D78:H78,0,MATCH('RFPR cover'!$C$9,$D$6:$H$6,0)))/AVERAGE($D$96:INDEX($D$96:$H$96,0,MATCH('RFPR cover'!$C$9,$D$6:$H$6,0))),0) -> 0 | K20: =IFERROR(AVERAGE(D78:H78)/AVERAGE($D$96:$H$96),0) -> 0
A21: i | B21: =B79 | C21: % | D21: =IFERROR(ODI_8/NPV_neutral_equity_element_of_RAV,0) -> 0 | E21: =IFERROR(ODI_8/NPV_neutral_equity_element_of_RAV,0) -> 0 | F21: =IFERROR(ODI_8/NPV_neutral_equity_element_of_RAV,0) -> 0 | G21: =IFERROR(ODI_8/NPV_neutral_equity_element_of_RAV,0) -> 0 | H21: =IFERROR(ODI_8/NPV_neutral_equity_element_of_RAV,0) -> 0 | J21: =IFERROR(AVERAGE(D79:INDEX(D79:H79,0,MATCH('RFPR cover'!$C$9,$D$6:$H$6,0)))/AVERAGE($D$96:INDEX($D$96:$H$96,0,MATCH('RFPR cover'!$C$9,$D$6:$H$6,0))),0) -> 0 | K21: =IFERROR(AVERAGE(D79:H79)/AVERAGE($D$96:$H$96),0) -> 0
A22: i | B22: =B80 -> Network innovation input for RORE | C22: % | D22: =IFERROR(ORA_1/NPV_neutral_equity_element_of_RAV,0) -> -3.7851843e-05 | E22: =IFERROR(ORA_1/NPV_neutral_equity_element_of_RAV,0) -> -8.7657924e-05 | F22: =IFERROR(ORA_1/NPV_neutral_equity_element_of_RAV,0) -> -0.00014890302 | G22: =IFERROR(ORA_1/NPV_neutral_equity_element_of_RAV,0) -> -0.00020739971 | H22: =IFERROR(ORA_1/NPV_neutral_equity_element_of_RAV,0) -> -0.00019358293 | J22: =IFERROR(AVERAGE(D80:INDEX(D80:H80,0,MATCH('RFPR cover'!$C$9,$D$6:$H$6,0)))/AVERAGE($D$96:INDEX($D$96:$H$96,0,MATCH('RFPR cover'!$C$9,$D$6:$H$6,0))),0) -> -0.00013845599 | K22: =IFERROR(AVERAGE(D80:H80)/AVERAGE($D$96:$H$96),0) -> -0.00013845599
A23: ii | B23: =B81 -> Carry-over Network innovation input for RORE | C23: % | D23: =IFERROR(ORA_2/NPV_neutral_equity_element_of_RAV,0) -> -1.1629664e-05 | E23: =IFERROR(ORA_2/NPV_neutral_equity_element_of_RAV,0) -> 0 | F23: =IFERROR(ORA_2/NPV_neutral_equity_element_of_RAV,0) -> 0 | G23: =IFERROR(ORA_2/NPV_neutral_equity_element_of_RAV,0) -> 0 | H23: =IFERROR(ORA_2/NPV_neutral_equity_element_of_RAV,0) -> 0 | J23: =IFERROR(AVERAGE(D81:INDEX(D81:H81,0,MATCH('RFPR cover'!$C$9,$D$6:$H$6,0)))/AVERAGE($D$96:INDEX($D$96:$H$96,0,MATCH('RFPR cover'!$C$9,$D$6:$H$6,0))),0) -> -2.1714751e-06 | K23: =IFERROR(AVERAGE(D81:H81)/AVERAGE($D$96:$H$96),0) -> -2.1714751e-06
A24: iii | B24: =B82 -> Strategic innovation input for RORE | C24: % | D24: =IFERROR(ORA_3/NPV_neutral_equity_element_of_RAV,0) -> 0 | E24: =IFERROR(ORA_3/NPV_neutral_equity_element_of_RAV,0) -> -1.4814861e-05 | F24: =IFERROR(ORA_3/NPV_neutral_equity_element_of_RAV,0) -> -2.6071801e-05 | G24: =IFERROR(ORA_3/NPV_neutral_equity_element_of_RAV,0) -> -9.71197e-06 | H24: =IFERROR(ORA_3/NPV_neutral_equity_element_of_RAV,0) -> -0.00019429773 | J24: =IFERROR(AVERAGE(D82:INDEX(D82:H82,0,MATCH('RFPR cover'!$C$9,$D$6:$H$6,0)))/AVERAGE($D$96:INDEX($D$96:$H$96,0,MATCH('RFPR cover'!$C$9,$D$6:$H$6,0))),0) -> -5.3293711e-05 | K24: =IFERROR(AVERAGE(D82:H82)/AVERAGE($D$96:$H$96),0) -> -5.3293711e-05
A25: iv | B25: =B83 | C25: % | D25: =IFERROR(ORA_4/NPV_neutral_equity_element_of_RAV,0) -> 0 | E25: =IFERROR(ORA_4/NPV_neutral_equity_element_of_RAV,0) -> 0 | F25: =IFERROR(ORA_4/NPV_neutral_equity_element_of_RAV,0) -> 0 | G25: =IFERROR(ORA_4/NPV_neutral_equity_element_of_RAV,0) -> 0 | H25: =IFERROR(ORA_4/NPV_neutral_equity_element_of_RAV,0) -> 0 | J25: =IFERROR(AVERAGE(D83:INDEX(D83:H83,0,MATCH('RFPR cover'!$C$9,$D$6:$H$6,0)))/AVERAGE($D$96:INDEX($D$96:$H$96,0,MATCH('RFPR cover'!$C$9,$D$6:$H$6,0))),0) -> 0 | K25: =IFERROR(AVERAGE(D83:H83)/AVERAGE($D$96:$H$96),0) -> 0
A26: v | B26: =B84 | C26: % | D26: =IFERROR(ORA_5/NPV_neutral_equity_element_of_RAV,0) -> 0 | E26: =IFERROR(ORA_5/NPV_neutral_equity_element_of_RAV,0) -> 0 | F26: =IFERROR(ORA_5/NPV_neutral_equity_element_of_RAV,0) -> 0 | G26: =IFERROR(ORA_5/NPV_neutral_equity_element_of_RAV,0) -> 0 | H26: =IFERROR(ORA_5/NPV_neutral_equity_element_of_RAV,0) -> 0 | J26: =IFERROR(AVERAGE(D84:INDEX(D84:H84,0,MATCH('RFPR cover'!$C$9,$D$6:$H$6,0)))/AVERAGE($D$96:INDEX($D$96:$H$96,0,MATCH('RFPR cover'!$C$9,$D$6:$H$6,0))),0) -> 0 | K26: =IFERROR(AVERAGE(D84:H84)/AVERAGE($D$96:$H$96),0) -> 0
A27: vi | B27: =B85 | C27: % | D27: =IFERROR(ORA_6/NPV_neutral_equity_element_of_RAV,0) -> 0 | E27: =IFERROR(ORA_6/NPV_neutral_equity_element_of_RAV,0) -> 0 | F27: =IFERROR(ORA_6/NPV_neutral_equity_element_of_RAV,0) -> 0 | G27: =IFERROR(ORA_6/NPV_neutral_equity_element_of_RAV,0) -> 0 | H27: =IFERROR(ORA_6/NPV_neutral_equity_element_of_RAV,0) -> 0 | J27: =IFERROR(AVERAGE(D85:INDEX(D85:H85,0,MATCH('RFPR cover'!$C$9,$D$6:$H$6,0)))/AVERAGE($D$96:INDEX($D$96:$H$96,0,MATCH('RFPR cover'!$C$9,$D$6:$H$6,0))),0) -> 0 | K27: =IFERROR(AVERAGE(D85:H85)/AVERAGE($D$96:$H$96),0) -> 0
A28: vii | B28: =B86 | C28: % | D28: =IFERROR(ORA_7/NPV_neutral_equity_element_of_RAV,0) -> 0 | E28: =IFERROR(ORA_7/NPV_neutral_equity_element_of_RAV,0) -> 0 | F28: =IFERROR(ORA_7/NPV_neutral_equity_element_of_RAV,0) -> 0 | G28: =IFERROR(ORA_7/NPV_neutral_equity_element_of_RAV,0) -> 0 | H28: =IFERROR(ORA_7/NPV_neutral_equity_element_of_RAV,0) -> 0 | J28: =IFERROR(AVERAGE(D86:INDEX(D86:H86,0,MATCH('RFPR cover'!$C$9,$D$6:$H$6,0)))/AVERAGE($D$96:INDEX($D$96:$H$96,0,MATCH('RFPR cover'!$C$9,$D$6:$H$6,0))),0) -> 0 | K28: =IFERROR(AVERAGE(D86:H86)/AVERAGE($D$96:$H$96),0) -> 0
A29: viii | B29: =B87 | C29: % | D29: =IFERROR(ORA_8/NPV_neutral_equity_element_of_RAV,0) -> 0 | E29: =IFERROR(ORA_8/NPV_neutral_equity_element_of_RAV,0) -> 0 | F29: =IFERROR(ORA_8/NPV_neutral_equity_element_of_RAV,0) -> 0 | G29: =IFERROR(ORA_8/NPV_neutral_equity_element_of_RAV,0) -> 0 | H29: =IFERROR(ORA_8/NPV_neutral_equity_element_of_RAV,0) -> 0 | J29: =IFERROR(AVERAGE(D87:INDEX(D87:H87,0,MATCH('RFPR cover'!$C$9,$D$6:$H$6,0)))/AVERAGE($D$96:INDEX($D$96:$H$96,0,MATCH('RFPR cover'!$C$9,$D$6:$H$6,0))),0) -> 0 | K29: =IFERROR(AVERAGE(D87:H87)/AVERAGE($D$96:$H$96),0) -> 0
B30: =B88 -> Penalties and fines (Other Activities) | C30: % | D30: =IFERROR(Penalties_and_fines/NPV_neutral_equity_element_of_RAV,0) -> 0 | E30: =IFERROR(Penalties_and_fines/NPV_neutral_equity_element_of_RAV,0) -> 0 | F30: =IFERROR(Penalties_and_fines/NPV_neutral_equity_element_of_RAV,0) -> 0 | G30: =IFERROR(Penalties_and_fines/NPV_neutral_equity_element_of_RAV,0) -> 0 | H30: =IFERROR(Penalties_and_fines/NPV_neutral_equity_element_of_RAV,0) -> 0 | J30: =IFERROR(AVERAGE(D88:INDEX(D88:H88,0,MATCH('RFPR cover'!$C$9,$D$6:$H$6,0)))/AVERAGE($D$96:INDEX($D$96:$H$96,0,MATCH('RFPR cover'!$C$9,$D$6:$H$6,0))),0) -> 0 | K30: =IFERROR(AVERAGE(D88:H88)/AVERAGE($D$96:$H$96),0) -> 0
B31: =B89 -> RoRE - Operational performance | C31: % | D31: =SUM(D11:D30) -> 0.05246854 | E31: =SUM(E11:E30) -> 0.052848145 | F31: =SUM(F11:F30) -> 0.0590188 | G31: =SUM(G11:G30) -> 0.061732476 | H31: =SUM(H11:H30) -> 0.060803924 | J31: =SUM(J11:J30) -> 0.057574788 | K31: =SUM(K11:K30) -> 0.057574788
B32: =B90 -> Debt performance - at notional gearing | C32: % | D32: =IFERROR(Debt_performance___at_notional_gearing/NPV_neutral_equity_element_of_RAV,0) -> 0.030754841 | E32: =IFERROR(Debt_performance___at_notional_gearing/NPV_neutral_equity_element_of_RAV,0) -> 0.057497262 | F32: =IFERROR(Debt_performance___at_notional_gearing/NPV_neutral_equity_element_of_RAV,0) -> 0.041539907 | G32: =IFERROR(Debt_performance___at_notional_gearing/NPV_neutral_equity_element_of_RAV,0) -> 0.019324431 | H32: =IFERROR(Debt_performance___at_notional_gearing/NPV_neutral_equity_element_of_RAV,0) -> 0.026249352 | J32: =IFERROR(AVERAGE(D90:INDEX(D90:H90,0,MATCH('RFPR cover'!$C$9,$D$6:$H$6,0)))/AVERAGE($D$96:INDEX($D$96:$H$96,0,MATCH('RFPR cover'!$C$9,$D$6:$H$6,0))),0) -> 0.034603299 | K32: =IFERROR(AVERAGE(D90:H90)/AVERAGE($D$96:$H$96),0) -> 0.034603299
B33: =B92 -> Tax performance - at notional gearing | C33: % | D33: =IFERROR(Tax_performance___at_notional_gearing/NPV_neutral_equity_element_of_RAV,0) -> -0.0006059683 | E33: =IFERROR(Tax_performance___at_notional_gearing/NPV_neutral_equity_element_of_RAV,0) -> 0.0024065649 | F33: =IFERROR(Tax_performance___at_notional_gearing/NPV_neutral_equity_element_of_RAV,0) -> -0.0050983895 | G33: =IFERROR(Tax_performance___at_notional_gearing/NPV_neutral_equity_element_of_RAV,0) -> 0.00095037047 | H33: =IFERROR(Tax_performance___at_notional_gearing/NPV_neutral_equity_element_of_RAV,0) -> 0.00053383264 | J33: =IFERROR(AVERAGE(D92:INDEX(D92:H92,0,MATCH('RFPR cover'!$C$9,$D$6:$H$6,0)))/AVERAGE($D$96:INDEX($D$96:$H$96,0,MATCH('RFPR cover'!$C$9,$D$6:$H$6,0))),0) -> -0.00033464644 | K33: =IFERROR(AVERAGE(D92:H92)/AVERAGE($D$96:$H$96),0) -> -0.00033464644
B34: =B94 -> RoRE - including financing and tax | C34: % | D34: =SUM(D31:D33) -> 0.082617413 | E34: =SUM(E31:E33) -> 0.11275197 | F34: =SUM(F31:F33) -> 0.095460318 | G34: =SUM(G31:G33) -> 0.082007278 | H34: =SUM(H31:H33) -> 0.087587108 | J34: =SUM(J31:J33) -> 0.09184344 | K34: =SUM(K31:K33) -> 0.09184344
B38: RoRE based on Actual Gearing
B40: Allowed Equity Return | C40: % | D40: =IFERROR(Equity_Return_on_the_RAV/Equity_RAV_based_on_actual_gearing,0) -> 0.040780788 | E40: =IFERROR(Equity_Return_on_the_RAV/Equity_RAV_based_on_actual_gearing,0) -> 0.038566641 | F40: =IFERROR(Equity_Return_on_the_RAV/Equity_RAV_based_on_actual_gearing,0) -> 0.043505936 | G40: =IFERROR(Equity_Return_on_the_RAV/Equity_RAV_based_on_actual_gearing,0) -> 0.046149245 | H40: =IFERROR(Equity_Return_on_the_RAV/Equity_RAV_based_on_actual_gearing,0) -> 0.046859301 | J40: =IFERROR(AVERAGE(D69:INDEX(D69:H69,0,MATCH('RFPR cover'!$C$9,$D$6:$H$6,0)))/AVERAGE($D$97:INDEX($D$97:$H$97,0,MATCH('RFPR cover'!$C$9,$D$6:$H$6,0))),0) -> 0.043373891 | K40: =IFERROR(AVERAGE(D69:H69)/AVERAGE($D$97:$H$97),0) -> 0.043373891
B41: =B70 -> Totex outperformance | C41: % | D41: =IFERROR(Totex_outperformance/Equity_RAV_based_on_actual_gearing,0) -> 0.010492124 | E41: =IFERROR(Totex_outperformance/Equity_RAV_based_on_actual_gearing,0) -> 0.010540644 | F41: =IFERROR(Totex_outperformance/Equity_RAV_based_on_actual_gearing,0) -> 0.010136486 | G41: =IFERROR(Totex_outperformance/Equity_RAV_based_on_actual_gearing,0) -> 0.010841832 | H41: =IFERROR(Totex_outperformance/Equity_RAV_based_on_actual_gearing,0) -> 0.010743058 | J41: =IFERROR(AVERAGE(D70:INDEX(D70:H70,0,MATCH('RFPR cover'!$C$9,$D$6:$H$6,0)))/AVERAGE($D$97:INDEX($D$97:$H$97,0,MATCH('RFPR cover'!$C$9,$D$6:$H$6,0))),0) -> 0.010559134 | K41: =IFERROR(AVERAGE(D70:H70)/AVERAGE($D$97:$H$97),0) -> 0.010559134
A42: a | B42: =B71 -> Business Plan Incentive | C42: % | D42: =IFERROR(Business_Plan_Incentive/Equity_RAV_based_on_actual_gearing,0) -> -0.002001879 | E42: =IFERROR(Business_Plan_Incentive/Equity_RAV_based_on_actual_gearing,0) -> -0.0018487294 | F42: =IFERROR(Business_Plan_Incentive/Equity_RAV_based_on_actual_gearing,0) -> -0.0017689521 | G42: =IFERROR(Business_Plan_Incentive/Equity_RAV_based_on_actual_gearing,0) -> -0.001686845 | H42: =IFERROR(Business_Plan_Incentive/Equity_RAV_based_on_actual_gearing,0) -> -0.0016019758 | J42: =IFERROR(AVERAGE(D71:INDEX(D71:H71,0,MATCH('RFPR cover'!$C$9,$D$6:$H$6,0)))/AVERAGE($D$97:INDEX($D$97:$H$97,0,MATCH('RFPR cover'!$C$9,$D$6:$H$6,0))),0) -> -0.0017712903 | K42: =IFERROR(AVERAGE(D71:H71)/AVERAGE($D$97:$H$97),0) -> -0.0017712903
A43: b | B43: =B72 -> Energy not supplied ODI - (SpC 4.2) | C43: % | D43: =IFERROR(ODI_1/Equity_RAV_based_on_actual_gearing,0) -> 0.00012842771 | E43: =IFERROR(ODI_1/Equity_RAV_based_on_actual_gearing,0) -> 0.00013979926 | F43: =IFERROR(ODI_1/Equity_RAV_based_on_actual_gearing,0) -> 0.00013867198 | G43: =IFERROR(ODI_1/Equity_RAV_based_on_actual_gearing,0) -> -0.00019088678 | H43: =IFERROR(ODI_1/Equity_RAV_based_on_actual_gearing,0) -> 0.00010089303 | J43: =IFERROR(AVERAGE(D72:INDEX(D72:H72,0,MATCH('RFPR cover'!$C$9,$D$6:$H$6,0)))/AVERAGE($D$97:INDEX($D$97:$H$97,0,MATCH('RFPR cover'!$C$9,$D$6:$H$6,0))),0) -> 5.9509402e-05 | K43: =IFERROR(AVERAGE(D72:H72)/AVERAGE($D$97:$H$97),0) -> 5.9509402e-05
A44: c | B44: =B73 -> Insulation And Interruption Gas emissions ODI - (SpC 4.3) | C44: % | D44: =IFERROR(ODI_2/Equity_RAV_based_on_actual_gearing,0) -> 0.00022118502 | E44: =IFERROR(ODI_2/Equity_RAV_based_on_actual_gearing,0) -> 0.00015789061 | F44: =IFERROR(ODI_2/Equity_RAV_based_on_actual_gearing,0) -> -8.0244845e-05 | G44: =IFERROR(ODI_2/Equity_RAV_based_on_actual_gearing,0) -> 0.00013624823 | H44: =IFERROR(ODI_2/Equity_RAV_based_on_actual_gearing,0) -> 0.00022002603 | J44: =IFERROR(AVERAGE(D73:INDEX(D73:H73,0,MATCH('RFPR cover'!$C$9,$D$6:$H$6,0)))/AVERAGE($D$97:INDEX($D$97:$H$97,0,MATCH('RFPR cover'!$C$9,$D$6:$H$6,0))),0) -> 0.00013059667 | K44: =IFERROR(AVERAGE(D73:H73)/AVERAGE($D$97:$H$97),0) -> 0.00013059667
A45: d | B45: =B74 -> Timely Connections ODI - (SpC 4.4) | C45: % | D45: =IFERROR(ODI_3/Equity_RAV_based_on_actual_gearing,0) -> -4.0454638e-05 | E45: =IFERROR(ODI_3/Equity_RAV_based_on_actual_gearing,0) -> -2.5293213e-05 | F45: =IFERROR(ODI_3/Equity_RAV_based_on_actual_gearing,0) -> -2.4478338e-06 | G45: =IFERROR(ODI_3/Equity_RAV_based_on_actual_gearing,0) -> -1.3716013e-05 | H45: =IFERROR(ODI_3/Equity_RAV_based_on_actual_gearing,0) -> -1.1745923e-05 | J45: =IFERROR(AVERAGE(D74:INDEX(D74:H74,0,MATCH('RFPR cover'!$C$9,$D$6:$H$6,0)))/AVERAGE($D$97:INDEX($D$97:$H$97,0,MATCH('RFPR cover'!$C$9,$D$6:$H$6,0))),0) -> -1.7973929e-05 | K45: =IFERROR(AVERAGE(D74:H74)/AVERAGE($D$97:$H$97),0) -> -1.7973929e-05
A46: e | B46: =B75 -> Quality of connections satisfaction survey ODI - (SpC 4.5) | C46: % | D46: =IFERROR(ODI_4/Equity_RAV_based_on_actual_gearing,0) -> 3.623802e-05 | E46: =IFERROR(ODI_4/Equity_RAV_based_on_actual_gearing,0) -> -0.00046504246 | F46: =IFERROR(ODI_4/Equity_RAV_based_on_actual_gearing,0) -> -0.0004064538 | G46: =IFERROR(ODI_4/Equity_RAV_based_on_actual_gearing,0) -> -0.00095613078 | H46: =IFERROR(ODI_4/Equity_RAV_based_on_actual_gearing,0) -> -0.00050898813 | J46: =IFERROR(AVERAGE(D75:INDEX(D75:H75,0,MATCH('RFPR cover'!$C$9,$D$6:$H$6,0)))/AVERAGE($D$97:INDEX($D$97:$H$97,0,MATCH('RFPR cover'!$C$9,$D$6:$H$6,0))),0) -> -0.00047745387 | K46: =IFERROR(AVERAGE(D75:H75)/AVERAGE($D$97:$H$97),0) -> -0.00047745387
A47: f | B47: =B76 -> SO-TO Optimisation ODI - (SpC 4.7) | C47: % | D47: =IFERROR(ODI_5/Equity_RAV_based_on_actual_gearing,0) -> 0.00076995346 | E47: =IFERROR(ODI_5/Equity_RAV_based_on_actual_gearing,0) -> 0.00071104978 | F47: =IFERROR(ODI_5/Equity_RAV_based_on_actual_gearing,0) -> 0.00079679438 | G47: =IFERROR(ODI_5/Equity_RAV_based_on_actual_gearing,0) -> 0.00054209661 | H47: =IFERROR(ODI_5/Equity_RAV_based_on_actual_gearing,0) -> 0.00036383544 | J47: =IFERROR(AVERAGE(D76:INDEX(D76:H76,0,MATCH('RFPR cover'!$C$9,$D$6:$H$6,0)))/AVERAGE($D$97:INDEX($D$97:$H$97,0,MATCH('RFPR cover'!$C$9,$D$6:$H$6,0))),0) -> 0.00062638054 | K47: =IFERROR(AVERAGE(D76:H76)/AVERAGE($D$97:$H$97),0) -> 0.00062638054
A48: g | B48: =B77 -> Environmental scorecard ODI - (SpC 4.6) | C48: % | D48: =IFERROR(ODI_6/Equity_RAV_based_on_actual_gearing,0) -> 7.9076629e-05 | E48: =IFERROR(ODI_6/Equity_RAV_based_on_actual_gearing,0) -> 0.00014220219 | F48: =IFERROR(ODI_6/Equity_RAV_based_on_actual_gearing,0) -> 0.00013329333 | G48: =IFERROR(ODI_6/Equity_RAV_based_on_actual_gearing,0) -> 0.0001453412 | H48: =IFERROR(ODI_6/Equity_RAV_based_on_actual_gearing,0) -> 0.00013242963 | J48: =IFERROR(AVERAGE(D77:INDEX(D77:H77,0,MATCH('RFPR cover'!$C$9,$D$6:$H$6,0)))/AVERAGE($D$97:INDEX($D$97:$H$97,0,MATCH('RFPR cover'!$C$9,$D$6:$H$6,0))),0) -> 0.00012774533 | K48: =IFERROR(AVERAGE(D77:H77)/AVERAGE($D$97:$H$97),0) -> 0.00012774533
A49: h | B49: =B78 | C49: % | D49: =IFERROR(ODI_7/Equity_RAV_based_on_actual_gearing,0) -> 0 | E49: =IFERROR(ODI_7/Equity_RAV_based_on_actual_gearing,0) -> 0 | F49: =IFERROR(ODI_7/Equity_RAV_based_on_actual_gearing,0) -> 0 | G49: =IFERROR(ODI_7/Equity_RAV_based_on_actual_gearing,0) -> 0 | H49: =IFERROR(ODI_7/Equity_RAV_based_on_actual_gearing,0) -> 0 | J49: =IFERROR(AVERAGE(D78:INDEX(D78:H78,0,MATCH('RFPR cover'!$C$9,$D$6:$H$6,0)))/AVERAGE($D$97:INDEX($D$97:$H$97,0,MATCH('RFPR cover'!$C$9,$D$6:$H$6,0))),0) -> 0 | K49: =IFERROR(AVERAGE(D78:H78)/AVERAGE($D$97:$H$97),0) -> 0
A50: i | B50: =B79 | C50: % | D50: =IFERROR(ODI_8/Equity_RAV_based_on_actual_gearing,0) -> 0 | E50: =IFERROR(ODI_8/Equity_RAV_based_on_actual_gearing,0) -> 0 | F50: =IFERROR(ODI_8/Equity_RAV_based_on_actual_gearing,0) -> 0 | G50: =IFERROR(ODI_8/Equity_RAV_based_on_actual_gearing,0) -> 0 | H50: =IFERROR(ODI_8/Equity_RAV_based_on_actual_gearing,0) -> 0 | J50: =IFERROR(AVERAGE(D79:INDEX(D79:H79,0,MATCH('RFPR cover'!$C$9,$D$6:$H$6,0)))/AVERAGE($D$97:INDEX($D$97:$H$97,0,MATCH('RFPR cover'!$C$9,$D$6:$H$6,0))),0) -> 0 | K50: =IFERROR(AVERAGE(D79:H79)/AVERAGE($D$97:$H$97),0) -> 0
A51: i | B51: =B80 -> Network innovation input for RORE | C51: % | D51: =IFERROR(ORA_1/Equity_RAV_based_on_actual_gearing,0) -> -3.6372478e-05 | E51: =IFERROR(ORA_1/Equity_RAV_based_on_actual_gearing,0) -> -7.9328522e-05 | F51: =IFERROR(ORA_1/Equity_RAV_based_on_actual_gearing,0) -> -0.00013194669 | G51: =IFERROR(ORA_1/Equity_RAV_based_on_actual_gearing,0) -> -0.00018402347 | H51: =IFERROR(ORA_1/Equity_RAV_based_on_actual_gearing,0) -> -0.00017809748 | J51: =IFERROR(AVERAGE(D80:INDEX(D80:H80,0,MATCH('RFPR cover'!$C$9,$D$6:$H$6,0)))/AVERAGE($D$97:INDEX($D$97:$H$97,0,MATCH('RFPR cover'!$C$9,$D$6:$H$6,0))),0) -> -0.00012609325 | K51: =IFERROR(AVERAGE(D80:H80)/AVERAGE($D$97:$H$97),0) -> -0.00012609325
A52: ii | B52: =B81 -> Carry-over Network innovation input for RORE | C52: % | D52: =IFERROR(ORA_2/Equity_RAV_based_on_actual_gearing,0) -> -1.1175141e-05 | E52: =IFERROR(ORA_2/Equity_RAV_based_on_actual_gearing,0) -> 0 | F52: =IFERROR(ORA_2/Equity_RAV_based_on_actual_gearing,0) -> 0 | G52: =IFERROR(ORA_2/Equity_RAV_based_on_actual_gearing,0) -> 0 | H52: =IFERROR(ORA_2/Equity_RAV_based_on_actual_gearing,0) -> 0 | J52: =IFERROR(AVERAGE(D81:INDEX(D81:H81,0,MATCH('RFPR cover'!$C$9,$D$6:$H$6,0)))/AVERAGE($D$97:INDEX($D$97:$H$97,0,MATCH('RFPR cover'!$C$9,$D$6:$H$6,0))),0) -> -1.977584e-06 | K52: =IFERROR(AVERAGE(D81:H81)/AVERAGE($D$97:$H$97),0) -> -1.977584e-06
A53: iii | B53: =B82 -> Strategic innovation input for RORE | C53: % | D53: =IFERROR(ORA_3/Equity_RAV_based_on_actual_gearing,0) -> 0 | E53: =IFERROR(ORA_3/Equity_RAV_based_on_actual_gearing,0) -> -1.3407128e-05 | F53: =IFERROR(ORA_3/Equity_RAV_based_on_actual_gearing,0) -> -2.3102874e-05 | G53: =IFERROR(ORA_3/Equity_RAV_based_on_actual_gearing,0) -> -8.6173236e-06 | H53: =IFERROR(ORA_3/Equity_RAV_based_on_actual_gearing,0) -> -0.0001787551 | J53: =IFERROR(AVERAGE(D82:INDEX(D82:H82,0,MATCH('RFPR cover'!$C$9,$D$6:$H$6,0)))/AVERAGE($D$97:INDEX($D$97:$H$97,0,MATCH('RFPR cover'!$C$9,$D$6:$H$6,0))),0) -> -4.8535114e-05 | K53: =IFERROR(AVERAGE(D82:H82)/AVERAGE($D$97:$H$97),0) -> -4.8535114e-05
A54: iv | B54: =B83 | C54: % | D54: =IFERROR(ORA_4/Equity_RAV_based_on_actual_gearing,0) -> 0 | E54: =IFERROR(ORA_4/Equity_RAV_based_on_actual_gearing,0) -> 0 | F54: =IFERROR(ORA_4/Equity_RAV_based_on_actual_gearing,0) -> 0 | G54: =IFERROR(ORA_4/Equity_RAV_based_on_actual_gearing,0) -> 0 | H54: =IFERROR(ORA_4/Equity_RAV_based_on_actual_gearing,0) -> 0 | J54: =IFERROR(AVERAGE(D83:INDEX(D83:H83,0,MATCH('RFPR cover'!$C$9,$D$6:$H$6,0)))/AVERAGE($D$97:INDEX($D$97:$H$97,0,MATCH('RFPR cover'!$C$9,$D$6:$H$6,0))),0) -> 0 | K54: =IFERROR(AVERAGE(D83:H83)/AVERAGE($D$97:$H$97),0) -> 0
A55: v | B55: =B84 | C55: % | D55: =IFERROR(ORA_5/Equity_RAV_based_on_actual_gearing,0) -> 0 | E55: =IFERROR(ORA_5/Equity_RAV_based_on_actual_gearing,0) -> 0 | F55: =IFERROR(ORA_5/Equity_RAV_based_on_actual_gearing,0) -> 0 | G55: =IFERROR(ORA_5/Equity_RAV_based_on_actual_gearing,0) -> 0 | H55: =IFERROR(ORA_5/Equity_RAV_based_on_actual_gearing,0) -> 0 | J55: =IFERROR(AVERAGE(D84:INDEX(D84:H84,0,MATCH('RFPR cover'!$C$9,$D$6:$H$6,0)))/AVERAGE($D$97:INDEX($D$97:$H$97,0,MATCH('RFPR cover'!$C$9,$D$6:$H$6,0))),0) -> 0 | K55: =IFERROR(AVERAGE(D84:H84)/AVERAGE($D$97:$H$97),0) -> 0
A56: vi | B56: =B85 | C56: % | D56: =IFERROR(ORA_6/Equity_RAV_based_on_actual_gearing,0) -> 0 | E56: =IFERROR(ORA_6/Equity_RAV_based_on_actual_gearing,0) -> 0 | F56: =IFERROR(ORA_6/Equity_RAV_based_on_actual_gearing,0) -> 0 | G56: =IFERROR(ORA_6/Equity_RAV_based_on_actual_gearing,0) -> 0 | H56: =IFERROR(ORA_6/Equity_RAV_based_on_actual_gearing,0) -> 0 | J56: =IFERROR(AVERAGE(D85:INDEX(D85:H85,0,MATCH('RFPR cover'!$C$9,$D$6:$H$6,0)))/AVERAGE($D$97:INDEX($D$97:$H$97,0,MATCH('RFPR cover'!$C$9,$D$6:$H$6,0))),0) -> 0 | K56: =IFERROR(AVERAGE(D85:H85)/AVERAGE($D$97:$H$97),0) -> 0
A57: vii | B57: =B86 | C57: % | D57: =IFERROR(ORA_7/Equity_RAV_based_on_actual_gearing,0) -> 0 | E57: =IFERROR(ORA_7/Equity_RAV_based_on_actual_gearing,0) -> 0 | F57: =IFERROR(ORA_7/Equity_RAV_based_on_actual_gearing,0) -> 0 | G57: =IFERROR(ORA_7/Equity_RAV_based_on_actual_gearing,0) -> 0 | H57: =IFERROR(ORA_7/Equity_RAV_based_on_actual_gearing,0) -> 0 | J57: =IFERROR(AVERAGE(D86:INDEX(D86:H86,0,MATCH('RFPR cover'!$C$9,$D$6:$H$6,0)))/AVERAGE($D$97:INDEX($D$97:$H$97,0,MATCH('RFPR cover'!$C$9,$D$6:$H$6,0))),0) -> 0 | K57: =IFERROR(AVERAGE(D86:H86)/AVERAGE($D$97:$H$97),0) -> 0
A58: viii | B58: =B87 | C58: % | D58: =IFERROR(ORA_8/Equity_RAV_based_on_actual_gearing,0) -> 0 | E58: =IFERROR(ORA_8/Equity_RAV_based_on_actual_gearing,0) -> 0 | F58: =IFERROR(ORA_8/Equity_RAV_based_on_actual_gearing,0) -> 0 | G58: =IFERROR(ORA_8/Equity_RAV_based_on_actual_gearing,0) -> 0 | H58: =IFERROR(ORA_8/Equity_RAV_based_on_actual_gearing,0) -> 0 | J58: =IFERROR(AVERAGE(D87:INDEX(D87:H87,0,MATCH('RFPR cover'!$C$9,$D$6:$H$6,0)))/AVERAGE($D$97:INDEX($D$97:$H$97,0,MATCH('RFPR cover'!$C$9,$D$6:$H$6,0))),0) -> 0 | K58: =IFERROR(AVERAGE(D87:H87)/AVERAGE($D$97:$H$97),0) -> 0
B59: =B88 -> Penalties and fines (Other Activities) | C59: % | D59: =IFERROR(Penalties_and_fines/Equity_RAV_based_on_actual_gearing,0) -> 0 | E59: =IFERROR(Penalties_and_fines/Equity_RAV_based_on_actual_gearing,0) -> 0 | F59: =IFERROR(Penalties_and_fines/Equity_RAV_based_on_actual_gearing,0) -> 0 | G59: =IFERROR(Penalties_and_fines/Equity_RAV_based_on_actual_gearing,0) -> 0 | H59: =IFERROR(Penalties_and_fines/Equity_RAV_based_on_actual_gearing,0) -> 0 | J59: =IFERROR(AVERAGE(D88:INDEX(D88:H88,0,MATCH('RFPR cover'!$C$9,$D$6:$H$6,0)))/AVERAGE($D$97:INDEX($D$97:$H$97,0,MATCH('RFPR cover'!$C$9,$D$6:$H$6,0))),0) -> 0 | K59: =IFERROR(AVERAGE(D88:H88)/AVERAGE($D$97:$H$97),0) -> 0
B60: =B89 -> RoRE - Operational performance | C60: % | D60: =SUM(D40:D59) -> 0.050417911 | E60: =SUM(E40:E59) -> 0.047826427 | F60: =SUM(F40:F59) -> 0.052298033 | G60: =SUM(G40:G59) -> 0.054774544 | H60: =SUM(H40:H59) -> 0.055939981 | J60: =SUM(J40:J59) -> 0.052433933 | K60: =SUM(K40:K59) -> 0.052433933
B61: Debt performance - at actual gearing | C61: % | D61: =IFERROR((Debt_performance___at_notional_gearing+Debt_performance___impact_of_actual_gearing)/Equity_RAV_based_on_actual_gearing,0) -> 0.029370602 | E61: =IFERROR((Debt_performance___at_notional_gearing+Debt_performance___impact_of_actual_gearing)/Equity_RAV_based_on_actual_gearing,0) -> 0.049369064 | F61: =IFERROR((Debt_performance___at_notional_gearing+Debt_performance___impact_of_actual_gearing)/Equity_RAV_based_on_actual_gearing,0) -> 0.035125657 | G61: =IFERROR((Debt_performance___at_notional_gearing+Debt_performance___impact_of_actual_gearing)/Equity_RAV_based_on_actual_gearing,0) -> 0.017742494 | H61: =IFERROR((Debt_performance___at_notional_gearing+Debt_performance___impact_of_actual_gearing)/Equity_RAV_based_on_actual_gearing,0) -> 0.024239418 | J61: =IFERROR((AVERAGE(D90:INDEX(D90:H90,0,MATCH('RFPR cover'!$C$9,$D$6:$H$6,0)))+AVERAGE(D91:INDEX(D91:H91,0,MATCH('RFPR cover'!$C$9,$D$6:$H$6,0))))/AVERAGE($D$97:INDEX($D$97:$H$97,0,MATCH('RFPR cover'!$C$9,$D$6:$H$6,0))),0) -> 0.030778543 | K61: =IFERROR((AVERAGE(D90:H90)+AVERAGE(D91:H91))/AVERAGE($D$97:$H$97),0) -> 0.030778543
B62: Tax performance - at actual gearing | C62: % | D62: =IFERROR((Tax_performance___at_notional_gearing+Tax_performance___impact_of_actual_gearing)/D$97,0) -> -0.00054765845 | E62: =IFERROR((Tax_performance___at_notional_gearing+Tax_performance___impact_of_actual_gearing)/E$97,0) -> 0.0026841845 | F62: =IFERROR((Tax_performance___at_notional_gearing+Tax_performance___impact_of_actual_gearing)/F$97,0) -> -0.0040968373 | G62: =IFERROR((Tax_performance___at_notional_gearing+Tax_performance___impact_of_actual_gearing)/G$97,0) -> 0.00069421815 | H62: =IFERROR((Tax_performance___at_notional_gearing+Tax_performance___impact_of_actual_gearing)/H$97,0) -> 0.00046866585 | J62: =IFERROR((AVERAGE(D92:INDEX(D92:H92,0,MATCH('RFPR cover'!$C$9,$D$6:$H$6,0)))+AVERAGE(D93:INDEX(D93:H93,0,MATCH('RFPR cover'!$C$9,$D$6:$H$6,0))))/AVERAGE($D$97:INDEX($D$97:$H$97,0,MATCH('RFPR cover'!$C$9,$D$6:$H$6,0))),0) -> -0.00015358143 | K62: =IFERROR((AVERAGE(D92:H92)+AVERAGE(D93:H93))/AVERAGE($D$97:$H$97),0) -> -0.00015358143
B63: =B94 -> RoRE - including financing and tax | C63: % | D63: =SUM(D60:D62) -> 0.079240855 | E63: =SUM(E60:E62) -> 0.099879675 | F63: =SUM(F60:F62) -> 0.083326853 | G63: =SUM(G60:G62) -> 0.073211256 | H63: =SUM(H60:H62) -> 0.080648064 | J63: =SUM(J60:J62) -> 0.083058894 | K63: =SUM(K60:K62) -> 0.083058894
B66: RoRE input values
B67: ="Input values provided in "&Data!C9&" prices" -> Input values provided in £m 18/19 prices
B69: Equity Return on the RAV | C69: =Data!$C$9 -> £m 18/19 | D69: ='R7 - RAV'!F44 -> 264.82632 | E69: ='R7 - RAV'!G44 -> 271.19509 | F69: ='R7 - RAV'!H44 -> 319.72441 | G69: ='R7 - RAV'!I44 -> 355.65816 | H69: ='R7 - RAV'!J44 -> 380.26224 | J69: =SUM(D69:INDEX(D69:H69,0,MATCH('RFPR cover'!$C$9,$D$6:$H$6,0))) -> 1591.6662 | K69: =SUM(D69:H69) -> 1591.6662
B70: Totex outperformance | C70: =Data!$C$9 -> £m 18/19 | D70: ='R3 - Totex - Reconciliation'!D104 -> 68.134791 | E70: ='R3 - Totex - Reconciliation'!E104 -> 74.120299 | F70: ='R3 - Totex - Reconciliation'!F104 -> 74.492869 | G70: ='R3 - Totex - Reconciliation'!G104 -> 83.554694 | H70: ='R3 - Totex - Reconciliation'!H104 -> 87.179688 | J70: =SUM(D70:INDEX(D70:H70,0,MATCH('RFPR cover'!$C$9,$D$6:$H$6,0))) -> 387.48234 | K70: =SUM(D70:H70) -> 387.48234
A71: a | B71: Business Plan Incentive | C71: =Data!$C$9 -> £m 18/19 | D71: ='R4 - Incentives and Other Rev'!D12 -> -13 | E71: ='R4 - Incentives and Other Rev'!E12 -> -13 | F71: ='R4 - Incentives and Other Rev'!F12 -> -13 | G71: ='R4 - Incentives and Other Rev'!G12 -> -13 | H71: ='R4 - Incentives and Other Rev'!H12 -> -13 | J71: =SUM(D71:INDEX(D71:H71,0,MATCH('RFPR cover'!$C$9,$D$6:$H$6,0))) -> -65 | K71: =SUM(D71:H71) -> -65
A72: b | B72: ='R4 - Incentives and Other Rev'!B14 -> Energy not supplied ODI - (SpC 4.2) | C72: =Data!$C$9 -> £m 18/19 | D72: ='R4 - Incentives and Other Rev'!D14 -> 0.83399659 | E72: ='R4 - Incentives and Other Rev'!E14 -> 0.98304835 | F72: ='R4 - Incentives and Other Rev'!F14 -> 1.0190981 | G72: ='R4 - Incentives and Other Rev'!G14 -> -1.4711062 | H72: ='R4 - Incentives and Other Rev'!H14 -> 0.81874478 | J72: =SUM(D72:INDEX(D72:H72,0,MATCH('RFPR cover'!$C$9,$D$6:$H$6,0))) -> 2.1837816 | K72: =SUM(D72:H72) -> 2.1837816
A73: c | B73: ='R4 - Incentives and Other Rev'!B15 -> Insulation And Interruption Gas emissions ODI - (SpC 4.3) | C73: =Data!$C$9 -> £m 18/19 | D73: ='R4 - Incentives and Other Rev'!D15 -> 1.4363532 | E73: ='R4 - Incentives and Other Rev'!E15 -> 1.1102641 | F73: ='R4 - Incentives and Other Rev'!F15 -> -0.58971806 | G73: ='R4 - Incentives and Other Rev'!G15 -> 1.0500236 | H73: ='R4 - Incentives and Other Rev'!H15 -> 1.7855065 | J73: =SUM(D73:INDEX(D73:H73,0,MATCH('RFPR cover'!$C$9,$D$6:$H$6,0))) -> 4.7924293 | K73: =SUM(D73:H73) -> 4.7924293
A74: d | B74: ='R4 - Incentives and Other Rev'!B16 -> Timely Connections ODI - (SpC 4.4) | C74: =Data!$C$9 -> £m 18/19 | D74: ='R4 - Incentives and Other Rev'!D16 -> -0.26270833 | E74: ='R4 - Incentives and Other Rev'!E16 -> -0.17785824 | F74: ='R4 - Incentives and Other Rev'!F16 -> -0.017989091 | G74: ='R4 - Incentives and Other Rev'!G16 -> -0.10570513 | H74: ='R4 - Incentives and Other Rev'!H16 -> -0.095317919 | J74: =SUM(D74:INDEX(D74:H74,0,MATCH('RFPR cover'!$C$9,$D$6:$H$6,0))) -> -0.65957871 | K74: =SUM(D74:H74) -> -0.65957871
A75: e | B75: ='R4 - Incentives and Other Rev'!B17 -> Quality of connections satisfaction survey ODI - (SpC 4.5) | C75: =Data!$C$9 -> £m 18/19 | D75: ='R4 - Incentives and Other Rev'!D17 -> 0.23532604 | E75: ='R4 - Incentives and Other Rev'!E17 -> -3.2701118 | F75: ='R4 - Incentives and Other Rev'!F17 -> -2.9870223 | G75: ='R4 - Incentives and Other Rev'!G17 -> -7.3686084 | H75: ='R4 - Incentives and Other Rev'!H17 -> -4.1304279 | J75: =SUM(D75:INDEX(D75:H75,0,MATCH('RFPR cover'!$C$9,$D$6:$H$6,0))) -> -17.520844 | K75: =SUM(D75:H75) -> -17.520844
A76: f | B76: ='R4 - Incentives and Other Rev'!B18 -> SO-TO Optimisation ODI - (SpC 4.7) | C76: =Data!$C$9 -> £m 18/19 | D76: ='R4 - Incentives and Other Rev'!D18 -> 5 | E76: ='R4 - Incentives and Other Rev'!E18 -> 5 | F76: ='R4 - Incentives and Other Rev'!F18 -> 5.8556289 | G76: ='R4 - Incentives and Other Rev'!G18 -> 4.1777733 | H76: ='R4 - Incentives and Other Rev'!H18 -> 2.9525169 | J76: =SUM(D76:INDEX(D76:H76,0,MATCH('RFPR cover'!$C$9,$D$6:$H$6,0))) -> 22.985919 | K76: =SUM(D76:H76) -> 22.985919
A77: g | B77: ='R4 - Incentives and Other Rev'!B19 -> Environmental scorecard ODI - (SpC 4.6) | C77: =Data!$C$9 -> £m 18/19 | D77: ='R4 - Incentives and Other Rev'!D19 -> 0.51351564 | E77: ='R4 - Incentives and Other Rev'!E19 -> 0.99994538 | F77: ='R4 - Incentives and Other Rev'!F19 -> 0.97957052 | G77: ='R4 - Incentives and Other Rev'!G19 -> 1.1201004 | H77: ='R4 - Incentives and Other Rev'!H19 -> 1.0746636 | J77: =SUM(D77:INDEX(D77:H77,0,MATCH('RFPR cover'!$C$9,$D$6:$H$6,0))) -> 4.6877955 | K77: =SUM(D77:H77) -> 4.6877955
A78: h | B78: ='R4 - Incentives and Other Rev'!B20 | C78: =Data!$C$9 -> £m 18/19 | D78: ='R4 - Incentives and Other Rev'!D20 -> 0 | E78: ='R4 - Incentives and Other Rev'!E20 -> 0 | F78: ='R4 - Incentives and Other Rev'!F20 -> 0 | G78: ='R4 - Incentives and Other Rev'!G20 -> 0 | H78: ='R4 - Incentives and Other Rev'!H20 -> 0 | J78: =SUM(D78:INDEX(D78:H78,0,MATCH('RFPR cover'!$C$9,$D$6:$H$6,0))) -> 0 | K78: =SUM(D78:H78) -> 0
A79: i | B79: ='R4 - Incentives and Other Rev'!B21 | C79: =Data!$C$9 -> £m 18/19 | D79: ='R4 - Incentives and Other Rev'!D21 -> 0 | E79: ='R4 - Incentives and Other Rev'!E21 -> 0 | F79: ='R4 - Incentives and Other Rev'!F21 -> 0 | G79: ='R4 - Incentives and Other Rev'!G21 -> 0 | H79: ='R4 - Incentives and Other Rev'!H21 -> 0 | J79: =SUM(D79:INDEX(D79:H79,0,MATCH('RFPR cover'!$C$9,$D$6:$H$6,0))) -> 0 | K79: =SUM(D79:H79) -> 0
A80: i | B80: ='R4 - Incentives and Other Rev'!B45 -> Network innovation input for RORE | C80: =Data!$C$9 -> £m 18/19 | D80: =-'R4 - Incentives and Other Rev'!D45 -> -0.2361992 | E80: =-'R4 - Incentives and Other Rev'!E45 -> -0.55782678 | F80: =-'R4 - Incentives and Other Rev'!F45 -> -0.96967406 | G80: =-'R4 - Incentives and Other Rev'!G45 -> -1.4182128 | H80: =-'R4 - Incentives and Other Rev'!H45 -> -1.4452573 | J80: =SUM(D80:INDEX(D80:H80,0,MATCH('RFPR cover'!$C$9,$D$6:$H$6,0))) -> -4.62717 | K80: =SUM(D80:H80) -> -4.62717
A81: ii | B81: ='R4 - Incentives and Other Rev'!B52 -> Carry-over Network innovation input for RORE | C81: =Data!$C$9 -> £m 18/19 | D81: =-'R4 - Incentives and Other Rev'!D52 -> -0.072570239 | E81: =-'R4 - Incentives and Other Rev'!E52 -> 0 | F81: =-'R4 - Incentives and Other Rev'!F52 -> 0 | G81: =-'R4 - Incentives and Other Rev'!G52 -> 0 | H81: =-'R4 - Incentives and Other Rev'!H52 -> 0 | J81: =SUM(D81:INDEX(D81:H81,0,MATCH('RFPR cover'!$C$9,$D$6:$H$6,0))) -> -0.072570239 | K81: =SUM(D81:H81) -> -0.072570239
A82: iii | B82: ='R4 - Incentives and Other Rev'!B59 -> Strategic innovation input for RORE | C82: =Data!$C$9 -> £m 18/19 | D82: =-'R4 - Incentives and Other Rev'!D59 -> 0 | E82: =-'R4 - Incentives and Other Rev'!E59 -> -0.094277 | F82: =-'R4 - Incentives and Other Rev'!F59 -> -0.16978264 | G82: =-'R4 - Incentives and Other Rev'!G59 -> -0.066411086 | H82: =-'R4 - Incentives and Other Rev'!H59 -> -1.4505939 | J82: =SUM(D82:INDEX(D82:H82,0,MATCH('RFPR cover'!$C$9,$D$6:$H$6,0))) -> -1.7810646 | K82: =SUM(D82:H82) -> -1.7810646
A83: iv | B83: ='R4 - Incentives and Other Rev'!B66 | C83: =Data!$C$9 -> £m 18/19 | D83: ='R4 - Incentives and Other Rev'!D66 -> 0 | E83: ='R4 - Incentives and Other Rev'!E66 -> 0 | F83: ='R4 - Incentives and Other Rev'!F66 -> 0 | G83: ='R4 - Incentives and Other Rev'!G66 -> 0 | H83: ='R4 - Incentives and Other Rev'!H66 -> 0 | J83: =SUM(D83:INDEX(D83:H83,0,MATCH('RFPR cover'!$C$9,$D$6:$H$6,0))) -> 0 | K83: =SUM(D83:H83) -> 0
A84: v | B84: ='R4 - Incentives and Other Rev'!B67 | C84: =Data!$C$9 -> £m 18/19 | D84: ='R4 - Incentives and Other Rev'!D67 -> 0 | E84: ='R4 - Incentives and Other Rev'!E67 -> 0 | F84: ='R4 - Incentives and Other Rev'!F67 -> 0 | G84: ='R4 - Incentives and Other Rev'!G67 -> 0 | H84: ='R4 - Incentives and Other Rev'!H67 -> 0 | J84: =SUM(D84:INDEX(D84:H84,0,MATCH('RFPR cover'!$C$9,$D$6:$H$6,0))) -> 0 | K84: =SUM(D84:H84) -> 0
A85: vi | B85: ='R4 - Incentives and Other Rev'!B68 | C85: =Data!$C$9 -> £m 18/19 | D85: ='R4 - Incentives and Other Rev'!D68 -> 0 | E85: ='R4 - Incentives and Other Rev'!E68 -> 0 | F85: ='R4 - Incentives and Other Rev'!F68 -> 0 | G85: ='R4 - Incentives and Other Rev'!G68 -> 0 | H85: ='R4 - Incentives and Other Rev'!H68 -> 0 | J85: =SUM(D85:INDEX(D85:H85,0,MATCH('RFPR cover'!$C$9,$D$6:$H$6,0))) -> 0 | K85: =SUM(D85:H85) -> 0
A86: vii | B86: ='R4 - Incentives and Other Rev'!B69 | C86: =Data!$C$9 -> £m 18/19 | D86: ='R4 - Incentives and Other Rev'!D69 -> 0 | E86: ='R4 - Incentives and Other Rev'!E69 -> 0 | F86: ='R4 - Incentives and Other Rev'!F69 -> 0 | G86: ='R4 - Incentives and Other Rev'!G69 -> 0 | H86: ='R4 - Incentives and Other Rev'!H69 -> 0 | J86: =SUM(D86:INDEX(D86:H86,0,MATCH('RFPR cover'!$C$9,$D$6:$H$6,0))) -> 0 | K86: =SUM(D86:H86) -> 0
A87: viii | B87: ='R4 - Incentives and Other Rev'!B70 | C87: =Data!$C$9 -> £m 18/19 | D87: ='R4 - Incentives and Other Rev'!D70 -> 0 | E87: ='R4 - Incentives and Other Rev'!E70 -> 0 | F87: ='R4 - Incentives and Other Rev'!F70 -> 0 | G87: ='R4 - Incentives and Other Rev'!G70 -> 0 | H87: ='R4 - Incentives and Other Rev'!H70 -> 0 | J87: =SUM(D87:INDEX(D87:H87,0,MATCH('RFPR cover'!$C$9,$D$6:$H$6,0))) -> 0 | K87: =SUM(D87:H87) -> 0
B88: Penalties and fines (Other Activities) | C88: =Data!$C$9 -> £m 18/19 | D88: =-'R10 - Pensions & Oth Activities'!D54 -> 0 | E88: =-'R10 - Pensions & Oth Activities'!E54 -> 0 | F88: =-'R10 - Pensions & Oth Activities'!F54 -> 0 | G88: =-'R10 - Pensions & Oth Activities'!G54 -> 0 | H88: =-'R10 - Pensions & Oth Activities'!H54 -> 0 | J88: =SUM(D88:INDEX(D88:H88,0,MATCH('RFPR cover'!$C$9,$D$6:$H$6,0))) -> 0 | K88: =SUM(D88:H88) -> 0
B89: RoRE - Operational performance | C89: =Data!$C$9 -> £m 18/19 | D89: =SUM(D69:D88) -> 327.40882 | E89: =SUM(E69:E88) -> 336.30857 | F89: =SUM(F69:F88) -> 384.33739 | G89: =SUM(G69:G88) -> 422.13071 | H89: =SUM(H69:H88) -> 453.95176 | J89: =SUM(J69:J88) -> 1924.1372 | K89: =SUM(K69:K88) -> 1924.1372
B90: Debt performance - at notional gearing | C90: =Data!$C$9 -> £m 18/19 | D90: =IFERROR('R5 - Financing'!D85,0) -> 191.91321 | E90: =IFERROR('R5 - Financing'!E85,0) -> 365.89405 | F90: =IFERROR('R5 - Financing'!F85,0) -> 270.51278 | G90: =IFERROR('R5 - Financing'!G85,0) -> 132.14172 | H90: =IFERROR('R5 - Financing'!H85,0) -> 195.9732 | J90: =SUM(D90:INDEX(D90:H90,0,MATCH('RFPR cover'!$C$9,$D$6:$H$6,0))) -> 1156.435 | K90: =SUM(D90:H90) -> 1156.435
B91: Debt performance - impact of actual gearing | C91: =Data!$C$9 -> £m 18/19 | D91: =IFERROR('R5 - Financing'!D87,0) -> -1.1834882 | E91: =IFERROR('R5 - Financing'!E87,0) -> -18.737878 | F91: =IFERROR('R5 - Financing'!F87,0) -> -12.374897 | G91: =IFERROR('R5 - Financing'!G87,0) -> 4.5942712 | H91: =IFERROR('R5 - Financing'!H87,0) -> 0.72916131 | J91: =SUM(D91:INDEX(D91:H91,0,MATCH('RFPR cover'!$C$9,$D$6:$H$6,0))) -> -26.97283 | K91: =SUM(D91:H91) -> -26.97283
B92: Tax performance - at notional gearing | C92: =Data!$C$9 -> £m 18/19 | D92: =IFERROR('R8 - Tax'!E62,0) -> -3.7813014 | E92: =IFERROR('R8 - Tax'!F62,0) -> 15.314603 | F92: =IFERROR('R8 - Tax'!G62,0) -> -33.201314 | G92: =IFERROR('R8 - Tax'!H62,0) -> 6.4986954 | H92: =IFERROR('R8 - Tax'!I62,0) -> 3.9855038 | J92: =SUM(D92:INDEX(D92:H92,0,MATCH('RFPR cover'!$C$9,$D$6:$H$6,0))) -> -11.183813 | K92: =SUM(D92:H92) -> -11.183813
B93: Tax performance - impact of actual gearing | C93: =Data!$C$9 -> £m 18/19 | D93: =IFERROR('R8 - Tax'!E64,0) -> 0.22486276 | E93: =IFERROR('R8 - Tax'!F64,0) -> 3.5601967 | F93: =IFERROR('R8 - Tax'!G64,0) -> 3.0937242 | G93: =IFERROR('R8 - Tax'!H64,0) -> -1.1485678 | H93: =IFERROR('R8 - Tax'!I64,0) -> -0.18229033 | J93: =SUM(D93:INDEX(D93:H93,0,MATCH('RFPR cover'!$C$9,$D$6:$H$6,0))) -> 5.5479256 | K93: =SUM(D93:H93) -> 5.5479256
B94: RoRE - including financing and tax | C94: =Data!$C$9 -> £m 18/19 | D94: =IF(OR(Licensee=Data!$B$86,Licensee=Data!$B$89),"N/A",SUM(D89:D93)) -> 514.58211 | E94: =IF(OR(Licensee=Data!$B$86,Licensee=Data!$B$89),"N/A",SUM(E89:E93)) -> 702.33954 | F94: =IF(OR(Licensee=Data!$B$86,Licensee=Data!$B$89),"N/A",SUM(F89:F93)) -> 612.36768 | G94: =IF(OR(Licensee=Data!$B$86,Licensee=Data!$B$89),"N/A",SUM(G89:G93)) -> 564.21683 | H94: =IF(OR(Licensee=Data!$B$86,Licensee=Data!$B$89),"N/A",SUM(H89:H93)) -> 654.45733 | J94: =SUM(J89:J93) -> 3047.9635 | K94: =SUM(K89:K93) -> 3047.9635
B96: NPV-neutral equity RAV based on notional gearing | C96: =Data!$C$9 -> £m 18/19 | D96: ='R7 - RAV'!F40 -> 6240.0978 | E96: ='R7 - RAV'!G40 -> 6363.6778 | F96: ='R7 - RAV'!H40 -> 6512.118 | G96: ='R7 - RAV'!I40 -> 6838.0654 | H96: ='R7 - RAV'!J40 -> 7465.83
B97: Equity RAV based on actual gearing | C97: =Data!$C$9 -> £m 18/19 | D97: =IFERROR('R6 - Net Debt'!D73,0) -> 6493.899 | E97: =IFERROR('R6 - Net Debt'!E73,0) -> 7031.8564 | F97: =IFERROR('R6 - Net Debt'!F73,0) -> 7348.9836 | G97: =IFERROR('R6 - Net Debt'!G73,0) -> 7706.6951 | H97: =IFERROR('R6 - Net Debt'!H73,0) -> 8114.9788

Sheet R2 - Rec to Revenue and Profit
A1: R2 - Reconciliation to Revenue and Profit
A2: =Licensee -> NGET (TO)
A3: =Reporting_Year -> 2026
E5: =IF(E6<=Reporting_Year,"Actuals","Forecast") -> Actuals | F5: =IF(F6<=Reporting_Year,"Actuals","Forecast") -> Actuals | G5: =IF(G6<=Reporting_Year,"Actuals","Forecast") -> Actuals | H5: =IF(H6<=Reporting_Year,"Actuals","Forecast") -> Actuals | I5: =IF(I6<=Reporting_Year,"Actuals","Forecast") -> Actuals
E6: =RIIO_2_start_date -> 2022 | F6: =E6+1 -> 2023 | G6: =F6+1 -> 2024 | H6: =G6+1 -> 2025 | I6: =H6+1 -> 2026
E7: =RIIO_2_start_date-1&"/"&RIGHT(RIIO_2_start_date,2) -> 2021/22 | F7: =RIIO_2_start_date&"/"&RIGHT(RIIO_2_start_date+1,2) -> 2022/23 | G7: =RIIO_2_start_date+1&"/"&RIGHT(RIIO_2_start_date+2,2) -> 2023/24 | H7: =RIIO_2_start_date+2&"/"&RIGHT(RIIO_2_start_date+3,2) -> 2024/25 | I7: =RIIO_2_start_date+3&"/"&RIGHT(RIIO_2_start_date+4,2) -> 2025/26
B9: Reconciliation: Regulated Network Revenue to Accounts
B11: Allowed Revenue - per latest published PCFM
B13: Calculated revenue (as published) | C13: =IF(Licensee="NGGT (SO)","SORt* x PIt* / PI2018/19",IF(Sector="ED2","Rt* x PIt* / PI2020/21","Rt* x PIt* / PI2018/19")) -> Rt* x PIt* / PI2018/19 | D13: £m nominal | E13: 1808.399 | F13: 1872.7854 | G13: 2288.3358 | H13: 2310.6742 | I13: 2539.25
B14: AIP adjustment term (as published)- not applicable to ED sector | C14: =IF(Licensee="NGGT (SO)","SOADJt*","ADJt*") -> ADJt* | D14: £m nominal | E14: 0 | F14: 102.96049 | G14: 56.05933 | H14: -216.14248 | I14: -69.174117
B15: =IF(Sector="ED2","Calculated revenue","Adjusted revenue (as published)") -> Adjusted revenue (as published) | C15: =IF(Licensee="NGGT (SO)","SOADJRt*",IF(Sector="ED2"," ","ADJRt*")) -> ADJRt* | D15: £m nominal | E15: =SUM(E13:E14) -> 1808.399 | F15: =SUM(F13:F14) -> 1975.7459 | G15: =SUM(G13:G14) -> 2344.3951 | H15: =SUM(H13:H14) -> 2094.5317 | I15: =SUM(I13:I14) -> 2470.0759
B16: Legacy Allowed Revenue | C16: =IF(OR(Licensee="ESO",Licensee="NGGT (SO)"),"SOLARt","LARt") -> LARt | D16: £m nominal | E16: -43.756082 | F16: -173.189 | G16: -57.100035 | H16: -71.260636 | I16: -63.499394
B17: K Correction Factor | C17: =IF(Licensee="NGGT (SO)","SOKt","Kt") -> Kt | D17: £m nominal | E17: -15.416465 | F17: -39.140783 | G17: 75.450259 | H17: -21.632113 | I17: -27.487451
B18: Forecasting penalty (ED only) | C18: FPt | D18: £m nominal | E18: 0 | F18: 0 | G18: 0 | H18: 0 | I18: 0
B19: Allowed Network Revenue | C19: =IF(Licensee="ESO","SOIARt",IF(Licensee="NGGT (SO)","SOARt","ARt")) -> ARt | D19: £m nominal | E19: =SUM(E15:E18) -> 1749.2265 | F19: =SUM(F15:F18) -> 1763.4161 | G19: =SUM(G15:G18) -> 2362.7453 | H19: =SUM(H15:H18) -> 2001.639 | I19: =SUM(I15:I18) -> 2379.0891
B21: (Under) / Over recovery | D21: £m nominal | E21: =IF(ISBLANK(E25),0,E25-E19) -> 38.641417 | F21: =IF(ISBLANK(F25),0,F25-F19) -> -72.960057 | G21: =IF(ISBLANK(G25),0,G25-G19) -> 20.384355 | H21: =IF(ISBLANK(H25),0,H25-H19) -> 25.919701 | I21: =IF(ISBLANK(I25),0,I25-I19) -> 6.6245398
B25: Collected Regulated Network Revenue (per latest PCFM) | C25: RRt | D25: £m nominal | E25: 1787.8679 | F25: 1690.456 | G25: 2383.1297 | H25: 2027.5587 | I25: 2385.7136
B27: Other Turnover Items
B28: Strategic Innovation Fund (SIF) payments received from TO | D28: £m nominal | E28: 0 | F28: 0 | G28: 0 | H28: 0 | I28: 0
B29: Legacy Metering Equipment charges | D29: £m nominal | E29: 0 | F29: 0 | G29: 0 | H29: 0 | I29: 0
B30: Directly Remunerated Services revenue | D30: £m nominal | E30: 188.89031 | F30: 178.68993 | G30: 214.93779 | H30: 220.65317 | I30: 224.95204
B31: Network Asset Secondary Deliverables incentive/penalty | D31: £m nominal | E31: 0 | F31: 0 | G31: 0 | H31: 0 | I31: 0
B32: Charging outside the Distribution Services Area (Out of Area Charges) | D32: £m nominal | E32: 0 | F32: 0 | G32: 0 | H32: 0 | I32: 0
B33: De Minimis Business of the licensee | D33: £m nominal | E33: 15.11218 | F33: 17.695826 | G33: 15.622014 | H33: 15.46581 | I33: 56.440407
B34: Other consented activities | D34: £m nominal | E34: 19.829861 | F34: 48.237563 | G34: 108.09379 | H34: 331.77776 | I34: 216.37239
B35: Data Services revenue | D35: £m nominal | E35: 0 | F35: 0 | G35: 0 | H35: 0 | I35: 0
B36: [Input description, add additional rows as required] | D36: £m nominal | E36: 0 | F36: 0 | G36: 0 | H36: 0 | I36: 0
B37: Total Other Turnover Items | D37: £m nominal | E37: =SUM(E28:E36) -> 223.83235 | F37: =SUM(F28:F36) -> 244.62331 | G37: =SUM(G28:G36) -> 338.65359 | H37: =SUM(H28:H36) -> 567.89675 | I37: =SUM(I28:I36) -> 497.76484
B39: Other adjustments - please list
B40: Deeside & RICA NIC | D40: £m nominal | E40: 10.86032 | F40: 0 | G40: 0 | H40: 0 | I40: 0
B41: NG ETO adjustment (Capital contributions, Asset usage) | D41: £m nominal | E41: 10.078865 | F41: 12.560792 | G41: 13.324924 | H41: 22.064909 | I41: 12.96206
B42: BritNed Recharges | D42: £m nominal | E42: 1.8994632 | F42: 2.6434342 | G42: 0 | H42: 0 | I42: 0
B43: Western Link LD | D43: £m nominal | E43: 0.69026925 | F43: 2.8759512 | G43: 0 | H43: 0 | I43: 0
B44: Other | D44: £m nominal | E44: 1.2276197 | F44: 2.608627 | G44: -1.8151306 | H44: 0.66457572 | I44: 0.27182907
B45: National Gas Transmission Transitional Service Agreements | D45: £m nominal | E45: 0 | F45: 28.084505 | G45: 0 | H45: 0 | I45: -11.36267
B46: Property Disposals | D46: £m nominal | E46: 0 | F46: 1.3831248 | G46: 0.39790638 | H46: -0.00902032 | I46: 0
B47: Projects that moved from OpEx Customer Funded into CapEx Customer Funded | D47: £m nominal | E47: 0 | F47: 2.0224021 | G47: 1.0823022 | H47: 0.95105835 | I47: -4.0422196
B48: De Minimis Business of the license adjustment | D48: £m nominal | E48: 0 | F48: 0 | G48: 0.12672143 | H48: 0 | I48: -23.16
B49: Other consented activities adjustment | D49: £m nominal | E49: 0 | F49: 0 | G49: 0 | H49: 0 | I49: 38.54
B50: [Input description] | D50: £m nominal | E50: 0 | F50: 0 | G50: 0 | H50: 0 | I50: 0
B51: [Input description] | D51: £m nominal | E51: 0 | F51: 0 | G51: 0 | H51: 0 | I51: 0
... B55: [Input description] | D55: £m nominal | E55: 0 | F55: 0 | G55: 0 | H55: 0 | I55: 0
B56: Total other adjustments | D56: £m nominal | E56: =SUM(E40:E55) -> 24.756537 | F56: =SUM(F40:F55) -> 52.178836 | G56: =SUM(G40:G55) -> 13.116724 | H56: =SUM(H40:H55) -> 23.671523 | I56: =SUM(I40:I55) -> 13.209
B58: Reconciled total revenue | D58: £m nominal | E58: =E25+E37+E56 -> 2036.4568 | F58: =F25+F37+F56 -> 1987.2582 | G58: =G25+G37+G56 -> 2734.9 | H58: =H25+H37+H56 -> 2619.1269 | I58: =I25+I37+I56 -> 2896.6874
B59: Turnover as per Profit and Loss (Stat Accounts) | D59: £m nominal | E59: 2036.5 | F59: 1987.3 | G59: 2734.9 | H59: 2619.1269 | I59: 2896.674
B60: Check | E60: =IF(ABS(E58-E59)<Data!$F$7,"OK","Error") -> OK | F60: =IF(ABS(F58-F59)<Data!$F$7,"OK","Error") -> OK | G60: =IF(ABS(G58-G59)<Data!$F$7,"OK","Error") -> OK | H60: =IF(ABS(H58-H59)<Data!$F$7,"OK","Error") -> OK | I60: =IF(ABS(I58-I59)<Data!$F$7,"OK","Error") -> OK
B64: Reconciliation: Regulated Network Profit to Statutory Accounts
E66: =IF(E$6<=Reporting_Year,"Actuals","N/A") -> Actuals | F66: =IF(F$6<=Reporting_Year,"Actuals","N/A") -> Actuals | G66: =IF(G$6<=Reporting_Year,"Actuals","N/A") -> Actuals | H66: =IF(H$6<=Reporting_Year,"Actuals","N/A") -> Actuals | I66: =IF(I$6<=Reporting_Year,"Actuals","N/A") -> Actuals
B68: Turnover/Revenue as per Statutory Accounts | D68: £m nominal | E68: =E59 -> 2036.5 | F68: =F59 -> 1987.3 | G68: =G59 -> 2734.9 | H68: =H59 -> 2619.1269 | I68: =I59 -> 2896.674
B69: Collected Regulated Network Revenue | D69: £m nominal | E69: =E25 -> 1787.8679 | F69: =F25 -> 1690.456 | G69: =G25 -> 2383.1297 | H69: =H25 -> 2027.5587 | I69: =I25 -> 2385.7136 | J69: To be manually entered by Cadent (combined networks regulated revenue)
B72: Operating Costs, Pensions and Other Costs as per Statutory Accounts (excluding depreciation & amortisation) | D72: £m nominal | E72: ='R3 - Totex - Reconciliation'!D130 -> 475.93312 | F72: ='R3 - Totex - Reconciliation'!E130 -> 487.91084 | G72: ='R3 - Totex - Reconciliation'!F130 -> 562 | H72: ='R3 - Totex - Reconciliation'!G130 -> 834 | I72: ='R3 - Totex - Reconciliation'!H130 -> 771
B73: Reconciliation
B75: Total Costs not related to the price control Regulated business (excluding depreciation & amortisation) | D75: £m nominal | E75: ='R3 - Totex - Reconciliation'!D158 -> 16.82506 | F75: ='R3 - Totex - Reconciliation'!E158 -> 22.121327 | G75: ='R3 - Totex - Reconciliation'!F158 -> -88.616175 | H75: ='R3 - Totex - Reconciliation'!G158 -> -373.76646 | I75: ='R3 - Totex - Reconciliation'!H158 -> -231.13595
B76: Atypical costs adjustment (reported on cash basis) | D76: £m nominal | E76: 0 | F76: 0 | G76: 0 | H76: 0 | I76: 0
B78: Total Operating Costs as reported in the latest RRP submission (excluding depreciation & amortisation) | D78: £m nominal | E78: ='R3 - Totex - Reconciliation'!D130+'R3 - Totex - Reconciliation'!D158+E76 -> 492.75818 | F78: ='R3 - Totex - Reconciliation'!E130+'R3 - Totex - Reconciliation'!E158+F76 -> 510.03216 | G78: ='R3 - Totex - Reconciliation'!F130+'R3 - Totex - Reconciliation'!F158+G76 -> 473.38383 | H78: ='R3 - Totex - Reconciliation'!G130+'R3 - Totex - Reconciliation'!G158+H76 -> 460.23354 | I78: ='R3 - Totex - Reconciliation'!H130+'R3 - Totex - Reconciliation'!H158+I76 -> 539.86405
B79: Difference | D79: £m nominal | E79: =IF(ABS(E78-SUM(E72,E75,E76))<=materiality_threshold,"ok","error") -> ok | F79: =IF(ABS(F78-SUM(F72,F75,F76))<=materiality_threshold,"ok","error") -> ok | G79: =IF(ABS(G78-SUM(G72,G75,G76))<=materiality_threshold,"ok","error") -> ok | H79: =IF(ABS(H78-SUM(H72,H75,H76))<=materiality_threshold,"ok","error") -> ok | I79: =IF(ABS(I78-SUM(I72,I75,I76))<=materiality_threshold,"ok","error") -> ok
B81: Earnings/ Operating Profit (EBITDA) per Statutory Accounts | D81: £m nominal | E81: =E68-E72 -> 1560.5669 | F81: =F68-F72 -> 1499.3892 | G81: =G68-G72 -> 2172.9 | H81: =H68-H72 -> 1785.1269 | I81: =I68-I72 -> 2125.674
B82: Operating Profit related to Regulated business | D82: £m nominal | E82: =E69-E78 -> 1295.1097 | F82: =F69-F78 -> 1180.4239 | G82: =G69-G78 -> 1909.7459 | H82: =H69-H78 -> 1567.3251 | I82: =I69-I78 -> 1845.8495
B84: Depreciation and Amortisation costs as per Statutory Accounts | D84: £m nominal | E84: ='R3 - Totex - Reconciliation'!D125 -> 514 | F84: ='R3 - Totex - Reconciliation'!E125 -> 490 | G84: ='R3 - Totex - Reconciliation'!F125 -> 525 | H84: ='R3 - Totex - Reconciliation'!G125 -> 544 | I84: ='R3 - Totex - Reconciliation'!H125 -> 552
B85: Reconciliation
B86: Costs not related to the price control Regulated business
B87: Depreciation, amortisation related to capex adjustments | D87: £m nominal | E87: 0 | F87: 0 | G87: 0 | H87: 0 | I87: 0
B88: Other [Input description, add additional rows as required] | D88: £m nominal | E88: 0 | F88: 0 | G88: 0 | H88: 0 | I88: 0
B89: Total Adjustments | D89: £m nominal | E89: =SUM(E87:E88) -> 0 | F89: =SUM(F87:F88) -> 0 | G89: =SUM(G87:G88) -> 0 | H89: =SUM(H87:H88) -> 0 | I89: =SUM(I87:I88) -> 0
B91: Total Depreciation and Amortisation Costs related to the Regulated business | D91: £m nominal | E91: =SUM(E84,E89) -> 514 | F91: =SUM(F84,F89) -> 490 | G91: =SUM(G84,G89) -> 525 | H91: =SUM(H84,H89) -> 544 | I91: =SUM(I84,I89) -> 552
B93: Earnings before Interest and Taxes (EBIT) per Statutory Accounts | D93: £m nominal | E93: =E81-E84 -> 1046.5669 | F93: =F81-F84 -> 1009.3892 | G93: =G81-G84 -> 1647.9 | H93: =H81-H84 -> 1241.1269 | I93: =I81-I84 -> 1573.674
B94: Operating Profit before Interest and Taxes related to Regulated business | D94: £m nominal | E94: =E82-E91 -> 781.10971 | F94: =F82-F91 -> 690.42386 | G94: =G82-G91 -> 1384.7459 | H94: =H82-H91 -> 1023.3251 | I94: =I82-I91 -> 1293.8495
B96: Net Interest as per Statutory Accounts | D96: £m nominal | E96: ='R5 - Financing'!D9 -> 243.39718 | F96: ='R5 - Financing'!E9 -> 315.6058 | G96: ='R5 - Financing'!F9 -> 241.99008 | H96: ='R5 - Financing'!G9 -> 225.85626 | I96: ='R5 - Financing'!H9 -> 183.68349
B97: 1.exclude allocated to non-regulted & applicable business (statutory basis) | D97: £m nominal | E97: 0 | F97: 0 | G97: 0 | H97: 0 | I97: 0 | J97: Only appicable for NGT
B98: 2.exclude allocated to GSO (regulated basis) | D98: £m nominal | E98: 0 | F98: 0 | G98: 0 | H98: 0 | I98: 0 | J98: Only appicable for NGT
B99: Net Interest Per Regulatory (RIIO-2) Definition | D99: £m nominal | E99: ='R5 - Financing'!D29 -> 334.09657 | F99: ='R5 - Financing'!E29 -> 539.93889 | G99: ='R5 - Financing'!F29 -> 399.663 | H99: ='R5 - Financing'!G29 -> 376.65045 | I99: ='R5 - Financing'!H29 -> 460.48444
B100: Difference | D100: £m nominal | E100: =E96-E99 -> -90.699392 | F100: =F96-F99 -> -224.3331 | G100: =G96-G99 -> -157.67292 | H100: =H96-H99 -> -150.79418 | I100: =I96-I99 -> -276.80095
B102: Tax as per Statutory Accounts | D102: £m nominal | E102: 514 | F102: 160 | G102: 364 | H102: 263 | I102: 372
B103: Less Deferred Taxes | D103: £m nominal | E103: -407 | F103: -90 | G103: -191 | H103: -323 | I103: -464
B104: Tax as per Statutory Accounts (net of deferred taxes) | D104: £m nominal | E104: =SUM(E102:E103) -> 107 | F104: =SUM(F102:F103) -> 70 | G104: =SUM(G102:G103) -> 173 | H104: =SUM(H102:H103) -> -60 | I104: =SUM(I102:I103) -> -92
B105: Tax related to Regulated business | D105: £m nominal | E105: =Adjusted_regulated_tax_liability -> 137.43723 | F105: =Adjusted_regulated_tax_liability -> 92.407976 | G105: =Adjusted_regulated_tax_liability -> 79.398224 | H105: =Adjusted_regulated_tax_liability -> -8.8817842e-16 | I105: =Adjusted_regulated_tax_liability -> 1.9548212
B106: Difference | D106: £m nominal | E106: =E104-E105 -> -30.437233 | F106: =F104-F105 -> -22.407976 | G106: =G104-G105 -> 93.601776 | H106: =H104-H105 -> -60 | I106: =I104-I105 -> -93.954821
B108: Net Profit as per Statutory Accounts | D108: £m nominal | E108: =IFERROR(E93-E96-E102,0) -> 289.1697 | F108: =IFERROR(F93-F96-F102,0) -> 533.78337 | G108: =IFERROR(G93-G96-G102,0) -> 1041.9099 | H108: =IFERROR(H93-H96-H102,0) -> 752.27068 | I108: =IFERROR(I93-I96-I102,0) -> 1017.9905
B109: Net Profit related to Regulated business | D109: £m nominal | E109: =IFERROR(E94-E99-E105,0) -> 309.57591 | F109: =IFERROR(F94-F99-F105,0) -> 58.076993 | G109: =IFERROR(G94-G99-G105,0) -> 905.68464 | H109: =IFERROR(H94-H99-H105,0) -> 646.67467 | I109: =IFERROR(I94-I99-I105,0) -> 831.41028
B110: Difference | D110: £m nominal | E110: =IFERROR(E108-E109,0) -> -20.406203 | F110: =IFERROR(F108-F109,0) -> 475.70637 | G110: =IFERROR(G108-G109,0) -> 136.22528 | H110: =IFERROR(H108-H109,0) -> 105.59601 | I110: =IFERROR(I108-I109,0) -> 186.58018
B116: Supporting Comments/Narrative

Sheet R3 - Totex - Reconciliation
A1: R3 - Totex & Reconciliation
A2: =Licensee -> NGET (TO)
A3: =Reporting_Year -> 2026
D5: =IF(D6<=Reporting_Year,"Actuals","Forecast") -> Actuals | E5: =IF(E6<=Reporting_Year,"Actuals","Forecast") -> Actuals | F5: =IF(F6<=Reporting_Year,"Actuals","Forecast") -> Actuals | G5: =IF(G6<=Reporting_Year,"Actuals","Forecast") -> Actuals | H5: =IF(H6<=Reporting_Year,"Actuals","Forecast") -> Actuals
D6: ='RFPR cover'!$C$6 -> 2022 | E6: =D6+1 -> 2023 | F6: =E6+1 -> 2024 | G6: =F6+1 -> 2025 | H6: =G6+1 -> 2026 | I6: ="Cumulative to "&'RFPR cover'!$C$9 -> Cumulative to 2026 | J6: RIIO-2 period
D7: =RIIO_2_start_date-1&"/"&RIGHT(RIIO_2_start_date,2) -> 2021/22 | E7: =RIIO_2_start_date&"/"&RIGHT(RIIO_2_start_date+1,2) -> 2022/23 | F7: =RIIO_2_start_date+1&"/"&RIGHT(RIIO_2_start_date+2,2) -> 2023/24 | G7: =RIIO_2_start_date+2&"/"&RIGHT(RIIO_2_start_date+3,2) -> 2024/25 | H7: =RIIO_2_start_date+3&"/"&RIGHT(RIIO_2_start_date+4,2) -> 2025/26
B8: Totex per the latest PCFM
B9: In this section, rows 13-99 do not apply to ESO
B11: =IF(Sector="GD2","Capitalisation 1 totex (excluding repex)","Capitalisation 1 totex") -> Capitalisation 1 totex
B13: Latest Totex actuals/forecast | C13: =Data!$C$9 -> £m 18/19 | D13: 1042.9806 | E13: 978.92992 | F13: 1007.1061 | G13: 1009.6891 | H13: 1018.2998 | I13: =SUM(D13:INDEX(D13:H13,0,MATCH('RFPR cover'!$C$9,$D$6:$H$6,0))) -> 5057.0054 | J13: =SUM(D13:H13) -> 5057.0054
B14: Totex allowance | C14: =Data!$C$9 -> £m 18/19 | D14: 1650.6231 | E14: 1446.2524 | F14: 1156.5193 | G14: 1069.9616 | H14: 993.86074 | I14: =SUM(D14:INDEX(D14:H14,0,MATCH('RFPR cover'!$C$9,$D$6:$H$6,0))) -> 6317.2172 | J14: =SUM(D14:H14) -> 6317.2172
B15: Totex out(under)performance | C15: =Data!$C$9 -> £m 18/19 | D15: =D14-D13 -> 607.64253 | E15: =E14-E13 -> 467.3225 | F15: =F14-F13 -> 149.41322 | G15: =G14-G13 -> 60.272543 | H15: =H14-H13 -> -24.439029 | I15: =I14-I13 -> 1260.2118 | J15: =J14-J13 -> 1260.2118
B17: Funding Adjustment Rate (often referred to as 'sharing factor') | C17: % | D17: =INDEX(Data!$C$63:$C$91,MATCH('RFPR cover'!$C$7,Data!$B$63:$B$91,0),0) -> 0.67 | E17: =INDEX(Data!$C$63:$C$91,MATCH('RFPR cover'!$C$7,Data!$B$63:$B$91,0),0) -> 0.67 | F17: =INDEX(Data!$C$63:$C$91,MATCH('RFPR cover'!$C$7,Data!$B$63:$B$91,0),0) -> 0.67 | G17: =INDEX(Data!$C$63:$C$91,MATCH('RFPR cover'!$C$7,Data!$B$63:$B$91,0),0) -> 0.67 | H17: =INDEX(Data!$C$63:$C$91,MATCH('RFPR cover'!$C$7,Data!$B$63:$B$91,0),0) -> 0.67
B19: Customer share of out(under) performance | C19: =Data!$C$9 -> £m 18/19 | D19: =D15*D17 -> 407.1205 | E19: =E15*E17 -> 313.10608 | F19: =F15*F17 -> 100.10686 | G19: =G15*G17 -> 40.382604 | H19: =H15*H17 -> -16.374149 | I19: =SUM(D19:INDEX(D19:H19,0,MATCH('RFPR cover'!$C$9,$D$6:$H$6,0))) -> 844.34188 | J19: =SUM(D19:H19) -> 844.34188
B20: NWO share of performance | C20: =Data!$C$9 -> £m 18/19 | D20: =D15*(1-D17) -> 200.52204 | E20: =E15*(1-E17) -> 154.21643 | F20: =F15*(1-F17) -> 49.306362 | G20: =G15*(1-G17) -> 19.889939 | H20: =H15*(1-H17) -> -8.0648795 | I20: =SUM(D20:INDEX(D20:H20,0,MATCH('RFPR cover'!$C$9,$D$6:$H$6,0))) -> 415.86988 | J20: =SUM(D20:H20) -> 415.86988
B22: Enduring Value adjustments to Totex performance
B23: T1+2 Deferral | C23: =Data!$C$9 -> £m 18/19 | D23: 65.304844 | E23: 145.06563 | F23: 10.469946 | G23: 40.537805 | H23: 8.1124584 | I23: =SUM(D23:INDEX(D23:H23,0,MATCH('RFPR cover'!$C$9,$D$6:$H$6,0))) -> 269.49069 | J23: =SUM(D23:H23) -> 269.49069
B24: T1 Non Load | C24: =Data!$C$9 -> £m 18/19 | D24: 223.674 | E24: 92.227924 | F24: 28.827056 | G24: 19.586655 | H24: 12.321455 | I24: =SUM(D24:INDEX(D24:H24,0,MATCH('RFPR cover'!$C$9,$D$6:$H$6,0))) -> 376.63709 | J24: =SUM(D24:H24) -> 376.63709
B25: ISS Deferral | C25: =Data!$C$9 -> £m 18/19 | D25: 31.534032 | E25: 12.775935 | F25: -1.2317571 | G25: 2.9369701 | H25: 0 | I25: =SUM(D25:INDEX(D25:H25,0,MATCH('RFPR cover'!$C$9,$D$6:$H$6,0))) -> 46.01518 | J25: =SUM(D25:H25) -> 46.01518
B26: T1/T2 Offset | C26: =Data!$C$9 -> £m 18/19 | D26: 15.688 | E26: 15.688 | F26: 15.688 | G26: 15.688 | H26: 15.688 | I26: =SUM(D26:INDEX(D26:H26,0,MATCH('RFPR cover'!$C$9,$D$6:$H$6,0))) -> 78.44 | J26: =SUM(D26:H26) -> 78.44
B27: Pre-Con Adjustment + Easements | C27: =Data!$C$9 -> £m 18/19 | D27: -42.933374 | E27: -21.686456 | F27: -17.932319 | G27: -19.578416 | H27: -90.082373 | I27: =SUM(D27:INDEX(D27:H27,0,MATCH('RFPR cover'!$C$9,$D$6:$H$6,0))) -> -192.21294 | J27: =SUM(D27:H27) -> -192.21294
B28: Bridging Allowance Adjustment | C28: =Data!$C$9 -> £m 18/19 | D28: 1.5206248 | E28: -8.7348547 | F28: -23.053678 | G28: -106.67099 | H28: -111.60737 | I28: =SUM(D28:INDEX(D28:H28,0,MATCH('RFPR cover'!$C$9,$D$6:$H$6,0))) -> -248.54626 | J28: =SUM(D28:H28) -> -248.54626
B29: PCD Adjustment | C29: =Data!$C$9 -> £m 18/19 | D29: -97.415604 | E29: -111.11106 | F29: -112.1965 | G29: -87.228656 | H29: -70.494976 | I29: =SUM(D29:INDEX(D29:H29,0,MATCH('RFPR cover'!$C$9,$D$6:$H$6,0))) -> -478.4468 | J29: =SUM(D29:H29) -> -478.4468
B30: De Minimis | C30: =Data!$C$9 -> £m 18/19 | D30: 0 | E30: 0 | F30: 0 | G30: 0 | H30: -11.36267 | I30: =SUM(D30:INDEX(D30:H30,0,MATCH('RFPR cover'!$C$9,$D$6:$H$6,0))) -> -11.36267 | J30: =SUM(D30:H30) -> -11.36267
B31: Phasing Adjustment | C31: =Data!$C$9 -> £m 18/19 | D31: -350 | E31: -245 | F31: -70 | G31: 280 | H31: 385 | I31: =SUM(D31:INDEX(D31:H31,0,MATCH('RFPR cover'!$C$9,$D$6:$H$6,0))) -> 0 | J31: =SUM(D31:H31) -> 0
B32: Total enduring value adjustments | C32: =Data!$C$9 -> £m 18/19 | D32: =SUM(D23:D31) -> -152.62747 | E32: =SUM(E23:E31) -> -120.77488 | F32: =SUM(F23:F31) -> -169.42925 | G32: =SUM(G23:G31) -> 145.27137 | H32: =SUM(H23:H31) -> 137.57452 | I32: =SUM(D32:INDEX(D32:H32,0,MATCH('RFPR cover'!$C$9,$D$6:$H$6,0))) -> -159.9857 | J32: =SUM(D32:H32) -> -159.9857
B34: Enduring Value adjustments (UIOLI)
B35: [Cross Price Control] | C35: =Data!$C$9 -> £m 18/19 | D35: 0 | E35: 0 | F35: 0 | G35: 0 | H35: 0 | I35: =SUM(D35:INDEX(D35:H35,0,MATCH('RFPR cover'!$C$9,$D$6:$H$6,0))) -> 0 | J35: =SUM(D35:H35) -> 0
B36: [other Enduring Value adjustment] | C36: =Data!$C$9 -> £m 18/19 | D36: 0 | E36: 0 | F36: 0 | G36: 0 | H36: 0 | I36: =SUM(D36:INDEX(D36:H36,0,MATCH('RFPR cover'!$C$9,$D$6:$H$6,0))) -> 0 | J36: =SUM(D36:H36) -> 0
B37: Total enduring value adjustments | C37: =Data!$C$9 -> £m 18/19 | D37: =SUM(D35:D36) -> 0 | E37: =SUM(E35:E36) -> 0 | F37: =SUM(F35:F36) -> 0 | G37: =SUM(G35:G36) -> 0 | H37: =SUM(H35:H36) -> 0 | I37: =SUM(D37:INDEX(D37:H37,0,MATCH('RFPR cover'!$C$9,$D$6:$H$6,0))) -> 0 | J37: =SUM(D37:H37) -> 0
B39: Enduring Value: Customer share of performance | C39: =Data!$C$9 -> £m 18/19 | D39: =D32*D17 -> -102.26041 | E39: =E32*E17 -> -80.91917 | F39: =F32*F17 -> -113.5176 | G39: =G32*G17 -> 97.33182 | H39: =H32*H17 -> 92.174932 | I39: =SUM(D39:INDEX(D39:H39,0,MATCH('RFPR cover'!$C$9,$D$6:$H$6,0))) -> -107.19042 | J39: =SUM(D39:H39) -> -107.19042
B40: Enduring Value: NWO share of performance | C40: =Data!$C$9 -> £m 18/19 | D40: =D32*(1-D17)+D37 -> -50.367066 | E40: =E32*(1-E17)+E37 -> -39.855711 | F40: =F32*(1-F17)+F37 -> -55.911652 | G40: =G32*(1-G17)+G37 -> 47.939553 | H40: =H32*(1-H17)+H37 -> 45.399593 | I40: =SUM(D40:INDEX(D40:H40,0,MATCH('RFPR cover'!$C$9,$D$6:$H$6,0))) -> -52.795282 | J40: =SUM(D40:H40) -> -52.795282
B42: Total out(under) performance (including enduring value adjustments)
B43: Customer share of out(under) performance | C43: =Data!$C$9 -> £m 18/19 | D43: =D19+D39 -> 304.86009 | E43: =E19+E39 -> 232.18691 | F43: =F19+F39 -> -13.410742 | G43: =G19+G39 -> 137.71442 | H43: =H19+H39 -> 75.800782 | I43: =SUM(D43:INDEX(D43:H43,0,MATCH('RFPR cover'!$C$9,$D$6:$H$6,0))) -> 737.15146 | J43: =SUM(D43:H43) -> 737.15146
B44: NWO share of performance | C44: =Data!$C$9 -> £m 18/19 | D44: =D20+D40 -> 150.15497 | E44: =E20+E40 -> 114.36072 | F44: =F20+F40 -> -6.6052907 | G44: =G20+G40 -> 67.829492 | H44: =H20+H40 -> 37.334714 | I44: =SUM(D44:INDEX(D44:H44,0,MATCH('RFPR cover'!$C$9,$D$6:$H$6,0))) -> 363.0746 | J44: =SUM(D44:H44) -> 363.0746
B45: Total out (under) performance | C45: =Data!$C$9 -> £m 18/19 | D45: =SUM(D43:D44) -> 455.01506 | E45: =SUM(E43:E44) -> 346.54762 | F45: =SUM(F43:F44) -> -20.016032 | G45: =SUM(G43:G44) -> 205.54392 | H45: =SUM(H43:H44) -> 113.1355 | I45: =SUM(D45:INDEX(D45:H45,0,MATCH('RFPR cover'!$C$9,$D$6:$H$6,0))) -> 1100.2261 | J45: =SUM(D45:H45) -> 1100.2261
B47: =IF(Sector="GD2","Capitalisation 2 totex (excluding repex)","Capitalisation 2 totex") -> Capitalisation 2 totex
B49: Latest Totex actuals/forecast | C49: =Data!$C$9 -> £m 18/19 | D49: 247.73109 | E49: 273.05138 | F49: 545.22213 | G49: 1339.4836 | H49: 2258.4865 | I49: =SUM(D49:INDEX(D49:H49,0,MATCH('RFPR cover'!$C$9,$D$6:$H$6,0))) -> 4663.9747 | J49: =SUM(D49:H49) -> 4663.9747
B50: Totex allowance | C50: =Data!$C$9 -> £m 18/19 | D50: -0.81490753 | E50: 151.11073 | F50: 790.97413 | G50: 1387.1357 | H50: 2409.5318 | I50: =SUM(D50:INDEX(D50:H50,0,MATCH('RFPR cover'!$C$9,$D$6:$H$6,0))) -> 4737.9375 | J50: =SUM(D50:H50) -> 4737.9375
B51: Totex out(under)performance | C51: =Data!$C$9 -> £m 18/19 | D51: =D50-D49 -> -248.546 | E51: =E50-E49 -> -121.94066 | F51: =F50-F49 -> 245.752 | G51: =G50-G49 -> 47.652125 | H51: =H50-H49 -> 151.04538 | I51: =I50-I49 -> 73.962851 | J51: =J50-J49 -> 73.962851
B53: Funding Adjustment Rate (often referred to as 'sharing factor') | C53: % | D53: =INDEX(Data!$C$63:$C$91,MATCH('RFPR cover'!$C$7,Data!$B$63:$B$91,0),0) -> 0.67 | E53: =INDEX(Data!$C$63:$C$91,MATCH('RFPR cover'!$C$7,Data!$B$63:$B$91,0),0) -> 0.67 | F53: =INDEX(Data!$C$63:$C$91,MATCH('RFPR cover'!$C$7,Data!$B$63:$B$91,0),0) -> 0.67 | G53: =INDEX(Data!$C$63:$C$91,MATCH('RFPR cover'!$C$7,Data!$B$63:$B$91,0),0) -> 0.67 | H53: =INDEX(Data!$C$63:$C$91,MATCH('RFPR cover'!$C$7,Data!$B$63:$B$91,0),0) -> 0.67
B55: Customer share of out(under) performance | C55: =Data!$C$9 -> £m 18/19 | D55: =D51*D53 -> -166.52582 | E55: =E51*E53 -> -81.700239 | F55: =F51*F53 -> 164.65384 | G55: =G51*G53 -> 31.926924 | H55: =H51*H53 -> 101.2004 | I55: =SUM(D55:INDEX(D55:H55,0,MATCH('RFPR cover'!$C$9,$D$6:$H$6,0))) -> 49.55511 | J55: =SUM(D55:H55) -> 49.55511
B56: NWO share of performance | C56: =Data!$C$9 -> £m 18/19 | D56: =D51*(1-D53) -> -82.020179 | E56: =E51*(1-E53) -> -40.240416 | F56: =F51*(1-F53) -> 81.09816 | G56: =G51*(1-G53) -> 15.725201 | H56: =H51*(1-H53) -> 49.844974 | I56: =SUM(D56:INDEX(D56:H56,0,MATCH('RFPR cover'!$C$9,$D$6:$H$6,0))) -> 24.407741 | J56: =SUM(D56:H56) -> 24.407741
B58: Enduring Value adjustments to Totex performance
B59: [Cross Price Control] | C59: =Data!$C$9 -> £m 18/19 | D59: 0 | E59: 0 | F59: 0 | G59: 0 | H59: 0 | I59: =SUM(D59:INDEX(D59:H59,0,MATCH('RFPR cover'!$C$9,$D$6:$H$6,0))) -> 0 | J59: =SUM(D59:H59) -> 0
B60: [other Enduring Value adjustment] | C60: =Data!$C$9 -> £m 18/19 | D60: 0 | E60: 0 | F60: 0 | G60: 0 | H60: 0 | I60: =SUM(D60:INDEX(D60:H60,0,MATCH('RFPR cover'!$C$9,$D$6:$H$6,0))) -> 0 | J60: =SUM(D60:H60) -> 0
B61: Total enduring value adjustments | C61: =Data!$C$9 -> £m 18/19 | D61: =SUM(D59:D60) -> 0 | E61: =SUM(E59:E60) -> 0 | F61: =SUM(F59:F60) -> 0 | G61: =SUM(G59:G60) -> 0 | H61: =SUM(H59:H60) -> 0 | I61: =SUM(D61:INDEX(D61:H61,0,MATCH('RFPR cover'!$C$9,$D$6:$H$6,0))) -> 0 | J61: =SUM(D61:H61) -> 0
B63: Enduring Value adjustments (UIOLI)
B64: [Cross Price Control] | C64: =Data!$C$9 -> £m 18/19 | D64: 0 | E64: 0 | F64: 0 | G64: 0 | H64: 0 | I64: =SUM(D64:INDEX(D64:H64,0,MATCH('RFPR cover'!$C$9,$D$6:$H$6,0))) -> 0 | J64: =SUM(D64:H64) -> 0
B65: [other Enduring Value adjustment] | C65: =Data!$C$9 -> £m 18/19 | D65: 0 | E65: 0 | F65: 0 | G65: 0 | H65: 0 | I65: =SUM(D65:INDEX(D65:H65,0,MATCH('RFPR cover'!$C$9,$D$6:$H$6,0))) -> 0 | J65: =SUM(D65:H65) -> 0
B66: Total enduring value adjustments | C66: =Data!$C$9 -> £m 18/19 | D66: =SUM(D64:D65) -> 0 | E66: =SUM(E64:E65) -> 0 | F66: =SUM(F64:F65) -> 0 | G66: =SUM(G64:G65) -> 0 | H66: =SUM(H64:H65) -> 0 | I66: =SUM(D66:INDEX(D66:H66,0,MATCH('RFPR cover'!$C$9,$D$6:$H$6,0))) -> 0 | J66: =SUM(D66:H66) -> 0
B68: Enduring Value: Customer share of performance | C68: =Data!$C$9 -> £m 18/19 | D68: =D61*D53 -> 0 | E68: =E61*E53 -> 0 | F68: =F61*F53 -> 0 | G68: =G61*G53 -> 0 | H68: =H61*H53 -> 0 | I68: =SUM(D68:INDEX(D68:H68,0,MATCH('RFPR cover'!$C$9,$D$6:$H$6,0))) -> 0 | J68: =SUM(D68:H68) -> 0
B69: Enduring Value: NWO share of performance | C69: =Data!$C$9 -> £m 18/19 | D69: =D61*(1-D53)+D66 -> 0 | E69: =E61*(1-E53)+E66 -> 0 | F69: =F61*(1-F53)+F66 -> 0 | G69: =G61*(1-G53)+G66 -> 0 | H69: =H61*(1-H53)+H66 -> 0 | I69: =SUM(D69:INDEX(D69:H69,0,MATCH('RFPR cover'!$C$9,$D$6:$H$6,0))) -> 0 | J69: =SUM(D69:H69) -> 0
B71: Total out(under) performance (including enduring value adjustments)
B72: Customer share of out(under) performance | C72: =Data!$C$9 -> £m 18/19 | D72: =D68+D55 -> -166.52582 | E72: =E68+E55 -> -81.700239 | F72: =F68+F55 -> 164.65384 | G72: =G68+G55 -> 31.926924 | H72: =H68+H55 -> 101.2004 | I72: =SUM(D72:INDEX(D72:H72,0,MATCH('RFPR cover'!$C$9,$D$6:$H$6,0))) -> 49.55511 | J72: =SUM(D72:H72) -> 49.55511
B73: NWO share of performance | C73: =Data!$C$9 -> £m 18/19 | D73: =D56+D69 -> -82.020179 | E73: =E56+E69 -> -40.240416 | F73: =F56+F69 -> 81.09816 | G73: =G56+G69 -> 15.725201 | H73: =H56+H69 -> 49.844974 | I73: =SUM(D73:INDEX(D73:H73,0,MATCH('RFPR cover'!$C$9,$D$6:$H$6,0))) -> 24.407741 | J73: =SUM(D73:H73) -> 24.407741
B74: Total out (under) performance | C74: =Data!$C$9 -> £m 18/19 | D74: =SUM(D72:D73) -> -248.546 | E74: =SUM(E72:E73) -> -121.94066 | F74: =SUM(F72:F73) -> 245.752 | G74: =SUM(G72:G73) -> 47.652125 | H74: =SUM(H72:H73) -> 151.04538 | I74: =SUM(D74:INDEX(D74:H74,0,MATCH('RFPR cover'!$C$9,$D$6:$H$6,0))) -> 73.962851 | J74: =SUM(D74:H74) -> 73.962851
B76: Repex (only applicable for GD2)
B78: Latest Repex actuals/forecast | C78: =Data!$C$9 -> £m 18/19 | D78: 0 | E78: 0 | F78: 0 | G78: 0 | H78: 0 | I78: =SUM(D78:INDEX(D78:H78,0,MATCH('RFPR cover'!$C$9,$D$6:$H$6,0))) -> 0 | J78: =SUM(D78:H78) -> 0
B79: Totex allowance | C79: =Data!$C$9 -> £m 18/19 | D79: 0 | E79: 0 | F79: 0 | G79: 0 | H79: 0 | I79: =SUM(D79:INDEX(D79:H79,0,MATCH('RFPR cover'!$C$9,$D$6:$H$6,0))) -> 0 | J79: =SUM(D79:H79) -> 0
B80: Totex out(under)performance | C80: =Data!$C$9 -> £m 18/19 | D80: =D79-D78 -> 0 | E80: =E79-E78 -> 0 | F80: =F79-F78 -> 0 | G80: =G79-G78 -> 0 | H80: =H79-H78 -> 0 | I80: =I79-I78 -> 0 | J80: =J79-J78 -> 0
B82: Funding Adjustment Rate (often referred to as 'sharing factor') | C82: % | D82: =INDEX(Data!$C$63:$C$91,MATCH('RFPR cover'!$C$7,Data!$B$63:$B$91,0),0) -> 0.67 | E82: =INDEX(Data!$C$63:$C$91,MATCH('RFPR cover'!$C$7,Data!$B$63:$B$91,0),0) -> 0.67 | F82: =INDEX(Data!$C$63:$C$91,MATCH('RFPR cover'!$C$7,Data!$B$63:$B$91,0),0) -> 0.67 | G82: =INDEX(Data!$C$63:$C$91,MATCH('RFPR cover'!$C$7,Data!$B$63:$B$91,0),0) -> 0.67 | H82: =INDEX(Data!$C$63:$C$91,MATCH('RFPR cover'!$C$7,Data!$B$63:$B$91,0),0) -> 0.67
B84: Customer share of out(under) performance | C84: =Data!$C$9 -> £m 18/19 | D84: =D80*D82 -> 0 | E84: =E80*E82 -> 0 | F84: =F80*F82 -> 0 | G84: =G80*G82 -> 0 | H84: =H80*H82 -> 0 | I84: =SUM(D84:INDEX(D84:H84,0,MATCH('RFPR cover'!$C$9,$D$6:$H$6,0))) -> 0 | J84: =SUM(D84:H84) -> 0
B85: NWO share of performance | C85: =Data!$C$9 -> £m 18/19 | D85: =D80*(1-D82) -> 0 | E85: =E80*(1-E82) -> 0 | F85: =F80*(1-F82) -> 0 | G85: =G80*(1-G82) -> 0 | H85: =H80*(1-H82) -> 0 | I85: =SUM(D85:INDEX(D85:H85,0,MATCH('RFPR cover'!$C$9,$D$6:$H$6,0))) -> 0 | J85: =SUM(D85:H85) -> 0
B87: Enduring Value adjustments to Totex performance
B88: [Cross Price Control] | C88: =Data!$C$9 -> £m 18/19 | D88: 0 | E88: 0 | F88: 0 | G88: 0 | H88: 0 | I88: =SUM(D88:INDEX(D88:H88,0,MATCH('RFPR cover'!$C$9,$D$6:$H$6,0))) -> 0 | J88: =SUM(D88:H88) -> 0
B89: [other Enduring Value adjustment] | C89: =Data!$C$9 -> £m 18/19 | D89: 0 | E89: 0 | F89: 0 | G89: 0 | H89: 0 | I89: =SUM(D89:INDEX(D89:H89,0,MATCH('RFPR cover'!$C$9,$D$6:$H$6,0))) -> 0 | J89: =SUM(D89:H89) -> 0
B90: Total enduring value adjustments | C90: =Data!$C$9 -> £m 18/19 | D90: =SUM(D88:D89) -> 0 | E90: =SUM(E88:E89) -> 0 | F90: =SUM(F88:F89) -> 0 | G90: =SUM(G88:G89) -> 0 | H90: =SUM(H88:H89) -> 0 | I90: =SUM(D90:INDEX(D90:H90,0,MATCH('RFPR cover'!$C$9,$D$6:$H$6,0))) -> 0 | J90: =SUM(D90:H90) -> 0
B92: Enduring Value: Customer share of performance | D92: =D90*D82 -> 0 | E92: =E90*E82 -> 0 | F92: =F90*F82 -> 0 | G92: =G90*G82 -> 0 | H92: =H90*H82 -> 0 | I92: =SUM(D92:INDEX(D92:H92,0,MATCH('RFPR cover'!$C$9,$D$6:$H$6,0))) -> 0 | J92: =SUM(D92:H92) -> 0
B93: Enduring Value: NWO share of performance | D93: =D90*(1-D82) -> 0 | E93: =E90*(1-E82) -> 0 | F93: =F90*(1-F82) -> 0 | G93: =G90*(1-G82) -> 0 | H93: =H90*(1-H82) -> 0 | I93: 0 | J93: =SUM(D93:H93) -> 0
B95: Total out(under) performance (including enduring value adjustments)
B96: Customer share of out(under) performance | C96: =Data!$C$9 -> £m 18/19 | D96: =D92+D84 -> 0 | E96: =E92+E84 -> 0 | F96: =F92+F84 -> 0 | G96: =G92+G84 -> 0 | H96: =H92+H84 -> 0 | I96: =SUM(D96:INDEX(D96:H96,0,MATCH('RFPR cover'!$C$9,$D$6:$H$6,0))) -> 0 | J96: =SUM(D96:H96) -> 0
B97: NWO share of performance | C97: =Data!$C$9 -> £m 18/19 | D97: =D85+D93 -> 0 | E97: =E85+E93 -> 0 | F97: =F85+F93 -> 0 | G97: =G85+G93 -> 0 | H97: =H85+H93 -> 0 | I97: =SUM(D97:INDEX(D97:H97,0,MATCH('RFPR cover'!$C$9,$D$6:$H$6,0))) -> 0 | J97: =SUM(D97:H97) -> 0
B98: Total out (under) performance | C98: =Data!$C$9 -> £m 18/19 | D98: =SUM(D96:D97) -> 0 | E98: =SUM(E96:E97) -> 0 | F98: =SUM(F96:F97) -> 0 | G98: =SUM(G96:G97) -> 0 | H98: =SUM(H96:H97) -> 0 | I98: =SUM(D98:INDEX(D98:H98,0,MATCH('RFPR cover'!$C$9,$D$6:$H$6,0))) -> 0 | J98: =SUM(D98:H98) -> 0
B100: Totex Summary
B102: Total out(under) performance
B103: Customer share of performance | C103: =Data!$C$9 -> £m 18/19 | D103: =D43+D72+D96 -> 138.33427 | E103: =E43+E72+E96 -> 150.48667 | F103: =F43+F72+F96 -> 151.2431 | G103: =G43+G72+G96 -> 169.64135 | H103: =H43+H72+H96 -> 177.00118 | I103: =SUM(D103:INDEX(D103:H103,0,MATCH('RFPR cover'!$C$9,$D$6:$H$6,0))) -> 786.70657 | J103: =SUM(D103:H103) -> 786.70657
B104: NWO share of performance | C104: =Data!$C$9 -> £m 18/19 | D104: =D44+D73+D97 -> 68.134791 | E104: =E44+E73+E97 -> 74.120299 | F104: =F44+F73+F97 -> 74.492869 | G104: =G44+G73+G97 -> 83.554694 | H104: =H44+H73+H97 -> 87.179688 | I104: =SUM(D104:INDEX(D104:H104,0,MATCH('RFPR cover'!$C$9,$D$6:$H$6,0))) -> 387.48234 | J104: =SUM(D104:H104) -> 387.48234
B105: Total | C105: =Data!$C$9 -> £m 18/19 | D105: =SUM(D103:D104) -> 206.46906 | E105: =SUM(E103:E104) -> 224.60697 | F105: =SUM(F103:F104) -> 225.73597 | G105: =SUM(G103:G104) -> 253.19604 | H105: =SUM(H103:H104) -> 264.18087 | I105: =SUM(D105:INDEX(D105:H105,0,MATCH('RFPR cover'!$C$9,$D$6:$H$6,0))) -> 1174.1889 | J105: =SUM(D105:H105) -> 1174.1889
B107: Reconciliation to Totex
D110: =IF(D111<=Reporting_Year,"Actuals","N/A") -> Actuals | E110: =IF(E111<=Reporting_Year,"Actuals","N/A") -> Actuals | F110: =IF(F111<=Reporting_Year,"Actuals","N/A") -> Actuals | G110: =IF(G111<=Reporting_Year,"Actuals","N/A") -> Actuals | H110: =IF(H111<=Reporting_Year,"Actuals","N/A") -> Actuals
D111: ='RFPR cover'!$C$6 -> 2022 | E111: =D111+1 -> 2023 | F111: =E111+1 -> 2024 | G111: =F111+1 -> 2025 | H111: =G111+1 -> 2026
D112: =RIIO_2_start_date-1&"/"&RIGHT(RIIO_2_start_date,2) -> 2021/22 | E112: =RIIO_2_start_date&"/"&RIGHT(RIIO_2_start_date+1,2) -> 2022/23 | F112: =RIIO_2_start_date+1&"/"&RIGHT(RIIO_2_start_date+2,2) -> 2023/24 | G112: =RIIO_2_start_date+2&"/"&RIGHT(RIIO_2_start_date+3,2) -> 2024/25 | H112: =RIIO_2_start_date+3&"/"&RIGHT(RIIO_2_start_date+4,2) -> 2025/26
B114: Total Expenditure Per Accounts
B115: Tangible Fixed Asset Additions | C115: £m nominal | D115: 1121 | E115: 1251 | F115: 1606 | G115: 2749 | H115: 3851
B116: Intangible Asset Additions (under IFRS) - IT Software | C116: £m nominal | D116: 73 | E116: 54 | F116: 79 | G116: 111 | H116: 169
B117: Disposals (cash proceeds) [If Statutory Accounts treat this as an exceptional item, leave the input blank] | C117: £m nominal | D117: 0 | E117: 0 | F117: 0 | G117: 0 | H117: 0
B118: Customer Contributions Additions | C118: £m nominal | D118: -31.346109 | E118: -17.177349 | F118: -77.205907 | G118: -45.018814 | H118: -34.290516
B119: Capitalised interest | C119: £m nominal | D119: -55.54638 | E119: -118.0907 | F119: -117.04022 | G119: -136.01174 | H119: -226.88757
B120: Revaluation of tangible fixed assets | C120: £m nominal | D120: 0 | E120: 0 | F120: 0 | G120: 0 | H120: 0
A121: 1 | B121: [Input description] | C121: £m nominal | D121: 0 | E121: 0 | F121: 0 | G121: 0 | H121: 0
A122: 2 | B122: [Input description, add additional rows as required] | C122: £m nominal | D122: 0 | E122: 0 | F122: 0 | G122: 0 | H122: 0
B123: Capex Incurred | C123: £m nominal | D123: =SUM(D115:D122) -> 1107.1075 | E123: =SUM(E115:E122) -> 1169.732 | F123: =SUM(F115:F122) -> 1490.7539 | G123: =SUM(G115:G122) -> 2678.9694 | H123: =SUM(H115:H122) -> 3758.8219
B125: Depreciation and Amortisation | C125: £m nominal | D125: 514 | E125: 490 | F125: 525 | G125: 544 | H125: 552
B126: Other Operating Expenses (Opex)
A127: 1 | B127: Other Operational Costs Incurred | C127: £m nominal | D127: 475.93312 | E127: 487.91084 | F127: 562 | G127: 834 | H127: 771
A128: 2 | B128: [Input description] | C128: £m nominal | D128: 0 | E128: 0 | F128: 0 | G128: 0 | H128: 0
A129: 3 | B129: [Input description, add additional rows as required] | C129: £m nominal | D129: 0 | E129: 0 | F129: 0 | G129: 0 | H129: 0
B130: Opex Incurred (excluding Depreciation & Amortisation) | C130: £m nominal | D130: =SUM(D127:D129) -> 475.93312 | E130: =SUM(E127:E129) -> 487.91084 | F130: =SUM(F127:F129) -> 562 | G130: =SUM(G127:G129) -> 834 | H130: =SUM(H127:H129) -> 771
B132: Total Expenditure Incurred | C132: £m nominal | D132: =SUM(D123,D125,D130) -> 2097.0406 | E132: =SUM(E123,E125,E130) -> 2147.6428 | F132: =SUM(F123,F125,F130) -> 2577.7539 | G132: =SUM(G123,G125,G130) -> 4056.9694 | H132: =SUM(H123,H125,H130) -> 5081.8219
...

Sheet R4 - Incentives and Other Rev
A1: R4 - Incentives and Other Revenue
A2: =Licensee -> NGET (TO)
A3: =Reporting_Year -> 2026
D5: =IF(D6<=Reporting_Year,"Actuals","Forecast") -> Actuals | E5: =IF(E6<=Reporting_Year,"Actuals","Forecast") -> Actuals | F5: =IF(F6<=Reporting_Year,"Actuals","Forecast") -> Actuals | G5: =IF(G6<=Reporting_Year,"Actuals","Forecast") -> Actuals | H5: =IF(H6<=Reporting_Year,"Actuals","Forecast") -> Actuals | I5: =IF(I6<=Reporting_Year,"Actuals","Forecast") -> Forecast
D6: ='RFPR cover'!$C$6 -> 2022 | E6: =D6+1 -> 2023 | F6: =E6+1 -> 2024 | G6: =F6+1 -> 2025 | H6: =G6+1 -> 2026 | I6: ="Cumulative to "&'RFPR cover'!$C$9 -> Cumulative to 2026 | J6: RIIO-2 period
D7: =RIIO_2_start_date-1&"/"&RIGHT(RIIO_2_start_date,2) -> 2021/22 | E7: =RIIO_2_start_date&"/"&RIGHT(RIIO_2_start_date+1,2) -> 2022/23 | F7: =RIIO_2_start_date+1&"/"&RIGHT(RIIO_2_start_date+2,2) -> 2023/24 | G7: =RIIO_2_start_date+2&"/"&RIGHT(RIIO_2_start_date+3,2) -> 2024/25 | H7: =RIIO_2_start_date+3&"/"&RIGHT(RIIO_2_start_date+4,2) -> 2025/26
B8: Output Incentives (Post Tax)
A12: a | B12: Business Plan Incentive (per latest PCFM company-specific Input Sheet) | C12: =Data!$C$9 -> £m 18/19 | D12: =INDEX(Data!$C$98:$I$126,MATCH($A$2,Data!$B$98:$B$126,0),MATCH(D$6,Data!$C$97:$I$97)) -> -13 | E12: =INDEX(Data!$C$98:$I$126,MATCH($A$2,Data!$B$98:$B$126,0),MATCH(E$6,Data!$C$97:$I$97)) -> -13 | F12: =INDEX(Data!$C$98:$I$126,MATCH($A$2,Data!$B$98:$B$126,0),MATCH(F$6,Data!$C$97:$I$97)) -> -13 | G12: =INDEX(Data!$C$98:$I$126,MATCH($A$2,Data!$B$98:$B$126,0),MATCH(G$6,Data!$C$97:$I$97)) -> -13 | H12: =INDEX(Data!$C$98:$I$126,MATCH($A$2,Data!$B$98:$B$126,0),MATCH(H$6,Data!$C$97:$I$97)) -> -13 | I12: =SUM(D12:INDEX(D12:H12,0,MATCH('RFPR cover'!$C$9,$D$6:$H$6,0))) -> -65 | J12: =SUM(D12:H12) -> -65
B13: Output Incentives (per latest PCFM company-specific Input Sheet)
A14: b | B14: =Data!B132 -> Energy not supplied ODI - (SpC 4.2) | C14: =Data!$C$9 -> £m 18/19 | D14: 0.83399659 | E14: 0.98304835 | F14: 1.0190981 | G14: -1.4711062 | H14: 0.81874478 | I14: =SUM(D14:INDEX(D14:H14,0,MATCH('RFPR cover'!$C$9,$D$6:$H$6,0))) -> 2.1837816 | J14: =SUM(D14:H14) -> 2.1837816
A15: c | B15: =Data!B133 -> Insulation And Interruption Gas emissions ODI - (SpC 4.3) | C15: =Data!$C$9 -> £m 18/19 | D15: 1.4363532 | E15: 1.1102641 | F15: -0.58971806 | G15: 1.0500236 | H15: 1.7855065 | I15: =SUM(D15:INDEX(D15:H15,0,MATCH('RFPR cover'!$C$9,$D$6:$H$6,0))) -> 4.7924293 | J15: =SUM(D15:H15) -> 4.7924293
A16: d | B16: =Data!B134 -> Timely Connections ODI - (SpC 4.4) | C16: =Data!$C$9 -> £m 18/19 | D16: -0.26270833 | E16: -0.17785824 | F16: -0.017989091 | G16: -0.10570513 | H16: -0.095317919 | I16: =SUM(D16:INDEX(D16:H16,0,MATCH('RFPR cover'!$C$9,$D$6:$H$6,0))) -> -0.65957871 | J16: =SUM(D16:H16) -> -0.65957871
A17: e | B17: =Data!B135 -> Quality of connections satisfaction survey ODI - (SpC 4.5) | C17: =Data!$C$9 -> £m 18/19 | D17: 0.23532604 | E17: -3.2701118 | F17: -2.9870223 | G17: -7.3686084 | H17: -4.1304279 | I17: =SUM(D17:INDEX(D17:H17,0,MATCH('RFPR cover'!$C$9,$D$6:$H$6,0))) -> -17.520844 | J17: =SUM(D17:H17) -> -17.520844
A18: f | B18: =Data!B136 -> SO-TO Optimisation ODI - (SpC 4.7) | C18: =Data!$C$9 -> £m 18/19 | D18: 5 | E18: 5 | F18: 5.8556289 | G18: 4.1777733 | H18: 2.9525169 | I18: =SUM(D18:INDEX(D18:H18,0,MATCH('RFPR cover'!$C$9,$D$6:$H$6,0))) -> 22.985919 | J18: =SUM(D18:H18) -> 22.985919
A19: g | B19: =Data!B137 -> Environmental scorecard ODI - (SpC 4.6) | C19: =Data!$C$9 -> £m 18/19 | D19: 0.51351564 | E19: 0.99994538 | F19: 0.97957052 | G19: 1.1201004 | H19: 1.0746636 | I19: =SUM(D19:INDEX(D19:H19,0,MATCH('RFPR cover'!$C$9,$D$6:$H$6,0))) -> 4.6877955 | J19: =SUM(D19:H19) -> 4.6877955
A20: h | B20: =Data!B138 | C20: =Data!$C$9 -> £m 18/19 | D20: 0 | E20: 0 | F20: 0 | G20: 0 | H20: 0 | I20: =SUM(D20:INDEX(D20:H20,0,MATCH('RFPR cover'!$C$9,$D$6:$H$6,0))) -> 0 | J20: =SUM(D20:H20) -> 0
A21: i | B21: =Data!B139 | C21: =Data!$C$9 -> £m 18/19 | D21: 0 | E21: 0 | F21: 0 | G21: 0 | H21: 0 | I21: =SUM(D21:INDEX(D21:H21,0,MATCH('RFPR cover'!$C$9,$D$6:$H$6,0))) -> 0 | J21: =SUM(D21:H21) -> 0
B22: Earned Output Incentive revenue as per PCFM | C22: =Data!$C$9 -> £m 18/19 | D22: =SUM(D14:D21) -> 7.7564831 | E22: =SUM(E14:E21) -> 4.6452877 | F22: =SUM(F14:F21) -> 4.259568 | G22: =SUM(G14:G21) -> -2.5975225 | H22: =SUM(H14:H21) -> 2.405686 | I22: =SUM(D22:INDEX(D22:H22,0,MATCH('RFPR cover'!$C$9,$D$6:$H$6,0))) -> 16.469502 | J22: =SUM(D22:H22) -> 16.469502
B25: Additional Commentary
A26: a
A27: b
A28: c
A29: d
A30: e
A31: f
A32: g
A33: h
A34: i
B36: Other Revenue Allowances (ORAt) - Post Tax
B38: Innovation
A40: i | B40: Network Innovation Allowance | C40: NIAt
B41: Total NIA Expenditure | C41: =Data!$C$9 -> £m 18/19 | D41: 2.361992 | E41: 5.5782678 | F41: 9.6967406 | G41: 14.182128 | H41: 14.452573 | I41: =SUM(D41:INDEX(D41:H41,0,MATCH('RFPR cover'!$C$9,$D$6:$H$6,0))) -> 46.2717 | J41: =SUM(D41:H41) -> 46.2717 | K41: Does not apply to NGGT SO
B42: Unrecoverable Expenditure (eg not conforming to technical requirements) | C42: =Data!$C$9 -> £m 18/19 | D42: 0 | E42: 0 | F42: 0 | G42: 0 | H42: 0 | I42: =SUM(D42:INDEX(D42:H42,0,MATCH('RFPR cover'!$C$9,$D$6:$H$6,0))) -> 0 | J42: =SUM(D42:H42) -> 0
B43: Company Compulsory Contribution (including % contribution funded by licensee) | C43: =Data!$C$9 -> £m 18/19 | D43: 0.2361992 | E43: 0.55782678 | F43: 0.96967406 | G43: 1.4182128 | H43: 1.4452573 | I43: =SUM(D43:INDEX(D43:H43,0,MATCH('RFPR cover'!$C$9,$D$6:$H$6,0))) -> 4.62717 | J43: =SUM(D43:H43) -> 4.62717
B44: Allowed NIA adjustment | C44: =Data!$C$9 -> £m 18/19 | D44: =D41-D42-D43 -> 2.1257928 | E44: =E41-E42-E43 -> 5.020441 | F44: =F41-F42-F43 -> 8.7270665 | G44: =G41-G42-G43 -> 12.763915 | H44: =H41-H42-H43 -> 13.007315 | I44: =SUM(D44:INDEX(D44:H44,0,MATCH('RFPR cover'!$C$9,$D$6:$H$6,0))) -> 41.64453 | J44: =SUM(D44:H44) -> 41.64453
B45: Network innovation input for RORE | C45: =Data!$C$9 -> £m 18/19 | D45: =D42+D43 -> 0.2361992 | E45: =E42+E43 -> 0.55782678 | F45: =F42+F43 -> 0.96967406 | G45: =G42+G43 -> 1.4182128 | H45: =H42+H43 -> 1.4452573 | I45: =SUM(D45:INDEX(D45:H45,0,MATCH('RFPR cover'!$C$9,$D$6:$H$6,0))) -> 4.62717 | J45: =SUM(D45:H45) -> 4.62717
A47: ii | B47: Carry Over RIIO-1 Network Innovation Allowance | C47: CNIAt
B48: Eligible NIA expenditure and Bid Preparation costs | C48: =Data!$C$9 -> £m 18/19 | D48: 0.72570239 | K48: Does not apply to NGGT SO
B49: Unrecoverable Expenditure (eg not conforming to technical requirements) | C49: =Data!$C$9 -> £m 18/19 | D49: 0
B50: Company Compulsory Contribution (including % contribution funded by licensee) | C50: =Data!$C$9 -> £m 18/19 | D50: 0.072570239
B51: Allowed CNIA adjustment | C51: =Data!$C$9 -> £m 18/19 | D51: =D48-D49-D50 -> 0.65313215
B52: Carry-over Network innovation input for RORE | C52: =Data!$C$9 -> £m 18/19 | D52: =D49+D50 -> 0.072570239
A54: iii | B54: Strategic Innovation Fund | C54: SIFt
B55: SIF Funding | C55: =Data!$C$9 -> £m 18/19 | D55: 0.009 | E55: 1.018 | F55: 1.062 | G55: 0.637 | H55: 2.784 | I55: =SUM(D55:INDEX(D55:H55,0,MATCH('RFPR cover'!$C$9,$D$6:$H$6,0))) -> 5.51 | J55: =SUM(D55:H55) -> 5.51 | K55: Does not apply to NGGT SO
B56: SIF Funding Return (Disallowed Expenditure only) | C56: =Data!$C$9 -> £m 18/19 | D56: 0 | E56: 0 | F56: 0 | G56: 0 | H56: 0 | I56: =SUM(D56:INDEX(D56:H56,0,MATCH('RFPR cover'!$C$9,$D$6:$H$6,0))) -> 0 | J56: =SUM(D56:H56) -> 0
B57: Company Compulsory Contribution (including % contribution funded by licensee) | C57: =Data!$C$9 -> £m 18/19 | D57: 0 | E57: 0.094277 | F57: 0.16978264 | G57: 0.066411086 | H57: 1.4505939 | I57: =SUM(D57:INDEX(D57:H57,0,MATCH('RFPR cover'!$C$9,$D$6:$H$6,0))) -> 1.7810646 | J57: =SUM(D57:H57) -> 1.7810646
B58: Allowed SIF adjustment | C58: =Data!$C$9 -> £m 18/19 | D58: =D55-D56-D57 -> 0.009 | E58: =E55-E56-E57 -> 0.923723 | F58: =F55-F56-F57 -> 0.89221736 | G58: =G55-G56-G57 -> 0.57058891 | H58: =H55-H56-H57 -> 1.3334061 | I58: =SUM(D58:INDEX(D58:H58,0,MATCH('RFPR cover'!$C$9,$D$6:$H$6,0))) -> 3.7289354 | J58: =SUM(D58:H58) -> 3.7289354
B59: Strategic innovation input for RORE | C59: =Data!$C$9 -> £m 18/19 | D59: =D56+D57 -> 0 | E59: =E56+E57 -> 0.094277 | F59: =F56+F57 -> 0.16978264 | G59: =G56+G57 -> 0.066411086 | H59: =H56+H57 -> 1.4505939 | I59: =SUM(D59:INDEX(D59:H59,0,MATCH('RFPR cover'!$C$9,$D$6:$H$6,0))) -> 1.7810646 | J59: =SUM(D59:H59) -> 1.7810646
B62: Incentives
B63: Actuals may be updated once all incentives are determined - ONLY APPLIES TO NGGT - SO
B64: NOTE: Section below excludes ORA (i), (ii) and (iii) which have already been included as part of "Innovation" section above.
B65: Incentives per latest PCFM company-specific Input Sheet
A66: iv | B66: =Data!B199 | C66: =Data!$C$9 -> £m 18/19 | D66: 0 | E66: 0 | F66: 0 | G66: 0 | H66: 0 | I66: =SUM(D66:INDEX(D66:H66,0,MATCH('RFPR cover'!$C$9,$D$6:$H$6,0))) -> 0 | J66: =SUM(D66:H66) -> 0
A67: v | B67: =Data!B200 | C67: =Data!$C$9 -> £m 18/19 | D67: 0 | E67: 0 | F67: 0 | G67: 0 | H67: 0 | I67: =SUM(D67:INDEX(D67:H67,0,MATCH('RFPR cover'!$C$9,$D$6:$H$6,0))) -> 0 | J67: =SUM(D67:H67) -> 0
A68: vi | B68: =Data!B201 | C68: =Data!$C$9 -> £m 18/19 | D68: 0 | E68: 0 | F68: 0 | G68: 0 | H68: 0 | I68: =SUM(D68:INDEX(D68:H68,0,MATCH('RFPR cover'!$C$9,$D$6:$H$6,0))) -> 0 | J68: =SUM(D68:H68) -> 0
A69: vii | B69: =Data!B202 | C69: =Data!$C$9 -> £m 18/19 | D69: 0 | E69: 0 | F69: 0 | G69: 0 | H69: 0 | I69: =SUM(D69:INDEX(D69:H69,0,MATCH('RFPR cover'!$C$9,$D$6:$H$6,0))) -> 0 | J69: =SUM(D69:H69) -> 0
A70: viii | B70: =Data!B203 | C70: =Data!$C$9 -> £m 18/19 | D70: 0 | E70: 0 | F70: 0 | G70: 0 | H70: 0 | I70: =SUM(D70:INDEX(D70:H70,0,MATCH('RFPR cover'!$C$9,$D$6:$H$6,0))) -> 0 | J70: =SUM(D70:H70) -> 0
C71: =Data!$C$9 -> £m 18/19 | D71: =SUM(D66:D70) -> 0 | E71: =SUM(E66:E70) -> 0 | F71: =SUM(F66:F70) -> 0 | G71: =SUM(G66:G70) -> 0 | H71: =SUM(H66:H70) -> 0 | I71: =SUM(D71:INDEX(D71:H71,0,MATCH('RFPR cover'!$C$9,$D$6:$H$6,0))) -> 0 | J71: =SUM(D71:H71) -> 0
B74: Additional Commentary
A75: i
A76: ii
A77: iii
A78: iv
A79: v
A80: vi
A81: vii
A82: viii

Sheet R5 - Financing
A1: R5 - Financing
A2: =Licensee -> NGET (TO)
A3: =Reporting_Year -> 2026 | B3: =IF('RFPR cover'!C7=Data!B86,"Not required to be completed for System Operator","")
D5: =IF(D6<=Reporting_Year,"Actuals","Forecast") -> Actuals | E5: =IF(E6<=Reporting_Year,"Actuals","Forecast") -> Actuals | F5: =IF(F6<=Reporting_Year,"Actuals","Forecast") -> Actuals | G5: =IF(G6<=Reporting_Year,"Actuals","Forecast") -> Actuals | H5: =IF(H6<=Reporting_Year,"Actuals","Forecast") -> Actuals | I5: =IF(I6<=Reporting_Year,"Actuals","Forecast") -> Forecast
D6: ='RFPR cover'!$C$6 -> 2022 | E6: =D6+1 -> 2023 | F6: =E6+1 -> 2024 | G6: =F6+1 -> 2025 | H6: =G6+1 -> 2026 | I6: ="Cumulative to "&'RFPR cover'!$C$9 -> Cumulative to 2026 | J6: RIIO-2 period
D7: =RIIO_2_start_date-1&"/"&RIGHT(RIIO_2_start_date,2) -> 2021/22 | E7: =RIIO_2_start_date&"/"&RIGHT(RIIO_2_start_date+1,2) -> 2022/23 | F7: =RIIO_2_start_date+1&"/"&RIGHT(RIIO_2_start_date+2,2) -> 2023/24 | G7: =RIIO_2_start_date+2&"/"&RIGHT(RIIO_2_start_date+3,2) -> 2024/25 | H7: =RIIO_2_start_date+3&"/"&RIGHT(RIIO_2_start_date+4,2) -> 2025/26
B9: Net Interest Per Statutory Accounts | C9: £m nominal | D9: 243.39718 | E9: 315.6058 | F9: 241.99008 | G9: 225.85626 | H9: 183.68349
B11: Reconciliation with Statutory Accounts
B12: Interest not qualifying for corporation tax relief | C12: £m nominal | D12: 0 | E12: 0 | F12: 0 | G12: 0 | H12: 0
B13: Fair value adjustments (e.g. losses on derivatives) | C13: £m nominal | D13: 37.004121 | E13: 84.253097 | F13: 18.672183 | G13: -4.4492413 | H13: -5.8567576
B14: Dividends on preference shares | C14: £m nominal | D14: 0 | E14: 0 | F14: 0 | G14: 0 | H14: 0
B15: Costs of early redemption on long term debt | C15: £m nominal | D15: 0 | E15: 0 | F15: 0 | G15: 0 | H15: 0
B16: Swap Termination Costs paid | C16: £m nominal | D16: -0.30887201 | E16: 0 | F16: 0.30887201 | G16: -0.24670862 | H16: -3.1927798
B17: Movements relating to pension fund liabilities reported within net interest | C17: £m nominal | D17: 2 | E17: 17 | F17: 26.795409 | G17: 21 | H17: 13
B18: Debt issuance expenses (inc. amortisation to discounts that had previously benefitted from a tax deduction) | C18: £m nominal | D18: 0 | E18: 0 | F18: 0 | G18: 0 | H18: 0
B19: Commitment fees for undrawn liquidity backup lines | C19: £m nominal | D19: -0.85069509 | E19: -0.86491622 | F19: -1.945278 | G19: -1.8715609 | H19: -1.9121404
B20: Capitalised interest added back | C20: £m nominal | D20: 55.5388 | E20: 118.52833 | F20: 117.04022 | G20: 133.17537 | H20: 230.40483
B21: Provision unwind added back | C21: £m nominal | D21: -1.824794 | E21: -1.696825 | F21: -4.0050229 | G21: -1.7757465 | H21: -1.9121404
B22: 7. IFRS 16 Right of Use Lease Liability | C22: £m nominal | D22: -0.73452319 | E22: 0 | F22: -2.3307092 | G22: -2.8736942 | H22: -3.0234975
B23: Change in discount rate on environmental provisions | C23: £m nominal | D23: 0 | E23: 6 | F23: 0 | G23: 0 | H23: 0
... B28: Other interest income | C28: £m nominal | D28: 0 | E28: 0 | F28: 0 | G28: 0 | H28: 3.0868212
B29: Net Interest Per Regulatory (RIIO-2) Definition | C29: £m nominal | D29: =SUM(D9,D12:D28) -> 334.09657 | E29: =SUM(E9,E12:E28) -> 539.93889 | F29: =SUM(F9,F12:F28) -> 399.663 | G29: =SUM(G9,G12:G28) -> 376.65045 | H29: =SUM(H9,H12:H28) -> 460.48444
B30: Forecast new financing/refinancing Net Interest costs | C30: £m nominal
B31: Regulatory Net Interest including forecast new financing/refinancing costs | C31: £m nominal | D31: =SUM(D29:D30) -> 334.09657 | E31: =SUM(E29:E30) -> 539.93889 | F31: =SUM(F29:F30) -> 399.663 | G31: =SUM(G29:G30) -> 376.65045 | H31: =SUM(H29:H30) -> 460.48444
B32: External Net Interest | C32: £m nominal | D32: 333.13267 | E32: 556.8406 | F32: 440.76662 | G32: 376.95203 | H32: 378.82748
B33: Intra-company Net Interest | C33: £m nominal | D33: 0.963899 | E33: -16.90171 | F33: -41.103622 | G33: -0.30157883 | H33: 81.656961
D34: =IF(ABS(D31-SUM(D32:D33))<Data!$F$7,"OK","ERROR") -> OK | E34: =IF(ABS(E31-SUM(E32:E33))<Data!$F$7,"OK","ERROR") -> OK | F34: =IF(ABS(F31-SUM(F32:F33))<Data!$F$7,"OK","ERROR") -> OK | G34: =IF(ABS(G31-SUM(G32:G33))<Data!$F$7,"OK","ERROR") -> OK | H34: =IF(ABS(H31-SUM(H32:H33))<Data!$F$7,"OK","ERROR") -> OK
B36: Memo: Net interest (RIIO-2) Definition that relates to non-cash principal inflation accretion on bonds and loans | C36: £m nominal | D36: 0 | E36: 0 | F36: 0 | G36: 0 | H36: 0
B38: Inflation component of nominal finance cost | C38: £m nominal | D38: 371.39209 | E38: 766.09834 | F38: 512.70763 | G38: 322.47928 | H38: 444.23262
B40: In-period real finance cost (reg terms) at actual gearing | C40: £m nominal | D40: =D31-D38 -> -37.295518 | E40: =E31-E38 -> -226.15944 | F40: =F31-F38 -> -113.04464 | G40: =G31-G38 -> 54.171171 | H40: =H31-H38 -> 16.251814
B42: Combined RPI-CPIH real to nominal prices conversion | C42: Factor | D42: =INDEX(real_to_nominal_CF,MATCH(D$6,calendar_year,0)) -> 1.0847835 | E42: =INDEX(real_to_nominal_CF,MATCH(E$6,calendar_year,0)) -> 1.1799638 | F42: =INDEX(real_to_nominal_CF,MATCH(F$6,calendar_year,0)) -> 1.2454152 | G42: =INDEX(real_to_nominal_CF,MATCH(G$6,calendar_year,0)) -> 1.2854533 | H42: =INDEX(real_to_nominal_CF,MATCH(H$6,calendar_year,0)) -> 1.3341223
B44: In-period real finance cost (reg terms) at actual gearing | C44: =Data!$C$9 -> £m 18/19 | D44: =D40/D42 -> -34.380608 | E44: =E40/E42 -> -191.66642 | F44: =F40/F42 -> -90.76863 | G44: =G40/G42 -> 42.141688 | H44: =H40/H42 -> 12.181652 | I44: =SUM(D44:INDEX(D44:H44,0,MATCH('RFPR cover'!$C$9,$D$6:$H$6,0))) -> -262.49232 | J44: =SUM(D44:H44) -> -262.49232
B46: Adjustments to be applied to Assumed Finance cost for performance assessment
B47: Add back Debt Issuance expenses | C47: £m nominal | D47: 0 | E47: 0 | F47: 0 | G47: 0 | H47: 0 | I47: =SUM(D47:INDEX(D47:H47,0,MATCH('RFPR cover'!$C$9,$D$6:$H$6,0))) -> 0 | J47: =SUM(D47:H47) -> 0
B48: New/refinanced debt issuance expenses | C48: £m nominal | E48: 0 | F48: 0 | G48: 0 | H48: 0 | I48: =SUM(D48:INDEX(D48:H48,0,MATCH('RFPR cover'!$C$9,$D$6:$H$6,0))) -> 0 | J48: =SUM(D48:H48) -> 0
B49: Costs of early redemption on long term debt (excluding exceptional costs of buy backs associated with M&A activity) | C49: £m nominal | D49: 0 | E49: -21.227006 | F49: -38.582296 | G49: -23.657896 | H49: -20.867217 | I49: =SUM(D49:INDEX(D49:H49,0,MATCH('RFPR cover'!$C$9,$D$6:$H$6,0))) -> -104.33441 | J49: =SUM(D49:H49) -> -104.33441
B50: Add accrual for inflation accretion on index-linked swaps (if applicable) | C50: £m nominal | D50: 0 | E50: 12.128296 | F50: 20.459577 | G50: 20.403676 | H50: 20.403676 | I50: =SUM(D50:INDEX(D50:H50,0,MATCH('RFPR cover'!$C$9,$D$6:$H$6,0))) -> 73.395225 | J50: =SUM(D50:H50) -> 73.395225
B51: Amortisation of wedge trades fixed leg | C51: £m nominal | D51: 0 | E51: 0 | F51: 0 | G51: 0 | H51: -3.0868212 | I51: =SUM(D51:INDEX(D51:H51,0,MATCH('RFPR cover'!$C$9,$D$6:$H$6,0))) -> -3.0868212 | J51: =SUM(D51:H51) -> -3.0868212
B52: Other interest receivable | C52: £m nominal | D52: 0 | E52: 0 | F52: 0 | G52: 0 | H52: 0 | I52: =SUM(D52:INDEX(D52:H52,0,MATCH('RFPR cover'!$C$9,$D$6:$H$6,0))) -> 0 | J52: =SUM(D52:H52) -> 0
B53: Other Adjustments [please specify] | C53: £m nominal | D53: 0 | E53: 0 | F53: 0 | G53: 0 | H53: 0 | I53: =SUM(D53:INDEX(D53:H53,0,MATCH('RFPR cover'!$C$9,$D$6:$H$6,0))) -> 0 | J53: =SUM(D53:H53) -> 0
B54: Other Adjustments [please specify] | C54: £m nominal | D54: 0 | E54: 0 | F54: 0 | G54: 0 | H54: 0 | I54: =SUM(D54:INDEX(D54:H54,0,MATCH('RFPR cover'!$C$9,$D$6:$H$6,0))) -> 0 | J54: =SUM(D54:H54) -> 0
B56: Total Adjustments to be applied for performance assessment (at actual gearing) | C56: £m nominal | D56: =SUM(D47:D54) -> 0 | E56: =SUM(E47:E54) -> -9.09871 | F56: =SUM(F47:F54) -> -18.12272 | G56: =SUM(G47:G54) -> -3.2542194 | H56: =SUM(H47:H54) -> -3.5503615 | I56: =SUM(D56:INDEX(D56:H56,0,MATCH('RFPR cover'!$C$9,$D$6:$H$6,0))) -> -34.026011 | J56: =SUM(D56:H56) -> -34.026011
B57: Total Adjustments to be applied for performance assessment (at actual gearing) | C57: =Data!$C$9 -> £m 18/19 | D57: =D56/D42 -> 0 | E57: =E56/E42 -> -7.7110076 | F57: =F56/F42 -> -14.551548 | G57: =G56/G42 -> -2.5315734 | H57: =H56/H42 -> -2.6611964 | I57: =SUM(D57:INDEX(D57:H57,0,MATCH('RFPR cover'!$C$9,$D$6:$H$6,0))) -> -27.455325 | J57: =SUM(D57:H57) -> -27.455325
B60: Cost of Debt out(under)performance at notional gearing
B61: Performance against allowance is impacted by deviating from notional levels of gearing
B63: Notional Gearing | C63: % | D63: =Data!$C$8 -> 0.55 | E63: =Data!$C$8 -> 0.55 | F63: =Data!$C$8 -> 0.55 | G63: =Data!$C$8 -> 0.55 | H63: =Data!$C$8 -> 0.55
B64: Actual Gearing | C64: % | D64: ='R6 - Net Debt'!D75 -> 0.53169731 | E64: ='R6 - Net Debt'!E75 -> 0.50275053 | F64: ='R6 - Net Debt'!F75 -> 0.49217096 | G64: ='R6 - Net Debt'!G75 -> 0.49283714 | H64: ='R6 - Net Debt'!H75 -> 0.51087281
B66: In-period real finance cost (reg terms) at actual gearing | C66: £m nominal | D66: =D40 -> -37.295518 | E66: =E40 -> -226.15944 | F66: =F40 -> -113.04464 | G66: =G40 -> 54.171171 | H66: =H40 -> 16.251814
B67: Adjustment to regulatory finance cost relating to variance from notional gearing | C67: £m nominal | D67: =((D63-D64)/D64)*D66 -> -1.2838285 | E67: =((E63-E64)/E64)*E66 -> -21.254903 | F67: =((F63-F64)/F64)*F66 -> -13.282504 | G67: =((G63-G64)/G64)*G66 -> 6.2831692 | H67: =((H63-H64)/H64)*H66 -> 1.2447087
B68: In-period real finance cost (reg terms) at notional gearing | C68: £m nominal | D68: =SUM(D66:D67) -> -38.579346 | E68: =SUM(E66:E67) -> -247.41434 | F68: =SUM(F66:F67) -> -126.32714 | G68: =SUM(G66:G67) -> 60.454341 | H68: =SUM(H66:H67) -> 17.496522
B70: In-period real finance cost (reg terms) at notional gearing | C70: =Data!$C$9 -> £m 18/19 | D70: =D68/D42 -> -35.564096 | E70: =E68/E42 -> -209.6796 | F70: =F68/F42 -> -101.43375 | G70: =G68/G42 -> 47.029589 | H70: =H68/H42 -> 13.114631 | I70: =SUM(D70:INDEX(D70:H70,0,MATCH('RFPR cover'!$C$9,$D$6:$H$6,0))) -> -286.53323 | J70: =SUM(D70:H70) -> -286.53323
B71: Adjustments to be applied for performance assessment (at notional gearing) | C71: =Data!$C$9 -> £m 18/19 | D71: =D57*((D63-D64)/D64)+D57 -> 0 | E71: =E57*((E63-E64)/E64)+E57 -> -8.4357031 | F71: =F57*((F63-F64)/F64)+F57 -> -16.261324 | G71: =G57*((G63-G64)/G64)+G57 -> -2.8252039 | H71: =H57*((H63-H64)/H64)+H57 -> -2.8650146 | I71: =SUM(D71:INDEX(D71:H71,0,MATCH('RFPR cover'!$C$9,$D$6:$H$6,0))) -> -30.387245 | J71: =SUM(D71:H71) -> -30.387245
B73: Cost of Debt Allowance
B75: The latest PCFM contains the allowed cost of debt rate (%) for the reporting year.
B77: Real Cost of Debt Allowance as per latest PCFM (prior year AIP) | C77: =Data!$C$9 -> £m 18/19 | D77: ='R7 - RAV'!F43 -> 156.34912 | E77: ='R7 - RAV'!G43 -> 147.77874 | F77: ='R7 - RAV'!H43 -> 152.8177 | G77: ='R7 - RAV'!I43 -> 176.34611 | H77: ='R7 - RAV'!J43 -> 206.22282
B80: Out(under) performance
B81: The real cost of debt is compared against the regulatory debt allowance (set in real terms) for an assessment of performance given the inflation protection provided by RAV indexation.
B82: Pre-Tax performance
B83: Pre-Tax Cost of Debt out(under)performance at actual gearing | C83: =Data!$C$9 -> £m 18/19 | D83: =D77-D44-D57 -> 190.72972 | E83: =E77-E44-E57 -> 347.15617 | F83: =F77-F44-F57 -> 258.13788 | G83: =G77-G44-G57 -> 136.73599 | H83: =H77-H44-H57 -> 196.70236 | I83: =SUM(D83:INDEX(D83:H83,0,MATCH('RFPR cover'!$C$9,$D$6:$H$6,0))) -> 1129.4621 | J83: =SUM(D83:H83) -> 1129.4621
B85: Pre-Tax Cost of Debt out(under)performance at notional gearing | C85: =Data!$C$9 -> £m 18/19 | D85: =D77-D70-D71 -> 191.91321 | E85: =E77-E70-E71 -> 365.89405 | F85: =F77-F70-F71 -> 270.51278 | G85: =G77-G70-G71 -> 132.14172 | H85: =H77-H70-H71 -> 195.9732 | I85: =SUM(D85:INDEX(D85:H85,0,MATCH('RFPR cover'!$C$9,$D$6:$H$6,0))) -> 1156.435 | J85: =SUM(D85:H85) -> 1156.435
B87: Pre-Tax Impact on out(under) performance relating to deviating from notional levels of gearing | C87: =Data!$C$9 -> £m 18/19 | D87: =D83-D85 -> -1.1834882 | E87: =E83-E85 -> -18.737878 | F87: =F83-F85 -> -12.374897 | G87: =G83-G85 -> 4.5942712 | H87: =H83-H85 -> 0.72916131 | I87: =SUM(D87:INDEX(D87:H87,0,MATCH('RFPR cover'!$C$9,$D$6:$H$6,0))) -> -26.97283 | J87: =SUM(D87:H87) -> -26.97283

Sheet R6 - Net Debt
A1: R6 - Net Debt
A2: =Licensee -> NGET (TO)
A3: =Reporting_Year -> 2026 | B3: ='R5 - Financing'!B3
D5: =IF(D6<=Reporting_Year,"Actuals","Forecast") -> Actuals | E5: =IF(E6<=Reporting_Year,"Actuals","Forecast") -> Actuals | F5: =IF(F6<=Reporting_Year,"Actuals","Forecast") -> Actuals | G5: =IF(G6<=Reporting_Year,"Actuals","Forecast") -> Actuals | H5: =IF(H6<=Reporting_Year,"Actuals","Forecast") -> Actuals
D6: ='RFPR cover'!$C$6 -> 2022 | E6: =D6+1 -> 2023 | F6: =E6+1 -> 2024 | G6: =F6+1 -> 2025 | H6: =G6+1 -> 2026
D7: =RIIO_2_start_date-1&"/"&RIGHT(RIIO_2_start_date,2) -> 2021/22 | E7: =RIIO_2_start_date&"/"&RIGHT(RIIO_2_start_date+1,2) -> 2022/23 | F7: =RIIO_2_start_date+1&"/"&RIGHT(RIIO_2_start_date+2,2) -> 2023/24 | G7: =RIIO_2_start_date+2&"/"&RIGHT(RIIO_2_start_date+3,2) -> 2024/25 | H7: =RIIO_2_start_date+3&"/"&RIGHT(RIIO_2_start_date+4,2) -> 2025/26
B9: Opening Cash, short term deposits and overdrafts (per Balance Sheet) | C9: £m nominal | D9: -262.5 | E9: =D11 -> -510.72604 | F9: =E11 -> -466.90408 | G9: =F11 -> -385.91381 | H9: =G11 -> -420.02504
B11: Closing Cash, short term deposits and overdrafts (per Balance Sheet) | C11: £m nominal | D11: -510.72604 | E11: -466.90408 | F11: -385.91381 | G11: -420.02504 | H11: -378.50741
B12: Bonds | C12: £m nominal | D12: 7722.5351 | E12: 8845.1371 | F12: 8867.2736 | G12: 8388.7661 | H12: 8775.7936
B13: External Loans | C13: £m nominal | D13: 1556.1754 | E13: 1158.4753 | F13: 1418.7577 | G13: 1363.5735 | H13: 1304.1861
B14: Private Placements | C14: £m nominal | D14: 0 | E14: 0 | F14: 0 | G14: 0 | H14: 0
B15: Group company loans (licensee lender) | C15: £m nominal | D15: -484 | E15: -882 | F15: -530.69163 | G15: 0 | H15: 0
B16: Group company loans (licensee borrower) | C16: £m nominal | D16: 0 | E16: 0 | F16: 0 | G16: 1021.3511 | H16: 3068.5904
B17: Group Loans from Finco back to back with finco bond issue | C17: £m nominal | D17: 0 | E17: 0 | F17: 0 | G17: 0 | H17: 0
B18: Swaps Pay Leg | C18: £m nominal | D18: 2107.25 | E18: 4093.263 | F18: 3930.263 | G18: 3853.263 | H18: 4367.723
B19: Swaps Receive Leg | C19: £m nominal | D19: -2107.25 | E19: -4093.263 | F19: -3930.263 | G19: -3853.263 | H19: -4367.723
B20: Other | C20: £m nominal | D20: 46.936296 | E20: 40.241 | F20: 26.918545 | G20: 17.8622 | H20: 14.486934
B21: Total Modelled Debt | C21: £m nominal | D21: =SUM(D11:D20) -> 8330.9208 | E21: =SUM(E11:E20) -> 8694.9493 | F21: =SUM(F11:F20) -> 9396.3444 | G21: =SUM(G11:G20) -> 10371.528 | H21: =SUM(H11:H20) -> 12784.55
B23: Conversion to Regulatory (RIIO-2) Definition of Net Debt
B24: Unamortised Issue Costs | C24: £m nominal | D24: 0 | E24: 0 | F24: 0 | G24: 0 | H24: 0
B25: Fixed asset investments not readily convertible to cash | C25: £m nominal | D25: 0 | E25: 0 | F25: 0 | G25: 0 | H25: 0
B26: Preference shares | C26: £m nominal | D26: 0 | E26: 0 | F26: 0 | G26: 0 | H26: 0
B27: Long term loans (Not for benefit of regulated business or distribution in nature) | C27: £m nominal | D27: 0 | E27: 0 | F27: 0 | G27: 0 | H27: 0
B28: Discounts (premiums) for fixed rate debt | C28: £m nominal | D28: -25.743435 | E28: -24.542184 | F28: -23.648491 | G28: -22.75724 | H28: -22.345989
B29: Difference on post-swap liability estimate | C29: £m nominal | D29: -10.521615 | E29: 0 | F29: 0 | G29: 0 | H29: 0
B30: 2. [Insert adjustment as necessary] | C30: £m nominal | D30: 0 | E30: 0 | F30: 0 | G30: 0 | H30: 0
B31: 3. [Insert adjustment as necessary] | C31: £m nominal | D31: 0 | E31: 0 | F31: 0 | G31: 0 | H31: 0
B32: 4. [Insert adjustment as necessary] | C32: £m nominal | D32: 0 | E32: 0 | F32: 0 | G32: 0 | H32: 0
B33: 5. [Insert adjustment as necessary] | C33: £m nominal | D33: 0 | E33: 0 | F33: 0 | G33: 0 | H33: 0
B34: Difference in indexation method | C34: £m nominal | D34: 10.287914 | E34: 1.6871197 | F34: -29.422682 | G34: -31.013415 | H34: -33.707539
B35: 7. [Insert adjustment as necessary] | C35: £m nominal | D35: 0 | E35: 0 | F35: 0 | G35: 0 | H35: 0
... B39: 11. [Insert adjustment as necessary] | C39: £m nominal | D39: 0 | E39: 0 | F39: 0 | G39: 0 | H39: 0
B40: Total Net Debt per Regulatory (RIIO-2) definition | C40: £m nominal | D40: =SUM(D21,D24:D39) -> 8304.9437 | E40: =SUM(E21,E24:E39) -> 8672.0942 | F40: =SUM(F21,F24:F39) -> 9343.2732 | G40: =SUM(G21,G24:G39) -> 10317.757 | H40: =SUM(H21,H24:H39) -> 12728.496
B41: Forecast new debt/refinancing | C41: £m nominal
B42: Regulatory Net Debt including forecast new debt/refinancing | C42: £m nominal | D42: =SUM(D40:D41) -> 8304.9437 | E42: =SUM(E40:E41) -> 8672.0942 | F42: =SUM(F40:F41) -> 9343.2732 | G42: =SUM(G40:G41) -> 10317.757 | H42: =SUM(H40:H41) -> 12728.496
D43: OK | E43: OK | F43: OK | G43: OK | H43: OK
B45: Opening Regulatory Net Debt including forecast new debt/refinancing | C45: £m nominal | D45: 8036.4 | E45: =D46 -> 8304.9437 | F45: =E46 -> 8672.0942 | G45: =F46 -> 9343.2732 | H45: =G46 -> 10317.757
B46: Closing Regulatory Net Debt including forecast new debt/refinancing | C46: £m nominal | D46: =D42 -> 8304.9437 | E46: =E42 -> 8672.0942 | F46: =F42 -> 9343.2732 | G46: =G42 -> 10317.757 | H46: =H42 -> 12728.496
B48: Conversion from Regulatory (RIIO-2) Definition of Net Debt to Statutory Net Debt
B49: 1. Fair value adjustments | C49: £m nominal | D49: -185.1117 | E49: -376.52485 | F49: -377.86251 | G49: -365.00539 | H49: -384.65587
B50: 2. Accrued interest | C50: £m nominal | D50: 69.54112 | E50: 74.685423 | F50: 78.667066 | G50: 74.057932 | H50: 75.878791
B51: 3. Derivatives - other than cross currency swaps | C51: £m nominal | D51: 197 | E51: 147.07315 | F51: 145.07081 | G51: 177.79155 | H51: 137.99166
B52: 4. Balancing value on cross currency swaps | C52: £m nominal | D52: -71.1 | E52: -46.93303 | F52: -155.70161 | G52: -223.44555 | H52: -134.96703
B53: 5. IFRS 16 Right of Use Lease Liability | C53: £m nominal | D53: 65.014675 | E53: 61.468898 | F53: 71.183359 | G53: 94.724132 | H53: 102.42763
B54: 6. [Insert adjustment as necessary] | C54: £m nominal | D54: 7.3264479 | E54: -10.291877 | F54: -9.2550175 | G54: -8.404598 | H54: -11.715857
B55: 7. [Insert adjustment as necessary] | C55: £m nominal | D55: 196.5 | E55: 268.58615 | F55: 309.68968 | G55: 289.99505 | H55: 261.39648
B56: 8. [Insert adjustment as necessary] | C56: £m nominal | D56: 0 | E56: 0 | F56: -2.3952415 | G56: -2.0174943 | H56: -1.8716362
B57: 9. [Insert adjustment as necessary] | C57: £m nominal | D57: 0 | E57: 0 | F57: 0 | G57: 0 | H57: 0
B58: 10. [Insert adjustment as necessary] | C58: £m nominal | D58: 0 | E58: 0 | F58: 0 | G58: 0 | H58: 0
B59: Net Debt per Statutory Accounts | C59: £m nominal | D59: =SUM(D49:D58)+D42 -> 8584.1142 | E59: =SUM(E49:E58)+E42 -> 8790.1581 | F59: =SUM(F49:F58)+F42 -> 9402.6698 | G59: =SUM(G49:G58)+G42 -> 10355.453 | H59: =SUM(H49:H58)+H42 -> 12772.98
B61: Allocation of net debt (Per regulatory definition. Transmission companies only)
B62: Gas system operator allocation (transmission companies only) | C62: % | D62: 0 | E62: 0 | F62: 0 | G62: 0 | H62: 0
B63: Transmission or distribution allocation | C63: % | D63: =1-D62 -> 1 | E63: =1-E62 -> 1 | F63: =1-F62 -> 1 | G63: =1-G62 -> 1 | H63: =1-H62 -> 1
B65: Average Net Debt (per Regulatory Definition) | C65: £m nominal | D65: =AVERAGE(D45:D46)*D63 -> 8170.6718 | E65: =AVERAGE(E45:E46)*E63 -> 8488.519 | F65: =AVERAGE(F45:F46)*F63 -> 9007.6837 | G65: =AVERAGE(G45:G46)*G63 -> 9830.5152 | H65: =AVERAGE(H45:H46)*H63 -> 11523.127
B66: Equity RAV | C66: £m nominal | D66: =D67-D65 -> 7196.4772 | E66: =E67-E65 -> 8395.6382 | F66: =F67-F65 -> 9294.257 | G66: =G67-G65 -> 10116.267 | H66: =H67-H65 -> 11032.638
B67: Average RAV | C67: £m nominal | D67: =IF(D6=RIIO_2_start_date,AVERAGE(('R7 - RAV'!F15*'R7 - RAV'!F30),'R7 - RAV'!F32),AVERAGE('R7 - RAV'!E32:F32)) -> 15367.149 | E67: =IF(E6=RIIO_2_start_date,AVERAGE(('R7 - RAV'!G15*'R7 - RAV'!G30),'R7 - RAV'!G32),AVERAGE('R7 - RAV'!F32:G32)) -> 16884.157 | F67: =IF(F6=RIIO_2_start_date,AVERAGE(('R7 - RAV'!H15*'R7 - RAV'!H30),'R7 - RAV'!H32),AVERAGE('R7 - RAV'!G32:H32)) -> 18301.941 | G67: =IF(G6=RIIO_2_start_date,AVERAGE(('R7 - RAV'!I15*'R7 - RAV'!I30),'R7 - RAV'!I32),AVERAGE('R7 - RAV'!H32:I32)) -> 19946.783 | H67: =IF(H6=RIIO_2_start_date,AVERAGE(('R7 - RAV'!J15*'R7 - RAV'!J30),'R7 - RAV'!J32),AVERAGE('R7 - RAV'!I32:J32)) -> 22555.764
B68: Actual Regulatory Gearing | C68: % | D68: =D65/D67 -> 0.53169731 | E68: =E65/E67 -> 0.50275053 | F68: =F65/F67 -> 0.49217096 | G68: =G65/G67 -> 0.49283714 | H68: =H65/H67 -> 0.51087281
B69: Notional Gearing | C69: % | D69: =Data!$C$8 -> 0.55 | E69: =Data!$C$8 -> 0.55 | F69: =Data!$C$8 -> 0.55 | G69: =Data!$C$8 -> 0.55 | H69: =Data!$C$8 -> 0.55
B70: Gearing Ratio delta | C70: % | D70: =IF(ISBLANK(D21),"n/a",D68-D69) -> -0.018302687 | E70: =IF(ISBLANK(E21),"n/a",E68-E69) -> -0.04724947 | F70: =IF(ISBLANK(F21),"n/a",F68-F69) -> -0.057829041 | G70: =IF(ISBLANK(G21),"n/a",G68-G69) -> -0.057162861 | H70: =IF(ISBLANK(H21),"n/a",H68-H69) -> -0.039127192
B72: NPV Neutral assumed Average Net Debt | C72: =Data!$C$9 -> £m 18/19 | D72: =D74*D68 -> 7372.9849 | E72: =E74*E68 -> 7109.6497 | F72: =F74*F68 -> 7122.3897 | G72: =G74*G68 -> 7489.0057 | H72: =H74*H68 -> 8475.7546
B73: NPV Neutral assumed Equity RAV | C73: =Data!$C$9 -> £m 18/19 | D73: =D74*(1-D68) -> 6493.899 | E73: =E74*(1-E68) -> 7031.8564 | F73: =F74*(1-F68) -> 7348.9836 | G73: =G74*(1-G68) -> 7706.6951 | H73: =H74*(1-H68) -> 8114.9788
B74: NPV Neutral assumed Average RAV | C74: =Data!$C$9 -> £m 18/19 | D74: ='R7 - RAV'!F41 -> 13866.884 | E74: ='R7 - RAV'!G41 -> 14141.506 | F74: ='R7 - RAV'!H41 -> 14471.373 | G74: ='R7 - RAV'!I41 -> 15195.701 | H74: ='R7 - RAV'!J41 -> 16590.733
B75: Actual Regulatory Gearing | C75: % | D75: =D72/D74 -> 0.53169731 | E75: =E72/E74 -> 0.50275053 | F75: =F72/F74 -> 0.49217096 | G75: =G72/G74 -> 0.49283714 | H75: =H72/H74 -> 0.51087281
B76: Notional Gearing | C76: % | D76: =Data!$C$8 -> 0.55 | E76: =Data!$C$8 -> 0.55 | F76: =Data!$C$8 -> 0.55 | G76: =Data!$C$8 -> 0.55 | H76: =Data!$C$8 -> 0.55
B77: Gearing Ratio delta | C77: % | D77: =IF(ISBLANK(D21),"n/a",D75-D76) -> -0.018302687 | E77: =IF(ISBLANK(E21),"n/a",E75-E76) -> -0.04724947 | F77: =IF(ISBLANK(F21),"n/a",F75-F76) -> -0.057829041 | G77: =IF(ISBLANK(G21),"n/a",G75-G76) -> -0.057162861 | H77: =IF(ISBLANK(H21),"n/a",H75-H76) -> -0.039127192

Sheet R7 - RAV
A1: R7 - Regulatory Asset Value (RAV)
A2: =Licensee -> NGET (TO)
A3: =Reporting_Year -> 2026
F5: =IF(F6<=Reporting_Year,"Actuals","Forecast") -> Actuals | G5: =IF(G6<=Reporting_Year,"Actuals","Forecast") -> Actuals | H5: =IF(H6<=Reporting_Year,"Actuals","Forecast") -> Actuals | I5: =IF(I6<=Reporting_Year,"Actuals","Forecast") -> Actuals | J5: =IF(J6<=Reporting_Year,"Actuals","Forecast") -> Actuals
F6: ='RFPR cover'!$C$6 -> 2022 | G6: =F6+1 -> 2023 | H6: =G6+1 -> 2024 | I6: =H6+1 -> 2025 | J6: =I6+1 -> 2026
F7: =RIIO_2_start_date-1&"/"&RIGHT(RIIO_2_start_date,2) -> 2021/22 | G7: =RIIO_2_start_date&"/"&RIGHT(RIIO_2_start_date+1,2) -> 2022/23 | H7: =RIIO_2_start_date+1&"/"&RIGHT(RIIO_2_start_date+2,2) -> 2023/24 | I7: =RIIO_2_start_date+2&"/"&RIGHT(RIIO_2_start_date+3,2) -> 2024/25 | J7: =RIIO_2_start_date+3&"/"&RIGHT(RIIO_2_start_date+4,2) -> 2025/26
B9: RAV per latest PCFM
B12: Closing RAV per latest PCFM | E12: =Data!$C$9 -> £m 18/19 | F12: 14173.299 | G12: 14391.548 | H12: 14885.213 | I12: 15972.561 | J12: 17843.104
B15: Opening RAV (before transfers) | E15: =Data!$C$9 -> £m 18/19 | F15: 13928.089 | G15: =F24 -> 14224.995 | H15: =G24 -> 14474.518 | I15: =H24 -> 14940.669 | J15: =I24 -> 15991.666
B16: Transfers | E16: =Data!$C$9 -> £m 18/19 | F16: 0 | G16: 0 | H16: 0 | I16: 0 | J16: 0
B17: Opening RAV (after transfers) | E17: =Data!$C$9 -> £m 18/19 | F17: =SUM(F15:F16) -> 13928.089 | G17: =SUM(G15:G16) -> 14224.995 | H17: =SUM(H15:H16) -> 14474.518 | I17: =SUM(I15:I16) -> 14940.669 | J17: =SUM(J15:J16) -> 15991.666
B18: Net additions (after disposals) | E18: =Data!$C$9 -> £m 18/19 | F18: 1110.7863 | G18: 1081.7435 | H18: 1356.374 | I18: 1954.9991 | J18: 2750.0649
B19: Net additions (after disposals) - enduring value adjustment | E19: =Data!$C$9 -> £m 18/19 | F19: 51.696319 | G19: 32.422042 | H19: -25.644544 | I19: -35.050978 | J19: -64.225853
B20: Total Net Additions | E20: =Data!$C$9 -> £m 18/19 | F20: =SUM(F18:F19) -> 1162.4826 | G20: =SUM(G18:G19) -> 1114.1655 | H20: =SUM(H18:H19) -> 1330.7294 | I20: =SUM(I18:I19) -> 1919.9482 | J20: =SUM(J18:J19) -> 2685.8391
B21: Depreciation | E21: =Data!$C$9 -> £m 18/19 | F21: -865.57679 | G21: -863.49425 | H21: -862.70905 | I21: -867.65125 | J21: -879.52178
B22: Depreciation - enduring value adjustment | E22: =Data!$C$9 -> £m 18/19 | F22: 0 | G22: -1.1488071 | H22: -1.8692969 | I22: -1.2994182 | J22: -0.52050753
B23: Total Depreciation | E23: =Data!$C$9 -> £m 18/19 | F23: =SUM(F21:F22) -> -865.57679 | G23: =SUM(G21:G22) -> -864.64306 | H23: =SUM(H21:H22) -> -864.57834 | I23: =SUM(I21:I22) -> -868.95067 | J23: =SUM(J21:J22) -> -880.04229
B24: Adjusted Closing RAV | E24: =Data!$C$9 -> £m 18/19 | F24: =F17+F20+F23 -> 14224.995 | G24: =G17+G20+G23 -> 14474.518 | H24: =H17+H20+H23 -> 14940.669 | I24: =I17+I20+I23 -> 15991.666 | J24: =J17+J20+J23 -> 17797.463
B26: Total enduring value and other adjustments | E26: =Data!$C$9 -> £m 18/19 | F26: =F19+F22 -> 51.696319 | G26: =G19+G22 -> 31.273235 | H26: =H19+H22 -> -27.513841 | I26: =I19+I22 -> -36.350396 | J26: =J19+J22 -> -64.74636
B27: CHECK | F27: =IF(F5="Actuals",IF(ABS((F24-SUM($F26:F$26))-F12)<0.1,"TRUE","FALSE"),"NA") -> TRUE | G27: =IF(G5="Actuals",IF(ABS((G24-SUM($F26:G$26))-G12)<0.1,"TRUE","FALSE"),"NA") -> TRUE | H27: =IF(H5="Actuals",IF(ABS((H24-SUM($F26:H$26))-H12)<0.1,"TRUE","FALSE"),"NA") -> TRUE | I27: =IF(I5="Actuals",IF(ABS((I24-SUM($F26:I$26))-I12)<0.1,"TRUE","FALSE"),"NA") -> TRUE | J27: =IF(J5="Actuals",IF(ABS((J24-SUM($F26:J$26))-J12)<0.1,"TRUE","FALSE"),"NA") -> TRUE
B30: Index for Opening RAV conversion to nominal in yr 1 | E30: Index | F30: =IF(Sector="ED2",(INDEX(Data!C29:N29,MATCH(RIIO_2_start_date-1,Data!C27:N27,0))/Data!$E$28),INDEX(Data!C20:N20,MATCH(RIIO_2_start_date-1,Data!C18:N18,0))/Data!$C$19) -> 1.0533528
B32: Adjusted Closing RAV | E32: £m nominal | F32: =IF(Sector="ED2",F24*Data!H36,F24*Combined_real_to_nominal_prices_conversion_factor__financial_year_end) -> 16063.106 | G32: =IF(Sector="ED2",G24*Data!I36,G24*Combined_real_to_nominal_prices_conversion_factor__financial_year_end) -> 17705.208 | H32: =IF(Sector="ED2",H24*Data!J36,H24*Combined_real_to_nominal_prices_conversion_factor__financial_year_end) -> 18898.673 | I32: =IF(Sector="ED2",I24*Data!K36,I24*Combined_real_to_nominal_prices_conversion_factor__financial_year_end) -> 20994.892 | J32: =IF(Sector="ED2",J24*Data!L36,J24*Combined_real_to_nominal_prices_conversion_factor__financial_year_end) -> 24116.637
B34: Cost of debt | E34: annual real % | F34: =INDEX(Data!$H$63:$P$91,MATCH('RFPR cover'!$C$7,Data!$B$63:$B$91,0),MATCH('R7 - RAV'!F$6,Data!$H$62:$P$62,0)) -> 0.0205 | G34: =INDEX(Data!$H$63:$P$91,MATCH('RFPR cover'!$C$7,Data!$B$63:$B$91,0),MATCH('R7 - RAV'!G$6,Data!$H$62:$P$62,0)) -> 0.019 | H34: =INDEX(Data!$H$63:$P$91,MATCH('RFPR cover'!$C$7,Data!$B$63:$B$91,0),MATCH('R7 - RAV'!H$6,Data!$H$62:$P$62,0)) -> 0.0192 | I34: =INDEX(Data!$H$63:$P$91,MATCH('RFPR cover'!$C$7,Data!$B$63:$B$91,0),MATCH('R7 - RAV'!I$6,Data!$H$62:$P$62,0)) -> 0.0211 | J34: =INDEX(Data!$H$63:$P$91,MATCH('RFPR cover'!$C$7,Data!$B$63:$B$91,0),MATCH('R7 - RAV'!J$6,Data!$H$62:$P$62,0)) -> 0.0226
B35: Cost of equity | E35: annual real % | F35: =INDEX(Data!$O$63:$U$91,MATCH('RFPR cover'!$C$7,Data!$B$63:$B$91,0),MATCH('R7 - RAV'!F$6,Data!$O$62:$U$62,0)) -> 0.04243945 | G35: =INDEX(Data!$O$63:$U$91,MATCH('RFPR cover'!$C$7,Data!$B$63:$B$91,0),MATCH('R7 - RAV'!G$6,Data!$O$62:$U$62,0)) -> 0.042616093 | H35: =INDEX(Data!$O$63:$U$91,MATCH('RFPR cover'!$C$7,Data!$B$63:$B$91,0),MATCH('R7 - RAV'!H$6,Data!$O$62:$U$62,0)) -> 0.049096839 | I35: =INDEX(Data!$O$63:$U$91,MATCH('RFPR cover'!$C$7,Data!$B$63:$B$91,0),MATCH('R7 - RAV'!I$6,Data!$O$62:$U$62,0)) -> 0.052011518 | J35: =INDEX(Data!$O$63:$U$91,MATCH('RFPR cover'!$C$7,Data!$B$63:$B$91,0),MATCH('R7 - RAV'!J$6,Data!$O$62:$U$62,0)) -> 0.050933685
B36: Notional gearing | E36: % | F36: =Notional_Gearing -> 0.55 | G36: =Notional_Gearing -> 0.55 | H36: =Notional_Gearing -> 0.55 | I36: =Notional_Gearing -> 0.55 | J36: =Notional_Gearing -> 0.55
B37: Vanilla WACC | E37: annual real % | F37: =F34*F36+F35*(1-F36) -> 0.030372752 | G37: =G34*G36+G35*(1-G36) -> 0.029627242 | H37: =H34*H36+H35*(1-H36) -> 0.032653578 | I37: =I34*I36+I35*(1-I36) -> 0.035010183 | J37: =J34*J36+J35*(1-J36) -> 0.035350158
B39: NPV-neutral debt element of RAV | E39: =Data!$C$9 -> £m 18/19 | F39: =F41*F36 -> 7626.7861 | G39: =G41*G36 -> 7777.8284 | H39: =H41*H36 -> 7959.2553 | I39: =I41*I36 -> 8357.6355 | J39: =J41*J36 -> 9124.9034
B40: NPV-neutral equity element of RAV | E40: =Data!$C$9 -> £m 18/19 | F40: =F41*(1-F36) -> 6240.0978 | G40: =G41*(1-G36) -> 6363.6778 | H40: =H41*(1-H36) -> 6512.118 | I40: =I41*(1-I36) -> 6838.0654 | J40: =J41*(1-J36) -> 7465.83
B41: NPV-neutral RAV return base | E41: =Data!$C$9 -> £m 18/19 | F41: =AVERAGE(F17,F24*(1/(1+F37))) -> 13866.884 | G41: =AVERAGE(G17,G24*(1/(1+G37))) -> 14141.506 | H41: =AVERAGE(H17,H24*(1/(1+H37))) -> 14471.373 | I41: =AVERAGE(I17,I24*(1/(1+I37))) -> 15195.701 | J41: =AVERAGE(J17,J24*(1/(1+J37))) -> 16590.733
B43: Debt Return on RAV | E43: =Data!$C$9 -> £m 18/19 | F43: =F34*F39 -> 156.34912 | G43: =G34*G39 -> 147.77874 | H43: =H34*H39 -> 152.8177 | I43: =I34*I39 -> 176.34611 | J43: =J34*J39 -> 206.22282
B44: Equity Return on RAV | E44: =Data!$C$9 -> £m 18/19 | F44: =F35*F40 -> 264.82632 | G44: =G35*G40 -> 271.19509 | H44: =H35*H40 -> 319.72441 | I44: =I35*I40 -> 355.65816 | J44: =J35*J40 -> 380.26224
B45: Total return on RAV | E45: =Data!$C$9 -> £m 18/19 | F45: =SUM(F43:F44) -> 421.17543 | G45: =SUM(G43:G44) -> 418.97382 | H45: =SUM(H43:H44) -> 472.54211 | I45: =SUM(I43:I44) -> 532.00427 | J45: =SUM(J43:J44) -> 586.48505

Sheet R8 - Tax
A1: R8 - Tax
A2: =Licensee -> NGET (TO)
A3: =Reporting_Year -> 2026
E5: =IF(E6+1<=Reporting_Year,"Actuals","Forecast") -> Actuals | F5: =IF(F6+1<=Reporting_Year,"Actuals","Forecast") -> Actuals | G5: =IF(G6+1<=Reporting_Year,"Actuals","Forecast") -> Actuals | H5: =IF(H6+1<=Reporting_Year,"Actuals","Forecast") -> Actuals | I5: =IF(I6+1<=Reporting_Year,"Actuals","Forecast") -> Forecast
E6: ='RFPR cover'!$C$6 -> 2022 | F6: =E6+1 -> 2023 | G6: =F6+1 -> 2024 | H6: =G6+1 -> 2025 | I6: =H6+1 -> 2026
E7: =RIIO_2_start_date-1&"/"&RIGHT(RIIO_2_start_date,2) -> 2021/22 | F7: =RIIO_2_start_date&"/"&RIGHT(RIIO_2_start_date+1,2) -> 2022/23 | G7: =RIIO_2_start_date+1&"/"&RIGHT(RIIO_2_start_date+2,2) -> 2023/24 | H7: =RIIO_2_start_date+2&"/"&RIGHT(RIIO_2_start_date+3,2) -> 2024/25 | I7: =RIIO_2_start_date+3&"/"&RIGHT(RIIO_2_start_date+4,2) -> 2025/26
B8: The CT600 will not have been submitted for the current reporting year.
B9: It is assumed the current tax charge per the statutory accounts will equal the tax liability in the forthcoming CT600, where this is not the case the licensee should provide an explanation in the commentary of the variance.
B11: Tax liability per latest submitted CT600 (pre-group relief) after Regulatory Adjustments | D11: £m nominal | E11: 119.85565 | F11: 60.684161 | G11: 158.5169 | H11: 0 | J11: must match with worksheet R8a row 95 minus regulatory adjustments
B15: Adjustments to remove non-regulated tax liability
B16: Tax on non-regulated activities | D16: £m nominal | E16: -2.8351345 | F16: 4.2170146 | G16: -7.40986 | H16: -4.2438868
B17: Metering | D17: £m nominal | E17: 0 | F17: 0 | G17: 0 | H17: 0
B18: De-minimus and Other activities | D18: £m nominal | E18: -4.812281 | F18: -14.876773 | G18: -28.85826 | H18: 2.8091265
B19: Excluded services | D19: £m nominal | E19: 0 | F19: 0 | G19: 0 | H19: 0
B20: Non-regulated tax | D20: £m nominal | E20: =SUM(E16:E19) -> -7.6474155 | F20: =SUM(F16:F19) -> -10.659759 | G20: =SUM(G16:G19) -> -36.26812 | H20: =SUM(H16:H19) -> -1.4347603 | I20: =SUM(I16:I19) -> 0
B22: Other adjustments
B23: Tax on Other Revenue Allowances - Innovation and Incentives only | D23: £m nominal | E23: =IF(E5="Actuals",('R4 - Incentives and Other Rev'!D71+'R4 - Incentives and Other Rev'!D45+'R4 - Incentives and Other Rev'!D52+'R4 - Incentives and Other Rev'!D59)/(1-INDEX(Corporate_Tax,MATCH(E$6,Data!$C$18:$N$18,0)))*INDEX(Corporate_Tax,MATCH(E$6,Data!$C$18:$N$18,0)),0)*E38 -> 0.078568049 | F23: =IF(F5="Actuals",('R4 - Incentives and Other Rev'!E71+'R4 - Incentives and Other Rev'!E45+'R4 - Incentives and Other Rev'!E52+'R4 - Incentives and Other Rev'!E59)/(1-INDEX(Corporate_Tax,MATCH(F$6,Data!$C$18:$N$18,0)))*INDEX(Corporate_Tax,MATCH(F$6,Data!$C$18:$N$18,0)),0)*F38 -> 0.18049035 | G23: =IF(G5="Actuals",('R4 - Incentives and Other Rev'!F71+'R4 - Incentives and Other Rev'!F45+'R4 - Incentives and Other Rev'!F52+'R4 - Incentives and Other Rev'!F59)/(1-INDEX(Corporate_Tax,MATCH(G$6,Data!$C$18:$N$18,0)))*INDEX(Corporate_Tax,MATCH(G$6,Data!$C$18:$N$18,0)),0)*G38 -> 0.47303225 | H23: =IF(H5="Actuals",('R4 - Incentives and Other Rev'!G71+'R4 - Incentives and Other Rev'!G45+'R4 - Incentives and Other Rev'!G52+'R4 - Incentives and Other Rev'!G59)/(1-INDEX(Corporate_Tax,MATCH(H$6,Data!$C$18:$N$18,0)))*INDEX(Corporate_Tax,MATCH(H$6,Data!$C$18:$N$18,0)),0)*H38 -> 0.6361382 | I23: =IF(I5="Actuals",('R4 - Incentives and Other Rev'!H71+'R4 - Incentives and Other Rev'!H45+'R4 - Incentives and Other Rev'!H52+'R4 - Incentives and Other Rev'!H59)/(1-INDEX(Corporate_Tax,MATCH(I$6,Data!$C$18:$N$18,0)))*INDEX(Corporate_Tax,MATCH(I$6,Data!$C$18:$N$18,0)),0)*I38 -> 0
B24: Collected revenue adjustment ('k') | D24: £m nominal | E24: -14.46207 | F24: -29.155845 | G24: 74.43041 | H24: -36.974529
B25: Pension - timing adjustment | D25: £m nominal | E25: 0.048416529 | F25: -1.0246923 | G25: 4.0345796 | H25: -3.4356039
B26: Pension - disallowed contributions | D26: £m nominal | E26: 0 | F26: 0 | G26: 0 | H26: 0
B27: Tax on derivatives not disregarded | D27: £m nominal | E27: 0 | F27: 0 | G27: 0 | H27: 0
B28: Tax on Performance | D28: £m nominal | E28: 4.1086026 | F28: 10.329922 | G28: 19.258934 | H28: -20.038505
B29: Tax on Excluded Services / Legacy | D29: £m nominal | E29: 0.067550404 | F29: 3.9821041 | G29: -0.027223154 | H29: -2.033244
B30: Tax credit on current year loss per CT600 | D30: £m nominal | E30: 0 | F30: 0 | G30: 0 | H30: 54.195586
B31: Tax loss restriction | D31: £m nominal | E31: 0 | F31: 0 | G31: 0 | H31: -10.550345
B32: Tax on remeasurements | D32: £m nominal | E32: 0.22476183 | F32: -5.3760352 | G32: 17.217061 | H32: 19.635262
B33: Total other adjustments | D33: £m nominal | E33: =SUM(E23:E32) -> -9.9341701 | F33: =SUM(F23:F32) -> -21.064056 | G33: =SUM(G23:G32) -> 115.38679 | H33: =SUM(H23:H32) -> 1.4347603 | I33: =SUM(I23:I32) -> 0
B35: Forecast regulated tax liability (including impact of any enduring value adjustments) | D35: £m nominal | E35: 135.63474 | F35: 115.01611 | G35: 35.990967 | H35: 1.8336422 | I35: 1.9548212
B36: Adjusted regulated tax liability | D36: £m nominal | E36: =IF(ISNUMBER(E11),E11-E20-E33,E35-E20-E33) -> 137.43723 | F36: =IF(ISNUMBER(F11),F11-F20-F33,F35-F20-F33) -> 92.407976 | G36: =IF(ISNUMBER(G11),G11-G20-G33,G35-G20-G33) -> 79.398224 | H36: =IF(ISNUMBER(H11),H11-H20-H33,H35-H20-H33) -> -8.8817842e-16 | I36: =IF(ISNUMBER(I11),I11-I20-I33,I35-I20-I33) -> 1.9548212
B38: Combined RPI-CPIH real to nominal prices conversion | D38: Factor | E38: =INDEX(real_to_nominal_CF,MATCH(E$6,calendar_year,0)) -> 1.0847835 | F38: =INDEX(real_to_nominal_CF,MATCH(F$6,calendar_year,0)) -> 1.1799638 | G38: =INDEX(real_to_nominal_CF,MATCH(G$6,calendar_year,0)) -> 1.2454152 | H38: =INDEX(real_to_nominal_CF,MATCH(H$6,calendar_year,0)) -> 1.2854533 | I38: =INDEX(real_to_nominal_CF,MATCH(I$6,calendar_year,0)) -> 1.3341223
B40: Adjusted/forecast regulated tax liability | D40: =Data!$C$9 -> £m 18/19 | E40: =Adjusted_regulated_tax_liability/E38 -> 126.69554 | F40: =Adjusted_regulated_tax_liability/F38 -> 78.314246 | G40: =Adjusted_regulated_tax_liability/G38 -> 63.75241 | H40: =Adjusted_regulated_tax_liability/H38 -> -6.9094569e-16 | I40: =Adjusted_regulated_tax_liability/I38 -> 1.4652489
B42: Tax out(under)performance at notional gearing
B43: Performance against allowance is impacted by deviating from notional levels of gearing
B45: Notional Gearing | D45: % | E45: =Data!$C$8 -> 0.55 | F45: =Data!$C$8 -> 0.55 | G45: =Data!$C$8 -> 0.55 | H45: =Data!$C$8 -> 0.55 | I45: =Data!$C$8 -> 0.55
B46: Actual Gearing | D46: % | E46: ='R6 - Net Debt'!D68 -> 0.53169731 | F46: ='R6 - Net Debt'!E68 -> 0.50275053 | G46: ='R6 - Net Debt'!F68 -> 0.49217096 | H46: ='R6 - Net Debt'!G68 -> 0.49283714 | I46: ='R6 - Net Debt'!H68 -> 0.51087281
B48: Adjusted/forecast regulated tax liability | D48: £m nominal | E48: =E36 -> 137.43723 | F48: =F36 -> 92.407976 | G48: =G36 -> 79.398224 | H48: =H36 -> -8.8817842e-16 | I48: =I36 -> 1.9548212
B49: Adjustment to regulatory tax cost relating to variance from notional gearing | D49: £m nominal | E49: =E66-E68 -> 0.24392742 | F49: =F66-F68 -> 4.2009033 | G49: =G66-G68 -> 3.8529713 | H49: =H66-H68 -> -1.4764303 | I49: =I66-I68 -> -0.24319759
B50: Revised regulated tax liability for comparison against allowance | D50: £m nominal | E50: =SUM(E48:E49) -> 137.68116 | F50: =SUM(F48:F49) -> 96.608879 | G50: =SUM(G48:G49) -> 83.251195 | H50: =SUM(H48:H49) -> -1.4764303 | I50: =SUM(I48:I49) -> 1.7116236
B52: Revised regulated tax liability for comparison against allowance | D52: =Data!$C$9 -> £m 18/19 | E52: =E50/E38 -> 126.9204 | F52: =F50/F38 -> 81.874442 | G52: =G50/G38 -> 66.846135 | H52: =H50/H38 -> -1.1485678 | I52: =I50/I38 -> 1.2829585
B54: Allowance
B56: Tax Allowance per latest PCFM | D56: =Data!$C$9 -> £m 18/19 | E56: 123.1391 | F56: 97.189046 | G56: 33.64482 | H56: 5.3501276 | I56: 5.2684623
B58: Out(under) performance
B60: Regulated tax out(under) performance at actual gearing | D60: =Data!$C$9 -> £m 18/19 | E60: =E$56-E40 -> -3.5564387 | F60: =F$56-F40 -> 18.8748 | G60: =G$56-G40 -> -30.10759 | H60: =H$56-H40 -> 5.3501276 | I60: =I$56-I40 -> 3.8032135
B62: Regulated tax out(under) performance at notional gearing | D62: =Data!$C$9 -> £m 18/19 | E62: =E$56-E52 -> -3.7813014 | F62: =F$56-F52 -> 15.314603 | G62: =G$56-G52 -> -33.201314 | H62: =H$56-H52 -> 6.4986954 | I62: =I$56-I52 -> 3.9855038
B64: Impact on out(under) performance relating to deviating from notional levels of gearing | D64: =Data!$C$9 -> £m 18/19 | E64: =E60-E62 -> 0.22486276 | F64: =F60-F62 -> 3.5601967 | G64: =G60-G62 -> 3.0937242 | H64: =H60-H62 -> -1.1485678 | I64: =I60-I62 -> -0.18229033
B66: Tax impact of financing performance (at actual gearing) | D66: £m nominal | E66: =-('R5 - Financing'!D83*INDEX(Corporate_Tax,MATCH(E$6,Data!$C$18:$N$18,0))*'R8 - Tax'!E$38) -> -39.311088 | F66: =-('R5 - Financing'!E83*INDEX(Corporate_Tax,MATCH(F$6,Data!$C$18:$N$18,0))*'R8 - Tax'!F$38) -> -77.830026 | G66: =-('R5 - Financing'!F83*INDEX(Corporate_Tax,MATCH(G$6,Data!$C$18:$N$18,0))*'R8 - Tax'!G$38) -> -80.372213 | H66: =-('R5 - Financing'!G83*INDEX(Corporate_Tax,MATCH(H$6,Data!$C$18:$N$18,0))*'R8 - Tax'!H$38) -> -43.941934 | I66: =-('R5 - Financing'!H83*INDEX(Corporate_Tax,MATCH(I$6,Data!$C$18:$N$18,0))*'R8 - Tax'!I$38) -> -65.606252 | J66: changed to calculation
B67: Tax impact of financing performance (at actual gearing) | D67: =Data!$C$9 -> £m 18/19 | E67: =E66/E$38 -> -36.238648 | F67: =F66/F$38 -> -65.959672 | G67: =G66/G$38 -> -64.53447 | H67: =H66/H$38 -> -34.183999 | I67: =I66/I$38 -> -49.17559
B68: Tax impact of financing performance (at notional gearing) | D68: £m nominal | E68: =-('R5 - Financing'!D85*INDEX(Corporate_Tax,MATCH(E$6,Data!$C$18:$N$18,0))*'R8 - Tax'!E$38) -> -39.555016 | F68: =-('R5 - Financing'!E85*INDEX(Corporate_Tax,MATCH(F$6,Data!$C$18:$N$18,0))*'R8 - Tax'!F$38) -> -82.030929 | G68: =-('R5 - Financing'!F85*INDEX(Corporate_Tax,MATCH(G$6,Data!$C$18:$N$18,0))*'R8 - Tax'!G$38) -> -84.225184 | H68: =-('R5 - Financing'!G85*INDEX(Corporate_Tax,MATCH(H$6,Data!$C$18:$N$18,0))*'R8 - Tax'!H$38) -> -42.465503 | I68: =-('R5 - Financing'!H85*INDEX(Corporate_Tax,MATCH(I$6,Data!$C$18:$N$18,0))*'R8 - Tax'!I$38) -> -65.363054 | J68: changed to calculation
B69: Tax impact of financing performance (at notional gearing) | D69: =Data!$C$9 -> £m 18/19 | E69: =E68/E$38 -> -36.46351 | F69: =F68/F$38 -> -69.519869 | G69: =G68/G$38 -> -67.628194 | H69: =H68/H$38 -> -33.035431 | I69: =I68/I$38 -> -48.9933
B70: Tax impact of financing performance relating to deviating from notional levels of gearing | D70: =Data!$C$9 -> £m 18/19 | E70: =E67-E69 -> 0.22486276 | F70: =F67-F69 -> 3.5601967 | G70: =G67-G69 -> 3.0937242 | H70: =H67-H69 -> -1.1485678 | I70: =I67-I69 -> -0.18229033

Sheet R9 - Corporate Governance
A1: R9 - Corporate Governance
A2: =Licensee -> NGET (TO)
A3: =Reporting_Year -> 2026
D5: =IF(D6<=Reporting_Year,"Actuals","Forecast") -> Actuals | E5: =IF(E6<=Reporting_Year,"Actuals","Forecast") -> Actuals | F5: =IF(F6<=Reporting_Year,"Actuals","Forecast") -> Actuals | G5: =IF(G6<=Reporting_Year,"Actuals","Forecast") -> Actuals | H5: =IF(H6<=Reporting_Year,"Actuals","Forecast") -> Actuals
D6: ='RFPR cover'!$C$6 -> 2022 | E6: =D6+1 -> 2023 | F6: =E6+1 -> 2024 | G6: =F6+1 -> 2025 | H6: =G6+1 -> 2026
D7: =RIIO_2_start_date-1&"/"&RIGHT(RIIO_2_start_date,2) -> 2021/22 | E7: =RIIO_2_start_date&"/"&RIGHT(RIIO_2_start_date+1,2) -> 2022/23 | F7: =RIIO_2_start_date+1&"/"&RIGHT(RIIO_2_start_date+2,2) -> 2023/24 | G7: =RIIO_2_start_date+2&"/"&RIGHT(RIIO_2_start_date+3,2) -> 2024/25 | H7: =RIIO_2_start_date+3&"/"&RIGHT(RIIO_2_start_date+4,2) -> 2025/26
A9: Dividends Reconciliation - Regulated Business to Accounts
B11: Dividend paid as per Statutory Accounts | C11: £m nominal | D11: 371 | E11: 300 | F11: 300 | G11: 0 | H11: 400
B12: Less dividend paid not related to Regulated business
B13: [Insert adjustment as necessary] | C13: £m nominal | D13: 0 | E13: 0 | F13: 0 | G13: 0 | H13: 0
B14: [Insert adjustment as necessary] | C14: £m nominal | D14: 0 | E14: 0 | F14: 0 | G14: 0 | H14: 0
B15: [Insert new rows here as necessary] | C15: £m nominal | D15: 0 | E15: 0 | F15: 0 | G15: 0 | H15: 0
B16: Dividend paid relating to the Regulated Business | C16: £m nominal | D16: =D11-SUM(D13:D15) -> 371 | E16: =E11-SUM(E13:E15) -> 300 | F16: =F11-SUM(F13:F15) -> 300 | G16: =G11-SUM(G13:G15) -> 0 | H16: =H11-SUM(H13:H15) -> 400
B18: Shareholder loan interest (not included as Net Interest per Regulatory (RIIO-2) definition) | C18: £m nominal | D18: 0 | E18: 0 | F18: 0 | G18: 0 | H18: 0
A22: Executive Directors* Remuneration
D23: =Reporting_Year&" "&"- Actuals" -> 2026 - Actuals
D24: Director 1 | E24: Director 2 | F24: Director 3 | G24: Director 4 | H24: Director 5 | I24: Director 6
C25: Name of Director | D25: Alice Delahunty | E25: Chris Bennett | F25: Sandip Thakrar | G25: Carl Trowell | H25: Jeremy Mavor | I25: Matthew Braovac
B26: Fixed Pay
B27: Salary | C27: £m nominal | D27: 0.506 | E27: 0.225 | F27: 0.354 | G27: 0.511 | H27: 0.09 | I27: 0.171
B28: Bonus | C28: £m nominal | D28: 0.442 | E28: 0.129 | F28: 0.185 | G28: 0.609 | H28: 0.133 | I28: 0.116
B29: [Insert new rows here as necessary] | C29: £m nominal
B30: Benefits | C30: £m nominal
B31: Other Cash Benefits | C31: £m nominal | F31: 0.022 | G31: 0.002 | H31: 0.004 | I31: 0.002
B32: Non-Cash Benefits (BIK) | C32: £m nominal | D32: 0.004 | E32: 0.005 | F32: 0.001 | G32: 0.005 | I32: 0.001
B33: Pension | C33: £m nominal
B34: [Insert new rows here as necessary] | C34: £m nominal | D34: 0.061 | E34: 0.066 | F34: 0.039 | G34: 0.061 | H34: 0.032 | I34: 0.01
B35: Total Fixed Pay | C35: £m nominal | D35: =SUM(D27:D34) -> 1.013 | E35: =SUM(E27:E34) -> 0.425 | F35: =SUM(F27:F34) -> 0.601 | G35: =SUM(G27:G34) -> 1.188 | H35: =SUM(H27:H34) -> 0.259 | I35: =SUM(I27:I34) -> 0.3
B36: Allocation to Regulated Business | C36: £m nominal | D36: 1.013 | E36: 0.425 | F36: 0.601 | G36: 1.188 | H36: 0.259 | I36: 0.3
B38: Variable Pay
B39: Incentives | C39: £m nominal
B40: [Insert new rows here as necessary] | C40: £m nominal
B41: Performance related Pay | C41: £m nominal | D41: 0.879 | E41: 0.214 | F41: 0.432 | G41: 1.217 | H41: 0.256
B44: Total Variable Pay | C44: £m nominal | D44: =SUM(D39:D43) -> 0.879 | E44: =SUM(E39:E43) -> 0.214 | F44: =SUM(F39:F43) -> 0.432 | G44: =SUM(G39:G43) -> 1.217 | H44: =SUM(H39:H43) -> 0.256 | I44: =SUM(I39:I43) -> 0
B45: Allocation to Regulated Business | C45: £m nominal | D45: =D44 -> 0.879 | E45: =E44 -> 0.214 | F45: =F44 -> 0.432 | G45: =G44 -> 1.217 | H45: =H44 -> 0.256 | I45: =I44 -> 0
B47: Total Pay | C47: £m nominal | D47: =SUM(D35,D44) -> 1.892 | E47: =SUM(E35,E44) -> 0.639 | F47: =SUM(F35,F44) -> 1.033 | G47: =SUM(G35,G44) -> 2.405 | H47: =SUM(H35,H44) -> 0.515 | I47: =SUM(I35,I44) -> 0.3
B48: Total Pay related to Regulated Business | C48: £m nominal | D48: =D36+D45 -> 1.892 | E48: =E36+E45 -> 0.639 | F48: =F36+F45 -> 1.033 | G48: =G36+G45 -> 2.405 | H48: =H36+H45 -> 0.515 | I48: =I36+I45 -> 0.3
B50: Shares** / Options
B51: Share ownership/ awards | C51: No. of Shares | D51: 0 | E51: 0 | F51: 0 | G51: 0 | H51: 0 | I51: 0
B52: [Insert new rows here as necessary] | D52: 0 | E52: 0 | F52: 0 | G52: 0 | H52: 0 | I52: 0
B53: % Discount on shares purchased | C53: % | D53: 0 | E53: 0 | F53: 0 | G53: 0 | H53: 0 | I53: 0
B54: % of shares held compared to total authorised shares | C54: % | D54: 0 | E54: 0 | F54: 0 | G54: 0 | H54: 0 | I54: 0
B55: Value of total shares | C55: £m nominal | D55: 0 | E55: 0 | F55: 0 | G55: 0 | H55: 0 | I55: 0
B56: No.of Options held | C56: No. | D56: 0 | E56: 0 | F56: 0 | G56: 0 | H56: 0 | I56: 0
B57: Exercise price | C57: £ | D57: 0 | E57: 0 | F57: 0 | G57: 0 | H57: 0 | I57: 0
B58: No. of options exercised | C58: No. | D58: 0 | E58: 0 | F58: 0 | G58: 0 | H58: 0 | I58: 0
B59: Value of Options exercised | C59: £m nominal | D59: =D57*D58 -> 0 | E59: =E57*E58 -> 0 | F59: =F57*F58 -> 0 | G59: =G57*G58 -> 0 | H59: =H57*H58 -> 0 | I59: =I57*I58 -> 0
B61: Dividends paid | C61: £m nominal | D61: 0 | E61: 0 | F61: 0 | G61: 0 | H61: 0 | I61: 0
B63: Total Shares, Options and Dividends | D63: =D55+D59+D61 -> 0 | E63: =E55+E59+E61 -> 0 | F63: =F55+F59+F61 -> 0 | G63: =G55+G59+G61 -> 0 | H63: =H55+H59+H61 -> 0 | I63: =I55+I59+I61 -> 0
B64: Allocation to Regulated Business | C64: £m nominal | D64: 0 | E64: 0 | F64: 0 | G64: 0 | H64: 0 | I64: 0
B66: Total Remuneration | C66: £m nominal | D66: =D47+D63 -> 1.892 | E66: =E47+E63 -> 0.639 | F66: =F47+F63 -> 1.033 | G66: =G47+G63 -> 2.405 | H66: =H47+H63 -> 0.515 | I66: =I47+I63 -> 0.3
B67: Total Remuneration related to Regulated Business | C67: £m nominal | D67: =D48+D64 -> 1.892 | E67: =E48+E64 -> 0.639 | F67: =F48+F64 -> 1.033 | G67: =G48+G64 -> 2.405 | H67: =H48+H64 -> 0.515 | I67: =I48+I64 -> 0.3
B69: Pay Ratios - CEO's total remuneration to company's UK employees remuneration
B70: 25th percentile | D70: 30.00:1
B71: 50th percentile | D71: 23.42:1
B72: 75th percentile | D72: 18.29:1
A74: *meaning executive board directors
A75: ** in addition to shares under Variable Pay
B77: Supporting Comments

Sheet R10 - Pensions & Oth Activities
A1: R10 - Pensions & Other Activities
A2: =Licensee -> NGET (TO)
A3: =Reporting_Year -> 2026
D5: =IF(D6<=Reporting_Year,"Actuals","Forecast") -> Actuals | E5: =IF(E6<=Reporting_Year,"Actuals","Forecast") -> Actuals | F5: =IF(F6<=Reporting_Year,"Actuals","Forecast") -> Actuals | G5: =IF(G6<=Reporting_Year,"Actuals","Forecast") -> Actuals | H5: =IF(H6<=Reporting_Year,"Actuals","Forecast") -> Actuals
D6: ='RFPR cover'!$C$6 -> 2022 | E6: =D6+1 -> 2023 | F6: =E6+1 -> 2024 | G6: =F6+1 -> 2025 | H6: =G6+1 -> 2026
D7: =RIIO_2_start_date-1&"/"&RIGHT(RIIO_2_start_date,2) -> 2021/22 | E7: =RIIO_2_start_date&"/"&RIGHT(RIIO_2_start_date+1,2) -> 2022/23 | F7: =RIIO_2_start_date+1&"/"&RIGHT(RIIO_2_start_date+2,2) -> 2023/24 | G7: =RIIO_2_start_date+2&"/"&RIGHT(RIIO_2_start_date+3,2) -> 2024/25 | H7: =RIIO_2_start_date+3&"/"&RIGHT(RIIO_2_start_date+4,2) -> 2025/26
B9: Pensions
B12: Licensee share of total pension deficit repair payment made for defined benefit scheme | C12: £m nominal | D12: 39.348487 | E12: 40.802754 | F12: 1.6 | G12: 0 | H12: 0
B13: Of which:
B14: Established deficit element funded via specific allowances | C14: £m nominal | D14: 39.348487 | E14: 40.802754 | F14: 1.6 | G14: 0 | H14: 0
B15: Incremental deficit funded via totex | C15: £m nominal | D15: 0 | E15: 0 | F15: 0 | G15: 0 | H15: 0
B18: Established deficit element funded via specific allowances | C18: =Data!$C$9 -> £m 18/19 | D18: =D$14/INDEX(real_to_nominal_CF,MATCH(D6,calendar_year,0)) -> 36.273124 | E18: =E$14/INDEX(real_to_nominal_CF,MATCH(E6,calendar_year,0)) -> 34.579665 | F18: =F$14/INDEX(real_to_nominal_CF,MATCH(F6,calendar_year,0)) -> 1.2847121 | G18: =G$14/INDEX(real_to_nominal_CF,MATCH(G6,calendar_year,0)) -> 0 | H18: =H$14/INDEX(real_to_nominal_CF,MATCH(H6,calendar_year,0)) -> 0
B21: Established deficit (EDE) allowance as per latest PCFM | C21: =Data!$C$9 -> £m 18/19 | D21: 31.5 | E21: 31.1 | F21: 12.6 | G21: -1.2 | H21: -1.2
B22: Less Pension Payment History Allowance (PPH) | C22: =Data!$C$9 -> £m 18/19 | D22: -5.6 | E22: -5.6 | F22: -5.5 | G22: -0.9 | H22: -0.8
B23: Established deficit allowance less PPH | C23: =Data!$C$9 -> £m 18/19 | D23: =D21-D22 -> 37.1 | E23: =E21-E22 -> 36.7 | F23: =F21-F22 -> 18.1 | G23: =G21-G22 -> -0.3 | H23: =H21-H22 -> -0.4
D25: Enter valuation date
B28: Latest pension scheme valuation | D28: 31/3/2022
B30: Price base | D30: 2022
B33: Total Liabilities attributable to post cut-off date notional sub fund | C33: ="£m "&$D$30 -> £m 2022 | D33: 398.5
B34: Total Liabilities attributable to pre cut-off date notional sub fund | C34: ="£m "&$D$30 -> £m 2022 | D34: 3024.7
B36: Total Assets attributable to post cut-off date notional sub fund | C36: ="£m "&$D$30 -> £m 2022 | D36: 402
B37: Total Assets attributable to pre cut-off date notional sub fund | C37: ="£m "&$D$30 -> £m 2022 | D37: 2961.3
B39: Deficit in the post Cut-Off Date Notional Sub-Fund | C39: ="£m "&$D$30 -> £m 2022 | D39: =D33-D36 -> -3.5
B40: Deficit in the pre Cut-Off Date Notional Sub-Fund | C40: ="£m "&$D$30 -> £m 2022 | D40: =D34-D37 -> 63.4
B42: Licensee element of established deficit | C42: ="£m "&$D$30 -> £m 2022 | D42: 42.9
B43: Licensee element of incremental deficit | C43: ="£m "&$D$30 -> £m 2022 | D43: -2.5
B47: Other Activities
D51: =IF(D52<=Reporting_Year,"Actuals","Forecast") -> Actuals | E51: =IF(E52<=Reporting_Year,"Actuals","Forecast") -> Actuals | F51: =IF(F52<=Reporting_Year,"Actuals","Forecast") -> Actuals | G51: =IF(G52<=Reporting_Year,"Actuals","Forecast") -> Actuals | H51: =IF(H52<=Reporting_Year,"Actuals","Forecast") -> Actuals
D52: ='RFPR cover'!$C$6 -> 2022 | E52: =D52+1 -> 2023 | F52: =E52+1 -> 2024 | G52: =F52+1 -> 2025 | H52: =G52+1 -> 2026
B54: Post-tax total fines and penalties (including GS payments) | C54: =Data!$C$9 -> £m 18/19 | D54: =(D$62+D$67)/INDEX(real_to_nominal_CF,MATCH('R10 - Pensions & Oth Activities'!D52,calendar_year,0)) -> 0 | E54: =(E$62+E$67)/INDEX(real_to_nominal_CF,MATCH('R10 - Pensions & Oth Activities'!E52,calendar_year,0)) -> 0 | F54: =(F$62+F$67)/INDEX(real_to_nominal_CF,MATCH('R10 - Pensions & Oth Activities'!F52,calendar_year,0)) -> 0 | G54: =(G$62+G$67)/INDEX(real_to_nominal_CF,MATCH('R10 - Pensions & Oth Activities'!G52,calendar_year,0)) -> 0 | H54: =(H$62+H$67)/INDEX(real_to_nominal_CF,MATCH('R10 - Pensions & Oth Activities'!H52,calendar_year,0)) -> 0
B56: Ofgem related fines and penalties
B57: [Insert detail of fine or penalty] | C57: £m nominal | D57: 0 | E57: 0 | F57: 0 | G57: 0 | H57: 0
B58: [Insert detail of fine or penalty] | C58: £m nominal | D58: 0 | E58: 0 | F58: 0 | G58: 0 | H58: 0
B59: [Insert new rows here as necessary] | C59: £m nominal | D59: 0 | E59: 0 | F59: 0 | G59: 0 | H59: 0
B60: Total Ofgem related fines and penalties | C60: £m nominal | D60: =SUM(D57:D59) -> 0 | E60: =SUM(E57:E59) -> 0 | F60: =SUM(F57:F59) -> 0 | G60: =SUM(G57:G59) -> 0 | H60: =SUM(H57:H59) -> 0
B61: Any adjustment for tax | C61: £m nominal | D61: 0 | E61: 0 | F61: 0 | G61: 0 | H61: 0
B62: Post-tax total fines and penalties | C62: £m nominal | D62: =D60-D61 -> 0 | E62: =E60-E61 -> 0 | F62: =F60-F61 -> 0 | G62: =G60-G61 -> 0 | H62: =H60-H61 -> 0
B64: Guaranteed Standard (GS) payments
B65: Total GS payments | C65: £m nominal | D65: 0 | E65: 0 | F65: 0 | G65: 0 | H65: 0
B66: Any adjustment for tax | C66: £m nominal | D66: 0 | E66: 0 | F66: 0 | G66: 0 | H66: 0
B67: Post-tax total GS payments | C67: £m nominal | D67: =D65-D66 -> 0 | E67: =E65-E66 -> 0 | F67: =F65-F66 -> 0 | G67: =G65-G66 -> 0 | H67: =H65-H66 -> 0

Sheet I1 - Universal Data
A1: =MID(CELL("filename",A1),FIND("]",CELL("filename",A1))+1,256) -> I1 - Universal Data
A2: =Licensee -> NGET (TO)
A3: =Sector -> ET2
A5: PCFM year ending | B5: Units | C5: Constant | D5: 2015 | E5: 2016 | F5: 2017 | G5: 2018 | H5: 2019 | I5: 2020 | J5: 2021 | K5: 2022 | L5: 2023 | M5: =L5+1 -> 2024 | N5: =M5+1 -> 2025 | O5: =N5+1 -> 2026 | P5: =O5+1 -> 2027 | Q5: =P5+1 -> 2028 | R5: =Q5+1 -> 2029 | S5: =R5+1 -> 2030 | T5: =S5+1 -> 2031 | ... V5: =U5+1 -> 2033
A7: Inflation and interest rates input
A9: Price Base Year: (enter 2007 for 2006/07) | B9: FY ending | C9: =IF(Price_basis = "£M 18/19", 2019, IF(Price_basis = "£M 20/21", 2021, "NA")) -> 2019
A11: Inflation Forecasts (OBR)
A12: OBR publication date November 2024
A14: Calendar year forecast | B14: calendar year | D14: 2015 | E14: 2016 | F14: 2017 | G14: 2018 | H14: 2019 | I14: 2020 | J14: 2021 | K14: 2022 | L14: 2023 | M14: 2024 | N14: 2025 | O14: 2026 | P14: 2027 | Q14: 2028 | R14: 2029 | S14: 2030 | T14: 2031 | U14: 2032 | V14: 2033
A15: Retail Price Index (RPI) forecast | B15: % | H15: 0.025628885 | I15: 0.015033471 | J15: 0.040452569 | K15: 0.11584699 | L15: 0.096914789 | M15: 0.035849815 | N15: 0.041311095 | O15: 0.030764505 | P15: 0.029831866 | Q15: 0.027839241 | R15: 0.028771944 | S15: 0.022556535 | T15: 0.03 | U15: 0.03 | V15: 0.03
A16: Consumer Prices Index including housing costs (CPIH) forecast | B16: % | H16: 0.017381044 | I16: 0.0098948702 | J16: 0.025183712 | K16: 0.079220487 | L16: 0.06793967 | M16: 0.032715731 | N16: 0.038830688 | O16: 0.025462143 | P16: 0.02110694 | Q16: 0.020363959 | R16: 0.020944596 | S16: 0.021241236 | T16: 0.02 | U16: 0.02 | V16: 0.02
A17: Consumer Prices Index (CPI) forecast | H17: 0.017910206 | I17: 0.0085065403 | J17: 0.02588222 | K17: 0.090667456 | L17: 0.073032807 | M17: 0.025301928 | N17: 0.033730369 | O17: 0.023010531 | P17: 0.019685429 | Q17: 0.019764682 | R17: 0.020201725 | S17: 0.019997327 | T17: 0.019997327 | U17: 0.019997327 | V17: 0.019997327
A19: Price control annual inflation and price indices
A20: Financial year average RPI | B20: index value | D20: =AVERAGEIFS('I2 - Monthly Inflation'!$J:$J,'I2 - Monthly Inflation'!$A:$A,">"&DATE(D$14 - 1, 3, 31),'I2 - Monthly Inflation'!$A:$A,"<"&DATE(D$14, 4, 1)) -> 256.66667 | E20: =AVERAGEIFS('I2 - Monthly Inflation'!$J:$J,'I2 - Monthly Inflation'!$A:$A,">"&DATE(E$14 - 1, 3, 31),'I2 - Monthly Inflation'!$A:$A,"<"&DATE(E$14, 4, 1)) -> 259.43333 | F20: =AVERAGEIFS('I2 - Monthly Inflation'!$J:$J,'I2 - Monthly Inflation'!$A:$A,">"&DATE(F$14 - 1, 3, 31),'I2 - Monthly Inflation'!$A:$A,"<"&DATE(F$14, 4, 1)) -> 264.99167 | G20: =AVERAGEIFS('I2 - Monthly Inflation'!$J:$J,'I2 - Monthly Inflation'!$A:$A,">"&DATE(G$14 - 1, 3, 31),'I2 - Monthly Inflation'!$A:$A,"<"&DATE(G$14, 4, 1)) -> 274.90833 | H20: =AVERAGEIFS('I2 - Monthly Inflation'!$J:$J,'I2 - Monthly Inflation'!$A:$A,">"&DATE(H$14 - 1, 3, 31),'I2 - Monthly Inflation'!$A:$A,"<"&DATE(H$14, 4, 1)) -> 283.30833 | I20: =AVERAGEIFS('I2 - Monthly Inflation'!$J:$J,'I2 - Monthly Inflation'!$A:$A,">"&DATE(I$14 - 1, 3, 31),'I2 - Monthly Inflation'!$A:$A,"<"&DATE(I$14, 4, 1)) -> 290.64167 | J20: =AVERAGEIFS('I2 - Monthly Inflation'!$J:$J,'I2 - Monthly Inflation'!$A:$A,">"&DATE(J$14 - 1, 3, 31),'I2 - Monthly Inflation'!$A:$A,"<"&DATE(J$14, 4, 1)) -> 294.16667 | K20: =AVERAGEIFS('I2 - Monthly Inflation'!$J:$J,'I2 - Monthly Inflation'!$A:$A,">"&DATE(K$14 - 1, 3, 31),'I2 - Monthly Inflation'!$A:$A,"<"&DATE(K$14, 4, 1)) -> 311.15833 | ... V20: =AVERAGEIFS('I2 - Monthly Inflation'!$J:$J,'I2 - Monthly Inflation'!$A:$A,">"&DATE(V$14 - 1, 3, 31),'I2 - Monthly Inflation'!$A:$A,"<"&DATE(V$14, 4, 1)) -> 496.30346
A21: RPI inflation | B21: % | E21: =E20/D20-1 -> 0.010779221 | F21: =F20/E20-1 -> 0.0214249 | G21: =G20/F20-1 -> 0.03742256 | H21: =H20/G20-1 -> 0.03055564 | I21: =I20/H20-1 -> 0.025884637 | J21: =J20/I20-1 -> 0.012128337 | K21: =K20/J20-1 -> 0.05776204 | L21: =L20/K20-1 -> 0.12873939 | ... V21: =V20/U20-1 -> 0.03
A23: Financial year average CPIH | B23: index value | D23: =AVERAGEIFS('I2 - Monthly Inflation'!$I:$I,'I2 - Monthly Inflation'!$A:$A,">"&DATE(D$14 - 1, 3, 31),'I2 - Monthly Inflation'!$A:$A,"<"&DATE(D$14, 4, 1)) -> 99.725 | E23: =AVERAGEIFS('I2 - Monthly Inflation'!$I:$I,'I2 - Monthly Inflation'!$A:$A,">"&DATE(E$14 - 1, 3, 31),'I2 - Monthly Inflation'!$A:$A,"<"&DATE(E$14, 4, 1)) -> 100.16667 | F23: =AVERAGEIFS('I2 - Monthly Inflation'!$I:$I,'I2 - Monthly Inflation'!$A:$A,">"&DATE(F$14 - 1, 3, 31),'I2 - Monthly Inflation'!$A:$A,"<"&DATE(F$14, 4, 1)) -> 101.54167 | G23: =AVERAGEIFS('I2 - Monthly Inflation'!$I:$I,'I2 - Monthly Inflation'!$A:$A,">"&DATE(G$14 - 1, 3, 31),'I2 - Monthly Inflation'!$A:$A,"<"&DATE(G$14, 4, 1)) -> 104.21667 | H23: =AVERAGEIFS('I2 - Monthly Inflation'!$I:$I,'I2 - Monthly Inflation'!$A:$A,">"&DATE(H$14 - 1, 3, 31),'I2 - Monthly Inflation'!$A:$A,"<"&DATE(H$14, 4, 1)) -> 106.43333 | I23: =AVERAGEIFS('I2 - Monthly Inflation'!$I:$I,'I2 - Monthly Inflation'!$A:$A,">"&DATE(I$14 - 1, 3, 31),'I2 - Monthly Inflation'!$A:$A,"<"&DATE(I$14, 4, 1)) -> 108.24167 | J23: =AVERAGEIFS('I2 - Monthly Inflation'!$I:$I,'I2 - Monthly Inflation'!$A:$A,">"&DATE(J$14 - 1, 3, 31),'I2 - Monthly Inflation'!$A:$A,"<"&DATE(J$14, 4, 1)) -> 109.10833 | K23: =AVERAGEIFS('I2 - Monthly Inflation'!$I:$I,'I2 - Monthly Inflation'!$A:$A,">"&DATE(K$14 - 1, 3, 31),'I2 - Monthly Inflation'!$A:$A,"<"&DATE(K$14, 4, 1)) -> 113.11667 | ... V23: =AVERAGEIFS('I2 - Monthly Inflation'!$I:$I,'I2 - Monthly Inflation'!$A:$A,">"&DATE(V$14 - 1, 3, 31),'I2 - Monthly Inflation'!$A:$A,"<"&DATE(V$14, 4, 1)) -> 161.76238
